Workbook

Sheet Смета 12 гр. по ФЕР
A1: =Source!B1 -> Smeta.RU (495) 974-1589
B3: "СОГЛАСОВАНО" | H3: "УТВЕРЖДАЮ"
B6: =CONCATENATE("______________________ ", IF(Source!AL12<>"", Source!AL12, "")) -> ______________________ | H6: =CONCATENATE("______________________ ", IF(Source!AH12<>"", Source!AH12, "")) -> ______________________
B7: "_____"________________ 2018 г. | H7: "_____"________________ 2018 г.
B11: СМЕТА
B12: =IF(Source!G20<>"Новая локальная смета", Source!G20, "")
B14: Выполнение работ по ремонту системы электроснабжения в загородном учебно-спортивном комплексе «база отдыха Волга» НИЯУ МИФИ по адресу: Тверская область, Калининский район, п/о Лисицкий бор, деревня Видогощи.
G17: базовая цена | I17: текущая цена
C18: Сметная стоимость | G18: =SUM(O29:O318)/1000 -> 498.76035 | I18: =(Source!F111/1000) -> 2925.5655 | K18: тыс. руб.
C19: Строительные работы | G19: =SUM(W29:W318)/1000 -> 52.40813 | I19: =(Source!F98)/1000 -> 255.57861 | K19: тыс. руб.
C20: Монтажные работы | G20: =SUM(X29:X318)/1000 -> 441.47383 | I20: =(Source!F99)/1000 -> 2154.3923 | K20: тыс. руб.
C21: Оборудование | G21: =SUM(Y29:Y318)/1000 -> 0 | I21: =(Source!F90)/1000 -> 0 | K21: тыс. руб.
C22: Прочие работы | G22: =SUM(Z29:Z318)/1000 -> 4.87839 | I22: =(Source!F100+Source!F101)/1000 -> 69.32186 | K22: тыс. руб.
C23: Нормативная трудоемкость | G23: =I23 -> 2929.941 | I23: =(Source!F103+Source!F104) -> 2929.941 | K23: чел. -ч.
C24: Средства на оплату труда | G24: =SUM(R29:R318)/1000 -> 27.11317 | I24: =(Source!F96+ Source!F95)/1000 -> 154.51486 | K24: тыс. руб.
A26: Составлена в ценах III квартал 2018 года
A27: № п/п | B27: Шифр расценки и коды ресурсов | C27: Наименование работ и затрат | D27: Ед. изм. | E27: Кол-во единиц | F27: Цена на ед. изм. | G27: Попра-вочные коэфф. | H27: Стоимость в ценах 2001г. | I27: Пункт коэфф. пересчета | J27: Коэфф. пересчета | K27: Стоимость в текущих ценах | L27: ЗТР всего чел.-час
A28: 1 | B28: 2 | C28: 3 | D28: 4 | E28: 5 | F28: 6 | G28: 7 | H28: 8 | I28: 9 | J28: 10 | K28: 11 | L28: 12
A29: =Source!E24 -> 1 | B29: =Source!F24 -> м08-01-011-02 | C29: =Source!G24 -> Демонтаж: Разъединитель трехполюсный напряжением 35 кВ, на ток 1000А с одним или двумя заземляющими ножами | D29: =Source!H24 -> КОМПЛ | E29: =Source!I24 -> 8 | F29: =Source!AL24+Source!AM24+Source!AO24 -> 893.52 | I29: =Source!BO24 | S29: =ROUND((Source!FX24/100)*((ROUND(Source!AF24*Source!I24, 2)+ROUND(Source!AE24*Source!I24, 2))), 2) -> 793.82 | T29: =Source!X24 -> 3873.83 | U29: =ROUND((Source!FY24/100)*((ROUND(Source!AF24*Source!I24, 2)+ROUND(Source!AE24*Source!I24, 2))), 2) -> 543.14 | V29: =Source!Y24 -> 2650.52
C30: Зарплата | F30: =Source!AO24 -> 302.07 | G30: =Source!DG24 -> )*0,3 | H30: =ROUND(Source!AF24*Source!I24, 2) -> 724.96 | J30: =IF(Source!BA24<> 0, Source!BA24, 1) -> 4.88 | K30: =Source!S24 -> 3537.8 | R30: =H30 -> 724.96
C31: Эксплуатация машин | F31: =Source!AM24 -> 396.99 | G31: =Source!DE24 -> )*0,3 | H31: =ROUND(Source!AD24*Source!I24, 2) -> 952.8 | J31: =IF(Source!BB24<> 0, Source!BB24, 1) -> 4.88 | K31: =Source!Q24 -> 4649.66
C32: в т.ч. зарплата машинистов | F32: =Source!AN24 -> 46.1 | G32: =Source!DF24 -> )*0,3 | H32: =ROUND(Source!AE24*Source!I24, 2) -> 110.64 | J32: =IF(Source!BS24<> 0, Source!BS24, 1) -> 4.88 | K32: =Source!R24 -> 539.92 | R32: =H32 -> 110.64
C33: НР от ФОТ | D33: % | E33: =Source!BZ24 -> 95 | H33: =SUM(S29:S35) -> 793.82 | J33: =Source!AT24 -> 95 | K33: =SUM(T29:T35) -> 3873.83
C34: СП от ФОТ | D34: % | E34: =Source!CA24 -> 65 | H34: =SUM(U29:U35) -> 543.14 | J34: =Source!AU24 -> 65 | K34: =SUM(V29:V35) -> 2650.52
C35: Затраты труда | D35: чел-ч | E35: =Source!AQ24 -> 31.4 | G35: =Source!DI24 -> )*0,3 | L35: =Source!U24 -> 75.36
G36: =H30+H31+H33+H34 -> 3014.72 | J36: =K30+K31+K33+K34 -> 14711.81 | L36: =Source!U24 -> 75.36 | O36: =G36 -> 3014.72 | P36: =J36 -> 14711.81 | Q36: =L36 -> 75.36 | W36: =IF(Source!BI24<=1,H30+H31+H33+H34, 0) -> 0 | X36: =IF(Source!BI24=2,H30+H31+H33+H34, 0) -> 3014.72 | Y36: =IF(Source!BI24=3,H30+H31+H33+H34, 0) -> 0 | Z36: =IF(Source!BI24=4,H30+H31+H33+H34, 0) -> 0
A37: =Source!E25 -> 2 | B37: =Source!F25 -> м08-02-374-03 прим. | C37: =Source!G25 -> Демонтаж: Устройство ввода в здание в стальной трубе, провод сечением до 16 мм2, количество проводов в линии 4 | D37: =Source!H25 -> ШТ | E37: =Source!I25 -> 18 | F37: =Source!AL25+Source!AM25+Source!AO25 -> 585.11 | I37: =Source!BO25 | S37: =ROUND((Source!FX25/100)*((ROUND(Source!AF25*Source!I25, 2)+ROUND(Source!AE25*Source!I25, 2))), 2) -> 488.38 | T37: =Source!X25 -> 2383.27 | U37: =ROUND((Source!FY25/100)*((ROUND(Source!AF25*Source!I25, 2)+ROUND(Source!AE25*Source!I25, 2))), 2) -> 334.15 | V37: =Source!Y25 -> 1630.66
C38: Зарплата | F38: =Source!AO25 -> 44.84 | G38: =Source!DG25 -> )*0,3 | H38: =ROUND(Source!AF25*Source!I25, 2) -> 242.1 | J38: =IF(Source!BA25<> 0, Source!BA25, 1) -> 4.88 | K38: =Source!S25 -> 1181.45 | R38: =H38 -> 242.1
C39: Эксплуатация машин | F39: =Source!AM25 -> 531.2 | G39: =Source!DE25 -> )*0,3 | H39: =ROUND(Source!AD25*Source!I25, 2) -> 2868.66 | J39: =IF(Source!BB25<> 0, Source!BB25, 1) -> 4.88 | K39: =Source!Q25 -> 13999.06
C40: в т.ч. зарплата машинистов | F40: =Source!AN25 -> 50.35 | G40: =Source!DF25 -> )*0,3 | H40: =ROUND(Source!AE25*Source!I25, 2) -> 271.98 | J40: =IF(Source!BS25<> 0, Source!BS25, 1) -> 4.88 | K40: =Source!R25 -> 1327.26 | R40: =H40 -> 271.98
C41: НР от ФОТ | D41: % | E41: =Source!BZ25 -> 95 | H41: =SUM(S37:S43) -> 488.38 | J41: =Source!AT25 -> 95 | K41: =SUM(T37:T43) -> 2383.27
C42: СП от ФОТ | D42: % | E42: =Source!CA25 -> 65 | H42: =SUM(U37:U43) -> 334.15 | J42: =Source!AU25 -> 65 | K42: =SUM(V37:V43) -> 1630.66
C43: Затраты труда | D43: чел-ч | E43: =Source!AQ25 -> 4.27 | G43: =Source!DI25 -> )*0,3 | L43: =Source!U25 -> 23.058
G44: =H38+H39+H41+H42 -> 3933.29 | J44: =K38+K39+K41+K42 -> 19194.44 | L44: =Source!U25 -> 23.058 | O44: =G44 -> 3933.29 | P44: =J44 -> 19194.44 | Q44: =L44 -> 23.058 | W44: =IF(Source!BI25<=1,H38+H39+H41+H42, 0) -> 0 | X44: =IF(Source!BI25=2,H38+H39+H41+H42, 0) -> 3933.29 | Y44: =IF(Source!BI25=3,H38+H39+H41+H42, 0) -> 0 | Z44: =IF(Source!BI25=4,H38+H39+H41+H42, 0) -> 0
A45: =Source!E26 -> 3 | B45: =Source!F26 -> м08-03-530-05 | C45: =Source!G26 -> Демонтаж:Пускатель магнитный общего назначения отдельно стоящий, устанавливаемый на конструкции на стене или колонне, на ток до 100 А | D45: =Source!H26 -> ШТ | E45: =Source!I26 -> 1 | F45: =Source!AL26+Source!AM26+Source!AO26 -> 104.51 | I45: =Source!BO26 | S45: =ROUND((Source!FX26/100)*((ROUND(Source!AF26*Source!I26, 2)+ROUND(Source!AE26*Source!I26, 2))), 2) -> 10.3 | T45: =Source!X26 -> 50.26 | U45: =ROUND((Source!FY26/100)*((ROUND(Source!AF26*Source!I26, 2)+ROUND(Source!AE26*Source!I26, 2))), 2) -> 7.05 | V45: =Source!Y26 -> 34.39
C46: Зарплата | F46: =Source!AO26 -> 35.86 | G46: =Source!DG26 -> )*0,3 | H46: =ROUND(Source!AF26*Source!I26, 2) -> 10.76 | J46: =IF(Source!BA26<> 0, Source!BA26, 1) -> 4.88 | K46: =Source!S26 -> 52.51 | R46: =H46 -> 10.76
C47: Эксплуатация машин | F47: =Source!AM26 -> 3.05 | G47: =Source!DE26 -> )*0,3 | H47: =ROUND(Source!AD26*Source!I26, 2) -> 0.92 | J47: =IF(Source!BB26<> 0, Source!BB26, 1) -> 4.88 | K47: =Source!Q26 -> 4.49
C48: в т.ч. зарплата машинистов | F48: =Source!AN26 -> 0.26 | G48: =Source!DF26 -> )*0,3 | H48: =ROUND(Source!AE26*Source!I26, 2) -> 0.08 | J48: =IF(Source!BS26<> 0, Source!BS26, 1) -> 4.88 | K48: =Source!R26 -> 0.39 | R48: =H48 -> 0.08
C49: НР от ФОТ | D49: % | E49: =Source!BZ26 -> 95 | H49: =SUM(S45:S51) -> 10.3 | J49: =Source!AT26 -> 95 | K49: =SUM(T45:T51) -> 50.26
C50: СП от ФОТ | D50: % | E50: =Source!CA26 -> 65 | H50: =SUM(U45:U51) -> 7.05 | J50: =Source!AU26 -> 65 | K50: =SUM(V45:V51) -> 34.39
C51: Затраты труда | D51: чел-ч | E51: =Source!AQ26 -> 3.86 | G51: =Source!DI26 -> )*0,3 | L51: =Source!U26 -> 1.158
G52: =H46+H47+H49+H50 -> 29.03 | J52: =K46+K47+K49+K50 -> 141.65 | L52: =Source!U26 -> 1.158 | O52: =G52 -> 29.03 | P52: =J52 -> 141.65 | Q52: =L52 -> 1.158 | W52: =IF(Source!BI26<=1,H46+H47+H49+H50, 0) -> 0 | X52: =IF(Source!BI26=2,H46+H47+H49+H50, 0) -> 29.03 | Y52: =IF(Source!BI26=3,H46+H47+H49+H50, 0) -> 0 | Z52: =IF(Source!BI26=4,H46+H47+H49+H50, 0) -> 0
A53: =Source!E27 -> 4 | B53: =Source!F27 -> 67-3-1 | C53: =Source!G27 -> Демонтаж кабеля | D53: =Source!H27 -> 100 м | E53: =Source!I27 -> 0.18 | F53: =Source!AL27+Source!AM27+Source!AO27 -> 75.5 | I53: =Source!BO27 | S53: =ROUND((Source!FX27/100)*((ROUND(Source!AF27*Source!I27, 2)+ROUND(Source!AE27*Source!I27, 2))), 2) -> 11.53 | T53: =Source!X27 -> 56.24 | U53: =ROUND((Source!FY27/100)*((ROUND(Source!AF27*Source!I27, 2)+ROUND(Source!AE27*Source!I27, 2))), 2) -> 8.81 | V53: =Source!Y27 -> 43.01
C54: ="Объем: "&Source!I27&"=18/"&"100" -> Объем: 0,18=18/100
C55: Зарплата | F55: =Source!AO27 -> 75.19 | G55: =Source!DG27 | H55: =ROUND(Source!AF27*Source!I27, 2) -> 13.53 | J55: =IF(Source!BA27<> 0, Source!BA27, 1) -> 4.88 | K55: =Source!S27 -> 66.05 | R55: =H55 -> 13.53
C56: Эксплуатация машин | F56: =Source!AM27 -> 0.31 | G56: =Source!DE27 | H56: =ROUND(Source!AD27*Source!I27, 2) -> 0.06 | J56: =IF(Source!BB27<> 0, Source!BB27, 1) -> 4.88 | K56: =Source!Q27 -> 0.27
C57: в т.ч. зарплата машинистов | F57: =Source!AN27 -> 0.14 | G57: =Source!DF27 | H57: =ROUND(Source!AE27*Source!I27, 2) -> 0.03 | J57: =IF(Source!BS27<> 0, Source!BS27, 1) -> 4.88 | K57: =Source!R27 -> 0.12 | R57: =H57 -> 0.03
C58: НР от ФОТ | D58: % | E58: =Source!BZ27 -> 85 | H58: =SUM(S53:S60) -> 11.53 | J58: =Source!AT27 -> 85 | K58: =SUM(T53:T60) -> 56.24
C59: СП от ФОТ | D59: % | E59: =Source!CA27 -> 65 | H59: =SUM(U53:U60) -> 8.81 | J59: =Source!AU27 -> 65 | K59: =SUM(V53:V60) -> 43.01
C60: Затраты труда | D60: чел-ч | E60: =Source!AQ27 -> 9.64 | G60: =Source!DI27 | L60: =Source!U27 -> 1.7352
G61: =H55+H56+H58+H59 -> 33.93 | J61: =K55+K56+K58+K59 -> 165.57 | L61: =Source!U27 -> 1.7352 | O61: =G61 -> 33.93 | P61: =J61 -> 165.57 | Q61: =L61 -> 1.7352 | W61: =IF(Source!BI27<=1,H55+H56+H58+H59, 0) -> 33.93 | X61: =IF(Source!BI27=2,H55+H56+H58+H59, 0) -> 0 | Y61: =IF(Source!BI27=3,H55+H56+H58+H59, 0) -> 0 | Z61: =IF(Source!BI27=4,H55+H56+H58+H59, 0) -> 0
A62: =Source!E28 -> 5 | B62: =Source!F28 -> м08-02-370-01 | C62: =Source!G28 -> Демонтаж: Щиток до трех групп, устанавливаемый в обхват колонн | D62: =Source!H28 -> ШТ | E62: =Source!I28 -> 8 | F62: =Source!AL28+Source!AM28+Source!AO28 -> 32.99 | I62: =Source!BO28 | S62: =ROUND((Source!FX28/100)*((ROUND(Source!AF28*Source!I28, 2)+ROUND(Source!AE28*Source!I28, 2))), 2) -> 26.3 | T62: =Source!X28 -> 128.33 | U62: =ROUND((Source!FY28/100)*((ROUND(Source!AF28*Source!I28, 2)+ROUND(Source!AE28*Source!I28, 2))), 2) -> 17.99 | V62: =Source!Y28 -> 87.8
C63: Зарплата | F63: =Source!AO28 -> 9.03 | G63: =Source!DG28 -> )*0,3 | H63: =ROUND(Source!AF28*Source!I28, 2) -> 21.68 | J63: =IF(Source!BA28<> 0, Source!BA28, 1) -> 4.88 | K63: =Source!S28 -> 105.8 | R63: =H63 -> 21.68
C64: Эксплуатация машин | F64: =Source!AM28 -> 17.77 | G64: =Source!DE28 -> )*0,3 | H64: =ROUND(Source!AD28*Source!I28, 2) -> 42.64 | J64: =IF(Source!BB28<> 0, Source!BB28, 1) -> 4.88 | K64: =Source!Q28 -> 208.08
C65: в т.ч. зарплата машинистов | F65: =Source!AN28 -> 2.51 | G65: =Source!DF28 -> )*0,3 | H65: =ROUND(Source!AE28*Source!I28, 2) -> 6 | J65: =IF(Source!BS28<> 0, Source!BS28, 1) -> 4.88 | K65: =Source!R28 -> 29.28 | R65: =H65 -> 6
C66: НР от ФОТ | D66: % | E66: =Source!BZ28 -> 95 | H66: =SUM(S62:S68) -> 26.3 | J66: =Source!AT28 -> 95 | K66: =SUM(T62:T68) -> 128.33
C67: СП от ФОТ | D67: % | E67: =Source!CA28 -> 65 | H67: =SUM(U62:U68) -> 17.99 | J67: =Source!AU28 -> 65 | K67: =SUM(V62:V68) -> 87.8
C68: Затраты труда | D68: чел-ч | E68: =Source!AQ28 -> 0.86 | G68: =Source!DI28 -> )*0,3 | L68: =Source!U28 -> 2.064
G69: =H63+H64+H66+H67 -> 108.61 | J69: =K63+K64+K66+K67 -> 530.01 | L69: =Source!U28 -> 2.064 | O69: =G69 -> 108.61 | P69: =J69 -> 530.01 | Q69: =L69 -> 2.064 | W69: =IF(Source!BI28<=1,H63+H64+H66+H67, 0) -> 0 | X69: =IF(Source!BI28=2,H63+H64+H66+H67, 0) -> 108.61 | Y69: =IF(Source!BI28=3,H63+H64+H66+H67, 0) -> 0 | Z69: =IF(Source!BI28=4,H63+H64+H66+H67, 0) -> 0
A70: =Source!E29 -> 6 | B70: =Source!F29 -> 01-02-055-02 | C70: =Source!G29 -> Разработка грунта вручную с креплениями в траншеях шириной до 2 м, глубиной до 2 м, группа грунтов 2 | D70: =Source!H29 -> 100 м3 | E70: =Source!I29 -> 9.2 | F70: =Source!AL29+Source!AM29+Source!AO29 -> 1583.82 | I70: =Source!BO29 | S70: =ROUND((Source!FX29/100)*((ROUND(Source!AF29*Source!I29, 2)+ROUND(Source!AE29*Source!I29, 2))), 2) -> 10491.22 | T70: =Source!X29 -> 51197.17 | U70: =ROUND((Source!FY29/100)*((ROUND(Source!AF29*Source!I29, 2)+ROUND(Source!AE29*Source!I29, 2))), 2) -> 5573.46 | V70: =Source!Y29 -> 27020.73
C71: ="Объем: "&Source!I29&"=920/"&"100" -> Объем: 9,2=920/100
C72: Зарплата | F72: =Source!AO29 -> 1583.82 | G72: =Source!DG29 | H72: =ROUND(Source!AF29*Source!I29, 2) -> 14571.14 | J72: =IF(Source!BA29<> 0, Source!BA29, 1) -> 4.88 | K72: =Source!S29 -> 71107.18 | R72: =H72 -> 14571.14
C73: НР от ФОТ | D73: % | E73: =Source!BZ29 -> 80 | F73: =CONCATENATE(" )", Source!DL29, Source!FT29, "=", Source!FX29) -> )*0,9=72 | H73: =SUM(S70:S75) -> 10491.22 | J73: =Source!AT29 -> 72 | K73: =SUM(T70:T75) -> 51197.17
C74: СП от ФОТ | D74: % | E74: =Source!CA29 -> 45 | F74: =CONCATENATE(" )", Source!DM29, Source!FU29, "=", Source!FY29) -> )*0,85=38,25 | H74: =SUM(U70:U75) -> 5573.46 | J74: =Source!AU29 -> 38 | K74: =SUM(V70:V75) -> 27020.73
C75: Затраты труда | D75: чел-ч | E75: =Source!AQ29 -> 189 | G75: =Source!DI29 | L75: =Source!U29 -> 1738.8
G76: =H72+H73+H74 -> 30635.82 | J76: =K72+K73+K74 -> 149325.08 | L76: =Source!U29 -> 1738.8 | O76: =G76 -> 30635.82 | P76: =J76 -> 149325.08 | Q76: =L76 -> 1738.8 | W76: =IF(Source!BI29<=1,H72+H73+H74, 0) -> 30635.82 | X76: =IF(Source!BI29=2,H72+H73+H74, 0) -> 0 | Y76: =IF(Source!BI29=3,H72+H73+H74, 0) -> 0 | Z76: =IF(Source!BI29=4,H72+H73+H74, 0) -> 0
A77: =Source!E30 -> 7 | B77: =Source!F30 -> 46-03-007-02 | C77: =Source!G30 -> Пробивка проемов в конструкциях из бетона | D77: =Source!H30 -> м3 | E77: =Source!I30 -> 0.12 | F77: =Source!AL30+Source!AM30+Source!AO30 -> 654.12 | I77: =Source!BO30 | S77: =ROUND((Source!FX30/100)*((ROUND(Source!AF30*Source!I30, 2)+ROUND(Source!AE30*Source!I30, 2))), 2) -> 29.42 | T77: =Source!X30 -> 143.58 | U77: =ROUND((Source!FY30/100)*((ROUND(Source!AF30*Source!I30, 2)+ROUND(Source!AE30*Source!I30, 2))), 2) -> 17.68 | V77: =Source!Y30 -> 87.02
C78: Зарплата | F78: =Source!AO30 -> 247.66 | G78: =Source!DG30 | H78: =ROUND(Source!AF30*Source!I30, 2) -> 29.72 | J78: =IF(Source!BA30<> 0, Source!BA30, 1) -> 4.88 | K78: =Source!S30 -> 145.03 | R78: =H78 -> 29.72
C79: Эксплуатация машин | F79: =Source!AM30 -> 406.46 | G79: =Source!DE30 | H79: =ROUND(Source!AD30*Source!I30, 2) -> 48.78 | J79: =IF(Source!BB30<> 0, Source!BB30, 1) -> 4.88 | K79: =Source!Q30 -> 238.02
C80: НР от ФОТ | D80: % | E80: =Source!BZ30 -> 110 | F80: =CONCATENATE(" )", Source!DL30, Source!FT30, "=", Source!FX30) -> )*0,9=99 | H80: =SUM(S77:S82) -> 29.42 | J80: =Source!AT30 -> 99 | K80: =SUM(T77:T82) -> 143.58
C81: СП от ФОТ | D81: % | E81: =Source!CA30 -> 70 | F81: =CONCATENATE(" )", Source!DM30, Source!FU30, "=", Source!FY30) -> )*0,85=59,5 | H81: =SUM(U77:U82) -> 17.68 | J81: =Source!AU30 -> 60 | K81: =SUM(V77:V82) -> 87.02
C82: Затраты труда | D82: чел-ч | E82: =Source!AQ30 -> 27.61 | G82: =Source!DI30 | L82: =Source!U30 -> 3.3132
G83: =H78+H79+H80+H81 -> 125.6 | J83: =K78+K79+K80+K81 -> 613.65 | L83: =Source!U30 -> 3.3132 | O83: =G83 -> 125.6 | P83: =J83 -> 613.65 | Q83: =L83 -> 3.3132 | W83: =IF(Source!BI30<=1,H78+H79+H80+H81, 0) -> 125.6 | X83: =IF(Source!BI30=2,H78+H79+H80+H81, 0) -> 0 | Y83: =IF(Source!BI30=3,H78+H79+H80+H81, 0) -> 0 | Z83: =IF(Source!BI30=4,H78+H79+H80+H81, 0) -> 0
A84: =Source!E31 -> 8 | B84: =Source!F31 -> 08-02-001-09 | C84: =Source!G31 -> Кладка стен приямков и каналов | D84: =Source!H31 -> м3 | E84: =Source!I31 -> 7.4 | F84: =Source!AL31+Source!AM31+Source!AO31 -> 212.2 | I84: =Source!BO31 | S84: =ROUND((Source!FX31/100)*((ROUND(Source!AF31*Source!I31, 2)+ROUND(Source!AE31*Source!I31, 2))), 2) -> 599.07 | T84: =Source!X31 -> 2928.79 | U84: =ROUND((Source!FY31/100)*((ROUND(Source!AF31*Source!I31, 2)+ROUND(Source!AE31*Source!I31, 2))), 2) -> 371.01 | V84: =Source!Y31 -> 1810.53
C85: Зарплата | F85: =Source!AO31 -> 58.83 | G85: =Source!DG31 -> )*1,15 | H85: =ROUND(Source!AF31*Source!I31, 2) -> 500.61 | J85: =IF(Source!BA31<> 0, Source!BA31, 1) -> 4.88 | K85: =Source!S31 -> 2442.98 | R85: =H85 -> 500.61
C86: Эксплуатация машин | F86: =Source!AM31 -> 31.1 | G86: =Source!DE31 -> )*1,25 | H86: =ROUND(Source!AD31*Source!I31, 2) -> 287.71 | J86: =IF(Source!BB31<> 0, Source!BB31, 1) -> 4.88 | K86: =Source!Q31 -> 1404.03
C87: в т.ч. зарплата машинистов | F87: =Source!AN31 -> 4.86 | G87: =Source!DF31 -> )*1,25 | H87: =ROUND(Source!AE31*Source!I31, 2) -> 44.99 | J87: =IF(Source!BS31<> 0, Source!BS31, 1) -> 4.88 | K87: =Source!R31 -> 219.56 | R87: =H87 -> 44.99
C88: Материальные ресурсы | F88: =Source!AL31 -> 122.27 | G88: =Source!DD31 | H88: =ROUND(Source!AC31*Source!I31, 2) -> 904.8 | J88: =IF(Source!BC31<> 0, Source!BC31, 1) -> 4.88 | K88: =Source!P31 -> 4415.41
C89: НР от ФОТ | D89: % | E89: =Source!BZ31 -> 122 | F89: =CONCATENATE(" )", Source!DL31, Source!FT31, "=", Source!FX31) -> )*0,9=109,8 | H89: =SUM(S84:S92) -> 599.07 | J89: =Source!AT31 -> 110 | K89: =SUM(T84:T92) -> 2928.79
C90: СП от ФОТ | D90: % | E90: =Source!CA31 -> 80 | F90: =CONCATENATE(" )", Source!DM31, Source!FU31, "=", Source!FY31) -> )*0,85=68 | H90: =SUM(U84:U92) -> 371.01 | J90: =Source!AU31 -> 68 | K90: =SUM(V84:V92) -> 1810.53
C91: Затраты труда | D91: чел-ч | E91: =Source!AQ31 -> 7.08 | G91: =Source!DI31 -> )*1,15 | L91: =Source!U31 -> 60.2508
A92: =Source!E32 -> 8,1 | B92: =Source!F32 -> 06.1.01.05 | C92: =Source!G32 -> Кирпич керамический, силикатный или пустотелый | D92: =Source!H32 -> 1000 шт. | E92: =Source!I32 -> 2.96 | F92: =Source!AL32+Source!AM32+Source!AO32 -> 0 | H92: =ROUND(Source!AC32*Source!I32, 2)+ROUND(Source!AD32*Source!I32, 2)+ROUND(Source!AF32*Source!I32, 2) -> 0 | J92: =IF(Source!BC32<> 0, Source!BC32, 1) -> 4.88 | K92: =Source!O32 -> 0 | S92: =ROUND((Source!FX32/100)*((ROUND(Source!AF32*Source!I32, 2)+ROUND(Source!AE32*Source!I32, 2))), 2) -> 0 | T92: =Source!X32 -> 0 | U92: =ROUND((Source!FY32/100)*((ROUND(Source!AF32*Source!I32, 2)+ROUND(Source!AE32*Source!I32, 2))), 2) -> 0 | V92: =Source!Y32 -> 0 | W92: =IF(Source!BI32<=1,H92, 0) -> 0 | X92: =IF(Source!BI32=2,H92, 0) -> 0 | Y92: =IF(Source!BI32=3,H92, 0) -> 0 | Z92: =IF(Source!BI32=4,H92, 0) -> 0
G93: =H85+H86+H88+H89+H90+SUM(H92:H92) -> 2663.2 | J93: =K85+K86+K88+K89+K90+SUM(K92:K92) -> 13001.74 | L93: =Source!U31 -> 60.2508 | O93: =G93 -> 2663.2 | P93: =J93 -> 13001.74 | Q93: =L93 -> 60.2508 | W93: =IF(Source!BI31<=1,H85+H86+H88+H89+H90, 0) -> 2663.2 | X93: =IF(Source!BI31=2,H85+H86+H88+H89+H90, 0) -> 0 | Y93: =IF(Source!BI31=3,H85+H86+H88+H89+H90, 0) -> 0 | Z93: =IF(Source!BI31=4,H85+H86+H88+H89+H90, 0) -> 0
A94: =Source!E33 -> 9 | B94: =Source!F33 -> 07-06-002-06 | C94: =Source!G33 -> Устройство плит перекрытий каналов площадью до 1 м2 | D94: =Source!H33 -> 100 ШТ | E94: =Source!I33 -> 0.1 | F94: =Source!AL33+Source!AM33+Source!AO33 -> 6289.69 | I94: =Source!BO33 | S94: =ROUND((Source!FX33/100)*((ROUND(Source!AF33*Source!I33, 2)+ROUND(Source!AE33*Source!I33, 2))), 2) -> 241.11 | T94: =Source!X33 -> 1176.6 | U94: =ROUND((Source!FY33/100)*((ROUND(Source!AF33*Source!I33, 2)+ROUND(Source!AE33*Source!I33, 2))), 2) -> 148.89 | V94: =Source!Y33 -> 724.06
C95: ="Объем: "&Source!I33&"=10/"&"100" -> Объем: 0,1=10/100
C96: Зарплата | F96: =Source!AO33 -> 1011.72 | G96: =Source!DG33 -> )*1,15 | H96: =ROUND(Source!AF33*Source!I33, 2) -> 116.35 | J96: =IF(Source!BA33<> 0, Source!BA33, 1) -> 4.88 | K96: =Source!S33 -> 567.78 | R96: =H96 -> 116.35
C97: Эксплуатация машин | F97: =Source!AM33 -> 5151.64 | G97: =Source!DE33 -> )*1,25 | H97: =ROUND(Source!AD33*Source!I33, 2) -> 643.96 | J97: =IF(Source!BB33<> 0, Source!BB33, 1) -> 4.88 | K97: =Source!Q33 -> 3142.5
C98: в т.ч. зарплата машинистов | F98: =Source!AN33 -> 717.8 | G98: =Source!DF33 -> )*1,25 | H98: =ROUND(Source!AE33*Source!I33, 2) -> 89.73 | J98: =IF(Source!BS33<> 0, Source!BS33, 1) -> 4.88 | K98: =Source!R33 -> 437.86 | R98: =H98 -> 89.73
C99: Материальные ресурсы | F99: =Source!AL33 -> 126.33 | G99: =Source!DD33 | H99: =ROUND(Source!AC33*Source!I33, 2) -> 12.63 | J99: =IF(Source!BC33<> 0, Source!BC33, 1) -> 4.88 | K99: =Source!P33 -> 61.65
C100: НР от ФОТ | D100: % | E100: =Source!BZ33 -> 130 | F100: =CONCATENATE(" )", Source!DL33, Source!FT33, "=", Source!FX33) -> )*0,9=117 | H100: =SUM(S94:S104) -> 241.11 | J100: =Source!AT33 -> 117 | K100: =SUM(T94:T104) -> 1176.6
C101: СП от ФОТ | D101: % | E101: =Source!CA33 -> 85 | F101: =CONCATENATE(" )", Source!DM33, Source!FU33, "=", Source!FY33) -> )*0,85=72,25 | H101: =SUM(U94:U104) -> 148.89 | J101: =Source!AU33 -> 72 | K101: =SUM(V94:V104) -> 724.06
C102: Затраты труда | D102: чел-ч | E102: =Source!AQ33 -> 107.63 | G102: =Source!DI33 -> )*1,15 | L102: =Source!U33 -> 12.37745
A103: =Source!E34 -> 9,1 | B103: =Source!F34 -> 05.1.01.12-0010 | C103: =Source!G34 -> Плиты перекрытия лотков и каналов ПО-1 /бетон В25 (М350), объем 0,7 м3, расход арматуры 54,4 кг/ (серия 3.006.1-2/82.1) | D103: =Source!H34 -> шт. | E103: =Source!I34 -> 10 | F103: =Source!AL34+Source!AM34+Source!AO34 -> 1587.07 | H103: =ROUND(Source!AC34*Source!I34, 2)+ROUND(Source!AD34*Source!I34, 2)+ROUND(Source!AF34*Source!I34, 2) -> 15870.7 | J103: =IF(Source!BC34<> 0, Source!BC34, 1) -> 4.88 | K103: =Source!O34 -> 77449.02 | S103: =ROUND((Source!FX34/100)*((ROUND(Source!AF34*Source!I34, 2)+ROUND(Source!AE34*Source!I34, 2))), 2) -> 0 | T103: =Source!X34 -> 0 | U103: =ROUND((Source!FY34/100)*((ROUND(Source!AF34*Source!I34, 2)+ROUND(Source!AE34*Source!I34, 2))), 2) -> 0 | V103: =Source!Y34 -> 0 | W103: =IF(Source!BI34<=1,H103, 0) -> 15870.7 | X103: =IF(Source!BI34=2,H103, 0) -> 0 | Y103: =IF(Source!BI34=3,H103, 0) -> 0 | Z103: =IF(Source!BI34=4,H103, 0) -> 0
A104: =Source!E35 -> 9,2 | B104: =Source!F35 -> 05.1.08.14 | C104: =Source!G35 -> Конструкции сборные железобетонные | D104: =Source!H35 -> шт. | E104: =Source!I35 -> 10 | F104: =Source!AL35+Source!AM35+Source!AO35 -> 0 | H104: =ROUND(Source!AC35*Source!I35, 2)+ROUND(Source!AD35*Source!I35, 2)+ROUND(Source!AF35*Source!I35, 2) -> 0 | J104: =IF(Source!BC35<> 0, Source!BC35, 1) -> 4.88 | K104: =Source!O35 -> 0 | S104: =ROUND((Source!FX35/100)*((ROUND(Source!AF35*Source!I35, 2)+ROUND(Source!AE35*Source!I35, 2))), 2) -> 0 | T104: =Source!X35 -> 0 | U104: =ROUND((Source!FY35/100)*((ROUND(Source!AF35*Source!I35, 2)+ROUND(Source!AE35*Source!I35, 2))), 2) -> 0 | V104: =Source!Y35 -> 0 | W104: =IF(Source!BI35<=1,H104, 0) -> 0 | X104: =IF(Source!BI35=2,H104, 0) -> 0 | Y104: =IF(Source!BI35=3,H104, 0) -> 0 | Z104: =IF(Source!BI35=4,H104, 0) -> 0
G105: =H96+H97+H99+H100+H101+SUM(H103:H104) -> 17033.64 | J105: =K96+K97+K99+K100+K101+SUM(K103:K104) -> 83121.61 | L105: =Source!U33 -> 12.37745 | O105: =G105 -> 17033.64 | P105: =J105 -> 83121.61 | Q105: =L105 -> 12.37745 | W105: =IF(Source!BI33<=1,H96+H97+H99+H100+H101, 0) -> 1162.94 | X105: =IF(Source!BI33=2,H96+H97+H99+H100+H101, 0) -> 0 | Y105: =IF(Source!BI33=3,H96+H97+H99+H100+H101, 0) -> 0 | Z105: =IF(Source!BI33=4,H96+H97+H99+H100+H101, 0) -> 0
A106: =Source!E36 -> 10 | B106: =Source!F36 -> 06-01-005-01 | C106: =Source!G36 -> Устройство бетонных фундаментов общего назначения объемом до 5 м3 (Основание бетонное под под уличные щитки) | D106: =Source!H36 -> 100 м3 | E106: =Source!I36 -> 0.009 | F106: =Source!AL36+Source!AM36+Source!AO36 -> 11121.17 | I106: =Source!BO36 | S106: =ROUND((Source!FX36/100)*((ROUND(Source!AF36*Source!I36, 2)+ROUND(Source!AE36*Source!I36, 2))), 2) -> 41.66 | T106: =Source!X36 -> 204.35 | U106: =ROUND((Source!FY36/100)*((ROUND(Source!AF36*Source!I36, 2)+ROUND(Source!AE36*Source!I36, 2))), 2) -> 24.35 | V106: =Source!Y36 -> 118.31
C107: ="Объем: "&Source!I36&"=0,9/"&"100" -> Объем: 0,009=0,9/100
C108: Зарплата | F108: =Source!AO36 -> 3733.23 | G108: =Source!DG36 -> )*1,15 | H108: =ROUND(Source!AF36*Source!I36, 2) -> 38.64 | J108: =IF(Source!BA36<> 0, Source!BA36, 1) -> 4.88 | K108: =Source!S36 -> 188.56 | R108: =H108 -> 38.64
C109: Эксплуатация машин | F109: =Source!AM36 -> 3509.68 | G109: =Source!DE36 -> )*1,25 | H109: =ROUND(Source!AD36*Source!I36, 2) -> 39.48 | J109: =IF(Source!BB36<> 0, Source!BB36, 1) -> 4.88 | K109: =Source!Q36 -> 192.68
C110: в т.ч. зарплата машинистов | F110: =Source!AN36 -> 483.66 | G110: =Source!DF36 -> )*1,25 | H110: =ROUND(Source!AE36*Source!I36, 2) -> 5.44 | J110: =IF(Source!BS36<> 0, Source!BS36, 1) -> 4.88 | K110: =Source!R36 -> 26.55 | R110: =H110 -> 5.44
...

Sheet Source
A1: 0 | B1: Smeta.RU (495) 974-1589 | D1: _PS_ | F1: 0 | G1: 0 | H1: 0 | I1: Smeta.RU | K1: 0 | L1: 13277 | M1: 10
A12: 1 | B12: 171 | C12: 0 | D12: =ROW(A113) -> 113 | E12: 0 | F12: Новый объект | G12: на капитальный ремонт кабельных трасс и щита распределительной подстанции ТП2 загородного учебно-спортивного комплекса "база отдыха Волга" НИЯУ МИФИ по адресу: Тверская область,Калининский район,п/о Лисицкий бор,деревня Видогощи | I12: 0 | K12: 0 | O12: 0 | P12: 0 | Q12: 0 | R12: 0 | V12: 0 | BH12: Сметные нормы списания | BI12: Коды ценников | BJ12: 1 | BK12: 1 | BL12: 0 | BM12: 0 | BN12: 1 | BO12: 0 | BP12: 2 | BQ12: 2 | BR12: 1 | BS12: 1 | BT12: 0 | BU12: 0 | BV12: 0 | BW12: 0 | BX12: 0 | BY12: ФЕР-2017 | BZ12: ТР для Версии 10: Центральные регионы (с учетом п-ма 2536-ИП/12/ГС от 22.03.2017 г | CA12: ФЕР-2017 | CB12: ФЕР-2017 | CC12: ФЕР-2017 | CD12: ФЕР-2017 | CE12: Поправки для ГСН 2017 от 31.03.2017 г | CF12: 0 | CG12: 0 | CH12: 524296 | CK12: 4 | EC12: 0
A15: 15 | B15: 1
A18: 52 | B18: =B113 -> 171 | C18: =C113 -> 1 | D18: =D113 -> 12 | E18: =E113 -> 0 | F18: =F113 -> Новый объект | G18: =G113 -> на капитальный ремонт кабельных трасс и щита распределительной подстанции ТП2 загородного учебно-спортивного комплекса "база отдыха Волга" НИЯУ МИФИ по адресу: Тверская область,Калининский район,п/о Лисицкий бор,деревня Видогощи | O18: =O113 -> 2286433.8 | P18: =P113 -> 2042191.7 | Q18: =Q113 -> 102517.07 | R18: =R113 -> 12789.79 | S18: =S113 -> 141725.07 | T18: =T113 -> 0 | U18: =U113 -> 2722.8475 | V18: =V113 -> 207.09349 | ... GX18: =GX113 -> 0
A20: 3 | B20: 1 | D20: =ROW(A81) -> 81 | F20: Новая локальная смета | G20: Новая локальная смета | I20: 0 | K20: 0 | V20: 0 | BX20: 0 | CF20: 0 | CG20: 0
A22: 52 | B22: =B81 -> 1 | C22: =C81 -> 3 | D22: =D81 -> 20 | E22: =E81 -> 0 | F22: =F81 -> Новая локальная смета | G22: =G81 -> Новая локальная смета | O22: =O81 -> 2286433.8 | P22: =P81 -> 2042191.7 | Q22: =Q81 -> 102517.07 | R22: =R81 -> 12789.79 | S22: =S81 -> 141725.07 | T22: =T81 -> 0 | U22: =U81 -> 2722.8475 | V22: =V81 -> 207.09349 | ... GX22: =GX81 -> 0
A24: 17 | B24: 1 | C24: =ROW(SmtRes!A12) -> 12 | D24: =ROW(EtalonRes!A12) -> 12 | E24: 1 | F24: м08-01-011-02 | G24: Демонтаж: Разъединитель трехполюсный напряжением 35 кВ, на ток 1000А с одним или двумя заземляющими ножами | H24: КОМПЛ | I24: 8 | J24: 0 | O24: =ROUND(CP24,2) -> 8187.46 | P24: =ROUND(CQ24*I24,2) -> 0 | Q24: =ROUND(CR24*I24,2) -> 4649.66 | R24: =ROUND(CS24*I24,2) -> 539.92 | S24: =ROUND(CT24*I24,2) -> 3537.8 | T24: =ROUND(CU24*I24,2) -> 0 | U24: =CV24*I24 -> 75.36 | V24: =CW24*I24 -> 8.28 | W24: =ROUND(CX24*I24,2) -> 0 | X24: =ROUND(CY24,2) -> 3873.83 | Y24: =ROUND(CZ24,2) -> 2650.52 | AA24: 39610380 | AB24: =ROUND((AC24+AD24+AF24),2) -> 209.72 | AC24: =ROUND(((ES24*0)),2) -> 0 | AD24: =ROUND(((((ET24*0.3))-((EU24*0.3)))+AE24),2) -> 119.1 | AE24: =ROUND(((EU24*0.3)),2) -> 13.83 | AF24: =ROUND(((EV24*0.3)),2) -> 90.62 | AG24: =ROUND((AP24),2) -> 0 | AH24: =((EW24*0.3)) -> 9.42 | AI24: =((EX24*0.3)) -> 1.035 | AJ24: =ROUND((AS24),2) -> 0 | AK24: 893.52 | AL24: 194.46 | AM24: 396.99 | AN24: 46.1 | AO24: 302.07 | AP24: 0 | AQ24: 31.4 | AR24: 3.45 | AS24: 0 | AT24: 95 | AU24: 65 | AV24: 1 | AW24: 1 | AZ24: 4.88 | BA24: 4.88 | BB24: 4.88 | BC24: 4.88 | BH24: 0 | BI24: 2 | BJ24: ФЕРм-2001, м08-01-011-02, приказ Минстроя России №1039/пр от 30.12.2016г. | BM24: 108001 | BN24: 0 | BP24: 0 | BQ24: 3 | BR24: 0 | BS24: 4.88 | BT24: 1 | BU24: 1 | BV24: 1 | BW24: 1 | BX24: 1 | BZ24: 95 | CA24: 65 | CF24: 0 | CG24: 0 | CM24: 0 | CN24: Поправка: Табл.3, п.4 Наименование: Демонтаж: Оборудование, не пригодное для дальнейшего использования, (предназначено в лом) без разборки и резки | CO24: 0 | CP24: =(P24+Q24+S24) -> 8187.46 | CQ24: =AC24*BC24 -> 0 | CR24: =AD24*BB24 -> 581.208 | CS24: =AE24*BS24 -> 67.4904 | CT24: =AF24*BA24 -> 442.2256 | CU24: =AG24 -> 0 | CV24: =AH24 -> 9.42 | CW24: =AI24 -> 1.035 | CX24: =AJ24 -> 0 | CY24: =(((S24+R24)*AT24)/100) -> 3873.834 | CZ24: =(((S24+R24)*AU24)/100) -> 2650.518 | DD24: )*0 | DE24: )*0,3 | DF24: )*0,3 | DG24: )*0,3 | DI24: )*0,3 | DJ24: )*0,3 | DN24: 0 | DO24: 0 | DP24: 1 | DQ24: 1 | DU24: 1013 | DV24: КОМПЛ | DW24: КОМПЛ | DX24: 1 | EE24: 39174386 | EF24: 3 | EG24: Монтажные работы | EH24: 0 | EJ24: 2 | EK24: 108001 | EL24: Электромонтажные работы , отдел 01-03 : ( на АЭС НР = 110% ) - (работы по упр. авиа.- движением: СП=55% ( {АВИА}=1; обычные работы : СП=65 - {AВИА}=0), при работе на АЭС СП= 68% ) | EM24: мФЕР-08 | EO24: Поправка: Табл.3, п.4 | EQ24: 0 | ER24: 893.52 | ES24: 194.46 | ET24: 396.99 | EU24: 46.1 | EV24: 302.07 | EW24: 31.4 | EX24: 3.45 | EY24: 0 | FQ24: 0 | FR24: =ROUND(IF(AND(BH24=3,BI24=3),P24,0),2) -> 0 | FS24: 0 | FX24: 95 | FY24: 65 | GD24: 0 | GF24: 839760218 | GG24: 1 | GH24: 1 | GI24: 4 | GJ24: 0 | GK24: =ROUND(R24*(R12)/100,2) -> 0 | GL24: =ROUND(IF(AND(BH24=3,BI24=3,FS24<>0),P24,0),2) -> 0 | GM24: =ROUND(O24+X24+Y24+GK24,2)+GX24 -> 14711.81 | GN24: =IF(OR(BI24=0,BI24=1),ROUND(O24+X24+Y24+GK24,2),0) -> 0 | GO24: =IF(BI24=2,ROUND(O24+X24+Y24+GK24,2),0) -> 14711.81 | GP24: =IF(BI24=4,ROUND(O24+X24+Y24+GK24,2)+GX24,0) -> 0 | GR24: 0 | GS24: 3 | GT24: 0 | GV24: =ROUND(GT24,2) -> 0 | GW24: 1 | GX24: =ROUND(GV24*GW24*I24,2) -> 0 | HA24: 0 | HB24: 0 | IK24: 0
A25: 17 | B25: 1 | C25: =ROW(SmtRes!A23) -> 23 | D25: =ROW(EtalonRes!A23) -> 23 | E25: 2 | F25: м08-02-374-03 прим. | G25: Демонтаж: Устройство ввода в здание в стальной трубе, провод сечением до 16 мм2, количество проводов в линии 4 | H25: ШТ | I25: 18 | J25: 0 | O25: =ROUND(CP25,2) -> 15180.51 | P25: =ROUND(CQ25*I25,2) -> 0 | Q25: =ROUND(CR25*I25,2) -> 13999.06 | R25: =ROUND(CS25*I25,2) -> 1327.26 | S25: =ROUND(CT25*I25,2) -> 1181.45 | T25: =ROUND(CU25*I25,2) -> 0 | U25: =CV25*I25 -> 23.058 | V25: =CW25*I25 -> 20.142 | W25: =ROUND(CX25*I25,2) -> 0 | X25: =ROUND(CY25,2) -> 2383.27 | Y25: =ROUND(CZ25,2) -> 1630.66 | AA25: 39610380 | AB25: =ROUND((AC25+AD25+AF25),2) -> 172.82 | AC25: =ROUND(((ES25*0)),2) -> 0 | AD25: =ROUND(((((ET25*0.3))-((EU25*0.3)))+AE25),2) -> 159.37 | AE25: =ROUND(((EU25*0.3)),2) -> 15.11 | AF25: =ROUND(((EV25*0.3)),2) -> 13.45 | AG25: =ROUND((AP25),2) -> 0 | AH25: =((EW25*0.3)) -> 1.281 | AI25: =((EX25*0.3)) -> 1.119 | AJ25: =ROUND((AS25),2) -> 0 | AK25: 585.11 | AL25: 9.07 | AM25: 531.2 | AN25: 50.35 | AO25: 44.84 | AP25: 0 | AQ25: 4.27 | AR25: 3.73 | AS25: 0 | AT25: 95 | AU25: 65 | AV25: 1 | AW25: 1 | AZ25: 4.88 | BA25: 4.88 | BB25: 4.88 | BC25: 4.88 | BH25: 0 | BI25: 2 | BJ25: ФЕРм-2001, м08-02-374-03, приказ Минстроя России №1039/пр от 30.12.2016г. | BM25: 108001 | BN25: 0 | BP25: 0 | BQ25: 3 | BR25: 0 | BS25: 4.88 | BT25: 1 | BU25: 1 | BV25: 1 | BW25: 1 | BX25: 1 | BZ25: 95 | CA25: 65 | CF25: 0 | CG25: 0 | CM25: 0 | CN25: Поправка: Табл.3, п.4 Наименование: Демонтаж: Оборудование, не пригодное для дальнейшего использования, (предназначено в лом) без разборки и резки | CO25: 0 | CP25: =(P25+Q25+S25) -> 15180.51 | CQ25: =AC25*BC25 -> 0 | CR25: =AD25*BB25 -> 777.7256 | CS25: =AE25*BS25 -> 73.7368 | CT25: =AF25*BA25 -> 65.636 | CU25: =AG25 -> 0 | CV25: =AH25 -> 1.281 | CW25: =AI25 -> 1.119 | CX25: =AJ25 -> 0 | CY25: =(((S25+R25)*AT25)/100) -> 2383.2745 | CZ25: =(((S25+R25)*AU25)/100) -> 1630.6615 | DD25: )*0 | DE25: )*0,3 | DF25: )*0,3 | DG25: )*0,3 | DI25: )*0,3 | DJ25: )*0,3 | DN25: 0 | DO25: 0 | DP25: 1 | DQ25: 1 | DU25: 1013 | DV25: ШТ | DW25: ШТ | DX25: 1 | EE25: 39174386 | EF25: 3 | EG25: Монтажные работы | EH25: 0 | EJ25: 2 | EK25: 108001 | EL25: Электромонтажные работы , отдел 01-03 : ( на АЭС НР = 110% ) - (работы по упр. авиа.- движением: СП=55% ( {АВИА}=1; обычные работы : СП=65 - {AВИА}=0), при работе на АЭС СП= 68% ) | EM25: мФЕР-08 | EO25: Поправка: Табл.3, п.4 | EQ25: 0 | ER25: 585.11 | ES25: 9.07 | ET25: 531.2 | EU25: 50.35 | EV25: 44.84 | EW25: 4.27 | EX25: 3.73 | EY25: 0 | FQ25: 0 | FR25: =ROUND(IF(AND(BH25=3,BI25=3),P25,0),2) -> 0 | FS25: 0 | FX25: 95 | FY25: 65 | GD25: 0 | GF25: 697447041 | GG25: 1 | GH25: 1 | GI25: 4 | GJ25: 0 | GK25: =ROUND(R25*(R12)/100,2) -> 0 | GL25: =ROUND(IF(AND(BH25=3,BI25=3,FS25<>0),P25,0),2) -> 0 | GM25: =ROUND(O25+X25+Y25+GK25,2)+GX25 -> 19194.44 | GN25: =IF(OR(BI25=0,BI25=1),ROUND(O25+X25+Y25+GK25,2),0) -> 0 | GO25: =IF(BI25=2,ROUND(O25+X25+Y25+GK25,2),0) -> 19194.44 | GP25: =IF(BI25=4,ROUND(O25+X25+Y25+GK25,2)+GX25,0) -> 0 | GR25: 0 | GS25: 3 | GT25: 0 | GV25: =ROUND(GT25,2) -> 0 | GW25: 1 | GX25: =ROUND(GV25*GW25*I25,2) -> 0 | HA25: 0 | HB25: 0 | IK25: 0
A26: 17 | B26: 1 | C26: =ROW(SmtRes!A42) -> 42 | D26: =ROW(EtalonRes!A42) -> 42 | E26: 3 | F26: м08-03-530-05 | G26: Демонтаж:Пускатель магнитный общего назначения отдельно стоящий, устанавливаемый на конструкции на стене или колонне, на ток до 100 А | H26: ШТ | I26: 1 | J26: 0 | O26: =ROUND(CP26,2) -> 57 | P26: =ROUND(CQ26*I26,2) -> 0 | Q26: =ROUND(CR26*I26,2) -> 4.49 | R26: =ROUND(CS26*I26,2) -> 0.39 | S26: =ROUND(CT26*I26,2) -> 52.51 | T26: =ROUND(CU26*I26,2) -> 0 | U26: =CV26*I26 -> 1.158 | V26: =CW26*I26 -> 0.006 | W26: =ROUND(CX26*I26,2) -> 0 | X26: =ROUND(CY26,2) -> 50.26 | Y26: =ROUND(CZ26,2) -> 34.39 | AA26: 39610380 | AB26: =ROUND((AC26+AD26+AF26),2) -> 11.68 | AC26: =ROUND(((ES26*0)),2) -> 0 | AD26: =ROUND(((((ET26*0.3))-((EU26*0.3)))+AE26),2) -> 0.92 | AE26: =ROUND(((EU26*0.3)),2) -> 0.08 | AF26: =ROUND(((EV26*0.3)),2) -> 10.76 | AG26: =ROUND((AP26),2) -> 0 | AH26: =((EW26*0.3)) -> 1.158 | AI26: =((EX26*0.3)) -> 0.006 | AJ26: =ROUND((AS26),2) -> 0 | AK26: 104.51 | AL26: 65.6 | AM26: 3.05 | AN26: 0.26 | AO26: 35.86 | AP26: 0 | AQ26: 3.86 | AR26: 0.02 | AS26: 0 | AT26: 95 | AU26: 65 | AV26: 1 | AW26: 1 | AZ26: 4.88 | BA26: 4.88 | BB26: 4.88 | BC26: 4.88 | BH26: 0 | BI26: 2 | BJ26: ФЕРм-2001, м08-03-530-05, приказ Минстроя России №1039/пр от 30.12.2016г. | BM26: 108001 | BN26: 0 | BP26: 0 | BQ26: 3 | BR26: 0 | BS26: 4.88 | BT26: 1 | BU26: 1 | BV26: 1 | BW26: 1 | BX26: 1 | BZ26: 95 | CA26: 65 | CF26: 0 | CG26: 0 | CM26: 0 | CN26: Поправка: Табл.3, п.4 Наименование: Демонтаж: Оборудование, не пригодное для дальнейшего использования, (предназначено в лом) без разборки и резки | CO26: 0 | CP26: =(P26+Q26+S26) -> 57 | CQ26: =AC26*BC26 -> 0 | CR26: =AD26*BB26 -> 4.4896 | CS26: =AE26*BS26 -> 0.3904 | CT26: =AF26*BA26 -> 52.5088 | CU26: =AG26 -> 0 | CV26: =AH26 -> 1.158 | CW26: =AI26 -> 0.006 | CX26: =AJ26 -> 0 | CY26: =(((S26+R26)*AT26)/100) -> 50.255 | CZ26: =(((S26+R26)*AU26)/100) -> 34.385 | DD26: )*0 | DE26: )*0,3 | DF26: )*0,3 | DG26: )*0,3 | DI26: )*0,3 | DJ26: )*0,3 | DN26: 0 | DO26: 0 | DP26: 1 | DQ26: 1 | DU26: 1013 | DV26: ШТ | DW26: ШТ | DX26: 1 | EE26: 39174386 | EF26: 3 | EG26: Монтажные работы | EH26: 0 | EJ26: 2 | EK26: 108001 | EL26: Электромонтажные работы , отдел 01-03 : ( на АЭС НР = 110% ) - (работы по упр. авиа.- движением: СП=55% ( {АВИА}=1; обычные работы : СП=65 - {AВИА}=0), при работе на АЭС СП= 68% ) | EM26: мФЕР-08 | EO26: Поправка: Табл.3, п.4 | EQ26: 0 | ER26: 104.51 | ES26: 65.6 | ET26: 3.05 | EU26: 0.26 | EV26: 35.86 | EW26: 3.86 | EX26: 0.02 | EY26: 0 | FQ26: 0 | FR26: =ROUND(IF(AND(BH26=3,BI26=3),P26,0),2) -> 0 | FS26: 0 | FX26: 95 | FY26: 65 | GD26: 0 | GF26: -1520043211 | GG26: 1 | GH26: 1 | GI26: 4 | GJ26: 0 | GK26: =ROUND(R26*(R12)/100,2) -> 0 | GL26: =ROUND(IF(AND(BH26=3,BI26=3,FS26<>0),P26,0),2) -> 0 | GM26: =ROUND(O26+X26+Y26+GK26,2)+GX26 -> 141.65 | GN26: =IF(OR(BI26=0,BI26=1),ROUND(O26+X26+Y26+GK26,2),0) -> 0 | GO26: =IF(BI26=2,ROUND(O26+X26+Y26+GK26,2),0) -> 141.65 | GP26: =IF(BI26=4,ROUND(O26+X26+Y26+GK26,2)+GX26,0) -> 0 | GR26: 0 | GS26: 3 | GT26: 0 | GV26: =ROUND(GT26,2) -> 0 | GW26: 1 | GX26: =ROUND(GV26*GW26*I26,2) -> 0 | HA26: 0 | HB26: 0 | IK26: 0
A27: 17 | B27: 1 | C27: =ROW(SmtRes!A45) -> 45 | D27: =ROW(EtalonRes!A45) -> 45 | E27: 4 | F27: 67-3-1 | G27: Демонтаж кабеля | H27: 100 м | I27: =ROUND(18/100,9) -> 0.18 | J27: 0 | O27: =ROUND(CP27,2) -> 66.32 | P27: =ROUND(CQ27*I27,2) -> 0 | Q27: =ROUND(CR27*I27,2) -> 0.27 | R27: =ROUND(CS27*I27,2) -> 0.12 | S27: =ROUND(CT27*I27,2) -> 66.05 | T27: =ROUND(CU27*I27,2) -> 0 | U27: =CV27*I27 -> 1.7352 | V27: =CW27*I27 -> 0.0018 | W27: =ROUND(CX27*I27,2) -> 0 | X27: =ROUND(CY27,2) -> 56.24 | Y27: =ROUND(CZ27,2) -> 43.01 | AA27: 39610380 | AB27: =ROUND((AC27+AD27+AF27),2) -> 75.5 | AC27: =ROUND((ES27),2) -> 0 | AD27: =ROUND((((ET27)-(EU27))+AE27),2) -> 0.31 | AE27: =ROUND((EU27),2) -> 0.14 | AF27: =ROUND((EV27),2) -> 75.19 | AG27: =ROUND((AP27),2) -> 0 | AH27: =(EW27) -> 9.64 | AI27: =(EX27) -> 0.01 | AJ27: =ROUND((AS27),2) -> 0 | AK27: 75.5 | AL27: 0 | AM27: 0.31 | AN27: 0.14 | AO27: 75.19 | AP27: 0 | AQ27: 9.64 | AR27: 0.01 | AS27: 0 | AT27: 85 | AU27: 65 | AV27: 1 | AW27: 1 | AZ27: 4.88 | BA27: 4.88 | BB27: 4.88 | BC27: 4.88 | BH27: 0 | BI27: 1 | BJ27: ФЕРр-2001, 67-3-1, приказ Минстроя России №1039/пр от 30.12.2016г. | BM27: 67001 | BN27: 0 | BP27: 0 | BQ27: 6 | BR27: 0 | BS27: 4.88 | BT27: 1 | BU27: 1 | BV27: 1 | BW27: 1 | BX27: 1 | BZ27: 85 | CA27: 65 | CF27: 0 | CG27: 0 | CM27: 0 | CO27: 0 | CP27: =(P27+Q27+S27) -> 66.32 | CQ27: =AC27*BC27 -> 0 | CR27: =AD27*BB27 -> 1.5128 | CS27: =AE27*BS27 -> 0.6832 | CT27: =AF27*BA27 -> 366.9272 | CU27: =AG27 -> 0 | CV27: =AH27 -> 9.64 | CW27: =AI27 -> 0.01 | CX27: =AJ27 -> 0 | CY27: =(((S27+R27)*AT27)/100) -> 56.2445 | CZ27: =(((S27+R27)*AU27)/100) -> 43.0105 | DN27: 0 | DO27: 0 | DP27: 1 | DQ27: 1 | DU27: 1003 | DV27: 100 м | DW27: 100 м | DX27: 100 | EE27: 39174628 | EF27: 6 | EG27: Ремонтно-строительные работы | EH27: 0 | EJ27: 1 | EK27: 67001 | EL27: Электромонтажные работы | EM27: рФЕР-67 | EQ27: 0 | ER27: 75.5 | ES27: 0 | ET27: 0.31 | EU27: 0.14 | EV27: 75.19 | EW27: 9.64 | EX27: 0.01 | EY27: 0 | FQ27: 0 | FR27: =ROUND(IF(AND(BH27=3,BI27=3),P27,0),2) -> 0 | FS27: 0 | FX27: 85 | FY27: 65 | GD27: 0 | GF27: 994189354 | GG27: 1 | GH27: 1 | GI27: 4 | GJ27: 0 | GK27: =ROUND(R27*(R12)/100,2) -> 0 | GL27: =ROUND(IF(AND(BH27=3,BI27=3,FS27<>0),P27,0),2) -> 0 | GM27: =ROUND(O27+X27+Y27+GK27,2)+GX27 -> 165.57 | GN27: =IF(OR(BI27=0,BI27=1),ROUND(O27+X27+Y27+GK27,2),0) -> 165.57 | GO27: =IF(BI27=2,ROUND(O27+X27+Y27+GK27,2),0) -> 0 | GP27: =IF(BI27=4,ROUND(O27+X27+Y27+GK27,2)+GX27,0) -> 0 | GR27: 0 | GS27: 3 | GT27: 0 | GV27: =ROUND(GT27,2) -> 0 | GW27: 1 | GX27: =ROUND(GV27*GW27*I27,2) -> 0 | HA27: 0 | HB27: 0 | IK27: 0
A28: 17 | B28: 1 | C28: =ROW(SmtRes!A53) -> 53 | D28: =ROW(EtalonRes!A53) -> 53 | E28: 5 | F28: м08-02-370-01 | G28: Демонтаж: Щиток до трех групп, устанавливаемый в обхват колонн | H28: ШТ | I28: 8 | J28: 0 | O28: =ROUND(CP28,2) -> 313.88 | P28: =ROUND(CQ28*I28,2) -> 0 | Q28: =ROUND(CR28*I28,2) -> 208.08 | R28: =ROUND(CS28*I28,2) -> 29.28 | S28: =ROUND(CT28*I28,2) -> 105.8 | T28: =ROUND(CU28*I28,2) -> 0 | U28: =CV28*I28 -> 2.064 | V28: =CW28*I28 -> 0.48 | W28: =ROUND(CX28*I28,2) -> 0 | X28: =ROUND(CY28,2) -> 128.33 | Y28: =ROUND(CZ28,2) -> 87.8 | AA28: 39610380 | AB28: =ROUND((AC28+AD28+AF28),2) -> 8.04 | AC28: =ROUND(((ES28*0)),2) -> 0 | AD28: =ROUND(((((ET28*0.3))-((EU28*0.3)))+AE28),2) -> 5.33 | AE28: =ROUND(((EU28*0.3)),2) -> 0.75 | AF28: =ROUND(((EV28*0.3)),2) -> 2.71 | AG28: =ROUND((AP28),2) -> 0 | AH28: =((EW28*0.3)) -> 0.258 | AI28: =((EX28*0.3)) -> 0.06 | AJ28: =ROUND((AS28),2) -> 0 | AK28: 32.99 | AL28: 6.19 | AM28: 17.77 | AN28: 2.51 | AO28: 9.03 | AP28: 0 | AQ28: 0.86 | AR28: 0.2 | AS28: 0 | AT28: 95 | AU28: 65 | AV28: 1 | AW28: 1 | AZ28: 4.88 | BA28: 4.88 | BB28: 4.88 | BC28: 4.88 | BH28: 0 | BI28: 2 | BJ28: ФЕРм-2001, м08-02-370-01, приказ Минстроя России №1039/пр от 30.12.2016г. | BM28: 108001 | BN28: 0 | BP28: 0 | BQ28: 3 | BR28: 0 | BS28: 4.88 | BT28: 1 | BU28: 1 | BV28: 1 | BW28: 1 | BX28: 1 | BZ28: 95 | CA28: 65 | CF28: 0 | CG28: 0 | CM28: 0 | CN28: Поправка: Табл.3, п.4 Наименование: Демонтаж: Оборудование, не пригодное для дальнейшего использования, (предназначено в лом) без разборки и резки | CO28: 0 | CP28: =(P28+Q28+S28) -> 313.88 | CQ28: =AC28*BC28 -> 0 | CR28: =AD28*BB28 -> 26.0104 | CS28: =AE28*BS28 -> 3.66 | CT28: =AF28*BA28 -> 13.2248 | CU28: =AG28 -> 0 | CV28: =AH28 -> 0.258 | CW28: =AI28 -> 0.06 | CX28: =AJ28 -> 0 | CY28: =(((S28+R28)*AT28)/100) -> 128.326 | CZ28: =(((S28+R28)*AU28)/100) -> 87.802 | DD28: )*0 | DE28: )*0,3 | DF28: )*0,3 | DG28: )*0,3 | DI28: )*0,3 | DJ28: )*0,3 | DN28: 0 | DO28: 0 | DP28: 1 | DQ28: 1 | DU28: 1013 | DV28: ШТ | DW28: ШТ | DX28: 1 | EE28: 39174386 | EF28: 3 | EG28: Монтажные работы | EH28: 0 | EJ28: 2 | EK28: 108001 | EL28: Электромонтажные работы , отдел 01-03 : ( на АЭС НР = 110% ) - (работы по упр. авиа.- движением: СП=55% ( {АВИА}=1; обычные работы : СП=65 - {AВИА}=0), при работе на АЭС СП= 68% ) | EM28: мФЕР-08 | EO28: Поправка: Табл.3, п.4 | EQ28: 0 | ER28: 32.99 | ES28: 6.19 | ET28: 17.77 | EU28: 2.51 | EV28: 9.03 | EW28: 0.86 | EX28: 0.2 | EY28: 0 | FQ28: 0 | FR28: =ROUND(IF(AND(BH28=3,BI28=3),P28,0),2) -> 0 | FS28: 0 | FX28: 95 | FY28: 65 | GD28: 0 | GF28: 1091227919 | GG28: 1 | GH28: 1 | GI28: 4 | GJ28: 0 | GK28: =ROUND(R28*(R12)/100,2) -> 0 | GL28: =ROUND(IF(AND(BH28=3,BI28=3,FS28<>0),P28,0),2) -> 0 | GM28: =ROUND(O28+X28+Y28+GK28,2)+GX28 -> 530.01 | GN28: =IF(OR(BI28=0,BI28=1),ROUND(O28+X28+Y28+GK28,2),0) -> 0 | GO28: =IF(BI28=2,ROUND(O28+X28+Y28+GK28,2),0) -> 530.01 | GP28: =IF(BI28=4,ROUND(O28+X28+Y28+GK28,2)+GX28,0) -> 0 | GR28: 0 | GS28: 3 | GT28: 0 | GV28: =ROUND(GT28,2) -> 0 | GW28: 1 | GX28: =ROUND(GV28*GW28*I28,2) -> 0 | HA28: 0 | HB28: 0 | IK28: 0
A29: 17 | B29: 1 | C29: =ROW(SmtRes!A54) -> 54 | D29: =ROW(EtalonRes!A54) -> 54 | E29: 6 | F29: 01-02-055-02 | G29: Разработка грунта вручную с креплениями в траншеях шириной до 2 м, глубиной до 2 м, группа грунтов 2 | H29: 100 м3 | I29: =ROUND(920/100,9) -> 9.2 | J29: 0 | O29: =ROUND(CP29,2) -> 71107.18 | P29: =ROUND(CQ29*I29,2) -> 0 | Q29: =ROUND(CR29*I29,2) -> 0 | R29: =ROUND(CS29*I29,2) -> 0 | S29: =ROUND(CT29*I29,2) -> 71107.18 | T29: =ROUND(CU29*I29,2) -> 0 | U29: =CV29*I29 -> 1738.8 | V29: =CW29*I29 -> 0 | W29: =ROUND(CX29*I29,2) -> 0 | X29: =ROUND(CY29,2) -> 51197.17 | Y29: =ROUND(CZ29,2) -> 27020.73 | AA29: 39610380 | AB29: =ROUND((AC29+AD29+AF29),2) -> 1583.82 | AC29: =ROUND((ES29),2) -> 0 | AD29: =ROUND((((ET29)-(EU29))+AE29),2) -> 0 | AE29: =ROUND((EU29),2) -> 0 | AF29: =ROUND((EV29),2) -> 1583.82 | AG29: =ROUND((AP29),2) -> 0 | AH29: =(EW29) -> 189 | AI29: =(EX29) -> 0 | AJ29: =ROUND((AS29),2) -> 0 | AK29: 1583.82 | AL29: 0 | AM29: 0 | AN29: 0 | AO29: 1583.82 | AP29: 0 | AQ29: 189 | AR29: 0 | AS29: 0 | AT29: 72 | AU29: 38 | AV29: 1 | AW29: 1 | AZ29: 4.88 | BA29: 4.88 | BB29: 4.88 | BC29: 4.88 | BH29: 0 | BI29: 1 | BJ29: ФЕР-2001, 01-02-055-02, приказ Минстроя России №1039/пр от 30.12.2016г. | BM29: 1003 | BN29: 0 | BP29: 0 | BQ29: 2 | BR29: 0 | BS29: 4.88 | BT29: 1 | BU29: 1 | BV29: 1 | BW29: 1 | BX29: 1 | BZ29: 80 | CA29: 45 | CF29: 0 | CG29: 0 | CM29: 0 | CO29: 0 | CP29: =(P29+Q29+S29) -> 71107.18 | CQ29: =AC29*BC29 -> 0 | CR29: =AD29*BB29 -> 0 | CS29: =AE29*BS29 -> 0 | CT29: =AF29*BA29 -> 7729.0416 | CU29: =AG29 -> 0 | CV29: =AH29 -> 189 | CW29: =AI29 -> 0 | CX29: =AJ29 -> 0 | CY29: =(((S29+R29)*AT29)/100) -> 51197.17 | CZ29: =(((S29+R29)*AU29)/100) -> 27020.728 | DN29: 0 | DO29: 0 | DP29: 1 | DQ29: 1 | DU29: 1007 | DV29: 100 м3 | DW29: 100 м3 | DX29: 100 | EE29: 39174479 | EF29: 2 | EG29: Общестроительные работы | EH29: 0 | EJ29: 1 | EK29: 1003 | EL29: Земляные работы, выполняемые ручным способом | EM29: ФЕР-01 | EQ29: 0 | ER29: 1583.82 | ES29: 0 | ET29: 0 | EU29: 0 | EV29: 1583.82 | EW29: 189 | EX29: 0 | EY29: 0 | FQ29: 0 | FR29: =ROUND(IF(AND(BH29=3,BI29=3),P29,0),2) -> 0 | FS29: 0 | FT29: *0,9 | FU29: *0,85 | FX29: 72 | FY29: 38.25 | GD29: 0 | GF29: 1494300783 | GG29: 1 | GH29: 1 | GI29: 4 | GJ29: 0 | GK29: =ROUND(R29*(R12)/100,2) -> 0 | GL29: =ROUND(IF(AND(BH29=3,BI29=3,FS29<>0),P29,0),2) -> 0 | GM29: =ROUND(O29+X29+Y29+GK29,2)+GX29 -> 149325.08 | GN29: =IF(OR(BI29=0,BI29=1),ROUND(O29+X29+Y29+GK29,2),0) -> 149325.08 | GO29: =IF(BI29=2,ROUND(O29+X29+Y29+GK29,2),0) -> 0 | GP29: =IF(BI29=4,ROUND(O29+X29+Y29+GK29,2)+GX29,0) -> 0 | GR29: 0 | GS29: 3 | GT29: 0 | GV29: =ROUND(GT29,2) -> 0 | GW29: 1 | GX29: =ROUND(GV29*GW29*I29,2) -> 0 | HA29: 0 | HB29: 0 | IK29: 0
A30: 17 | B30: 1 | C30: =ROW(SmtRes!A57) -> 57 | D30: =ROW(EtalonRes!A57) -> 57 | E30: 7 | F30: 46-03-007-02 | G30: Пробивка проемов в конструкциях из бетона | H30: м3 | I30: 0.12 | J30: 0 | O30: =ROUND(CP30,2) -> 383.05 | P30: =ROUND(CQ30*I30,2) -> 0 | Q30: =ROUND(CR30*I30,2) -> 238.02 | R30: =ROUND(CS30*I30,2) -> 0 | S30: =ROUND(CT30*I30,2) -> 145.03 | T30: =ROUND(CU30*I30,2) -> 0 | U30: =CV30*I30 -> 3.3132 | V30: =CW30*I30 -> 0 | W30: =ROUND(CX30*I30,2) -> 0 | X30: =ROUND(CY30,2) -> 143.58 | Y30: =ROUND(CZ30,2) -> 87.02 | AA30: 39610380 | AB30: =ROUND((AC30+AD30+AF30),2) -> 654.12 | AC30: =ROUND((ES30),2) -> 0 | AD30: =ROUND((((ET30)-(EU30))+AE30),2) -> 406.46 | AE30: =ROUND((EU30),2) -> 0 | AF30: =ROUND((EV30),2) -> 247.66 | AG30: =ROUND((AP30),2) -> 0 | AH30: =(EW30) -> 27.61 | AI30: =(EX30) -> 0 | AJ30: =ROUND((AS30),2) -> 0 | AK30: 654.12 | AL30: 0 | AM30: 406.46 | AN30: 0 | AO30: 247.66 | AP30: 0 | AQ30: 27.61 | AR30: 0 | AS30: 0 | AT30: 99 | AU30: 60 | AV30: 1 | AW30: 1 | AZ30: 4.88 | BA30: 4.88 | BB30: 4.88 | BC30: 4.88 | BH30: 0 | BI30: 1 | BJ30: ФЕР-2001, 46-03-007-02, приказ Минстроя России №1039/пр от 30.12.2016г. | BM30: 46001 | BN30: 0 | BP30: 0 | BQ30: 2 | BR30: 0 | BS30: 4.88 | BT30: 1 | BU30: 1 | BV30: 1 | BW30: 1 | BX30: 1 | BZ30: 110 | CA30: 70 | CF30: 0 | CG30: 0 | CM30: 0 | CO30: 0 | CP30: =(P30+Q30+S30) -> 383.05 | CQ30: =AC30*BC30 -> 0 | CR30: =AD30*BB30 -> 1983.5248 | CS30: =AE30*BS30 -> 0 | CT30: =AF30*BA30 -> 1208.5808 | CU30: =AG30 -> 0 | CV30: =AH30 -> 27.61 | CW30: =AI30 -> 0 | CX30: =AJ30 -> 0 | CY30: =(((S30+R30)*AT30)/100) -> 143.5797 | CZ30: =(((S30+R30)*AU30)/100) -> 87.018 | DN30: 0 | DO30: 0 | DP30: 1 | DQ30: 1 | DU30: 1007 | DV30: м3 | DW30: м3 | DX30: 1 | EE30: 39174571 | EF30: 2 | EG30: Общестроительные работы | EH30: 0 | EJ30: 1 | EK30: 46001 | EL30: Реконструкция зданий и сооружений | EM30: ФЕР-46 | EQ30: 0 | ER30: 654.12 | ES30: 0 | ET30: 406.46 | EU30: 0 | EV30: 247.66 | EW30: 27.61 | EX30: 0 | EY30: 0 | FQ30: 0 | FR30: =ROUND(IF(AND(BH30=3,BI30=3),P30,0),2) -> 0 | FS30: 0 | FT30: *0,9 | FU30: *0,85 | FX30: 99 | FY30: 59.5 | GD30: 0 | GF30: -707843890 | GG30: 1 | GH30: 1 | GI30: 4 | GJ30: 0 | GK30: =ROUND(R30*(R12)/100,2) -> 0 | GL30: =ROUND(IF(AND(BH30=3,BI30=3,FS30<>0),P30,0),2) -> 0 | GM30: =ROUND(O30+X30+Y30+GK30,2)+GX30 -> 613.65 | GN30: =IF(OR(BI30=0,BI30=1),ROUND(O30+X30+Y30+GK30,2),0) -> 613.65 | GO30: =IF(BI30=2,ROUND(O30+X30+Y30+GK30,2),0) -> 0 | GP30: =IF(BI30=4,ROUND(O30+X30+Y30+GK30,2)+GX30,0) -> 0 | GR30: 0 | GS30: 3 | GT30: 0 | GV30: =ROUND(GT30,2) -> 0 | GW30: 1 | GX30: =ROUND(GV30*GW30*I30,2) -> 0 | HA30: 0 | HB30: 0 | IK30: 0
A31: 17 | B31: 1 | C31: =ROW(SmtRes!A64) -> 64 | D31: =ROW(EtalonRes!A64) -> 64 | E31: 8 | F31: 08-02-001-09 | G31: Кладка стен приямков и каналов | H31: м3 | I31: 7.4 | J31: 0 | O31: =ROUND(CP31,2) -> 8262.42 | P31: =ROUND(CQ31*I31,2) -> 4415.41 | Q31: =ROUND(CR31*I31,2) -> 1404.03 | R31: =ROUND(CS31*I31,2) -> 219.56 | S31: =ROUND(CT31*I31,2) -> 2442.98 | T31: =ROUND(CU31*I31,2) -> 0 | U31: =CV31*I31 -> 60.2508 | V31: =CW31*I31 -> 3.33 | W31: =ROUND(CX31*I31,2) -> 0 | X31: =ROUND(CY31,2) -> 2928.79 | Y31: =ROUND(CZ31,2) -> 1810.53 | AA31: 39610380 | AB31: =ROUND((AC31+AD31+AF31),2) -> 228.8 | AC31: =ROUND((ES31),2) -> 122.27 | AD31: =ROUND(((((ET31*1.25))-((EU31*1.25)))+AE31),2) -> 38.88 | AE31: =ROUND(((EU31*1.25)),2) -> 6.08 | AF31: =ROUND(((EV31*1.15)),2) -> 67.65 | AG31: =ROUND((AP31),2) -> 0 | AH31: =((EW31*1.15)) -> 8.142 | AI31: =((EX31*1.25)) -> 0.45 | AJ31: =ROUND((AS31),2) -> 0 | AK31: 212.2 | AL31: 122.27 | AM31: 31.1 | AN31: 4.86 | AO31: 58.83 | AP31: 0 | AQ31: 7.08 | AR31: 0.36 | AS31: 0 | AT31: 110 | AU31: 68 | AV31: 1 | AW31: 1 | AZ31: 4.88 | BA31: 4.88 | BB31: 4.88 | BC31: 4.88 | BH31: 0 | BI31: 1 | BJ31: ФЕР-2001, 08-02-001-09, приказ Минстроя России №1039/пр от 30.12.2016г. | BM31: 8001 | BN31: 0 | BP31: 0 | BQ31: 2 | BR31: 0 | BS31: 4.88 | BT31: 1 | BU31: 1 | BV31: 1 | BW31: 1 | BX31: 1 | BZ31: 122 | CA31: 80 | CF31: 0 | CG31: 0 | CM31: 0 | CN31: Поправка: п.8.7.1 Наименование: При выполнении работ в существующих зданиях и сооружениях, аналогичных процессам при новом строительстве (кроме работ по нормам сборника № 46 «Работы при реконструкции зданий и сооружений») | CO31: 0 | CP31: =(P31+Q31+S31) -> 8262.42 | CQ31: =AC31*BC31 -> 596.6776 | CR31: =AD31*BB31 -> 189.7344 | CS31: =AE31*BS31 -> 29.6704 | CT31: =AF31*BA31 -> 330.132 | CU31: =AG31 -> 0 | CV31: =AH31 -> 8.142 | CW31: =AI31 -> 0.45 | CX31: =AJ31 -> 0 | CY31: =(((S31+R31)*AT31)/100) -> 2928.794 | CZ31: =(((S31+R31)*AU31)/100) -> 1810.5272 | DE31: )*1,25 | DF31: )*1,25 | DG31: )*1,15 | DI31: )*1,15 | DJ31: )*1,25 | DN31: 0 | DO31: 0 | DP31: 1 | DQ31: 1 | DU31: 1007 | DV31: м3 | DW31: м3 | DX31: 1 | EE31: 39174501 | EF31: 2 | EG31: Общестроительные работы | EH31: 0 | EJ31: 1 | EK31: 8001 | EL31: Конструкции из кирпича и блоков | EM31: ФЕР-08 | EO31: Поправка: п.8.7.1 | EQ31: 0 | ER31: 212.2 | ES31: 122.27 | ET31: 31.1 | EU31: 4.86 | EV31: 58.83 | EW31: 7.08 | EX31: 0.36 | EY31: 0 | FQ31: 0 | FR31: =ROUND(IF(AND(BH31=3,BI31=3),P31,0),2) -> 0 | FS31: 0 | FT31: *0,9 | FU31: *0,85 | FX31: 109.8 | FY31: 68 | GD31: 0 | GF31: 1347223012 | GG31: 1 | GH31: 1 | GI31: 4 | GJ31: 0 | GK31: =ROUND(R31*(R12)/100,2) -> 0 | GL31: =ROUND(IF(AND(BH31=3,BI31=3,FS31<>0),P31,0),2) -> 0 | GM31: =ROUND(O31+X31+Y31+GK31,2)+GX31 -> 13001.74 | GN31: =IF(OR(BI31=0,BI31=1),ROUND(O31+X31+Y31+GK31,2),0) -> 13001.74 | GO31: =IF(BI31=2,ROUND(O31+X31+Y31+GK31,2),0) -> 0 | GP31: =IF(BI31=4,ROUND(O31+X31+Y31+GK31,2)+GX31,0) -> 0 | GR31: 0 | GS31: 3 | GT31: 0 | GV31: =ROUND(GT31,2) -> 0 | GW31: 1 | GX31: =ROUND(GV31*GW31*I31,2) -> 0 | HA31: 0 | HB31: 0 | IK31: 0
A32: 18 | B32: 1 | C32: 63 | E32: 8,1 | F32: 06.1.01.05 | G32: Кирпич керамический, силикатный или пустотелый | H32: 1000 шт. | I32: =I31*J32 -> 2.96 | J32: 0.4 | O32: =ROUND(CP32,2) -> 0 | P32: =ROUND(CQ32*I32,2) -> 0 | Q32: =ROUND(CR32*I32,2) -> 0 | R32: =ROUND(CS32*I32,2) -> 0 | S32: =ROUND(CT32*I32,2) -> 0 | T32: =ROUND(CU32*I32,2) -> 0 | U32: =CV32*I32 -> 0 | V32: =CW32*I32 -> 0 | W32: =ROUND(CX32*I32,2) -> 0 | X32: =ROUND(CY32,2) -> 0 | Y32: =ROUND(CZ32,2) -> 0 | AA32: 39610380 | AB32: =ROUND((AC32+AD32+AF32),2) -> 0 | AC32: =ROUND((ES32),2) -> 0 | AD32: =ROUND((((ET32)-(EU32))+AE32),2) -> 0 | AE32: =ROUND((EU32),2) -> 0 | AF32: =ROUND((EV32),2) -> 0 | AG32: =ROUND((AP32),2) -> 0 | AH32: =(EW32) -> 0 | AI32: =(EX32) -> 0 | AJ32: =ROUND((AS32),2) -> 0 | AK32: 0 | AL32: 0 | AM32: 0 | AN32: 0 | AO32: 0 | AP32: 0 | AQ32: 0 | AR32: 0 | AS32: 0 | AT32: 110 | AU32: 68 | AV32: 1 | AW32: 1 | AZ32: 4.88 | BA32: 1 | BB32: 1 | BC32: 4.88 | BH32: 3 | BI32: 1 | BM32: 8001 | BN32: 0 | BP32: 0 | BQ32: 2 | BR32: 0 | BS32: 1 | BT32: 1 | BU32: 1 | BV32: 1 | BW32: 1 | BX32: 1 | BZ32: 122 | CA32: 80 | CF32: 0 | CG32: 0 | CM32: 0 | CO32: 0 | CP32: =(P32+Q32+S32) -> 0 | CQ32: =AC32*BC32 -> 0 | CR32: =AD32*BB32 -> 0 | CS32: =AE32*BS32 -> 0 | CT32: =AF32*BA32 -> 0 | CU32: =AG32 -> 0 | CV32: =AH32 -> 0 | CW32: =AI32 -> 0 | CX32: =AJ32 -> 0 | CY32: =(((S32+R32)*AT32)/100) -> 0 | CZ32: =(((S32+R32)*AU32)/100) -> 0 | DN32: 0 | DO32: 0 | DP32: 1 | DQ32: 1 | DU32: 1010 | DV32: 1000 шт. | DW32: 1000 шт. | DX32: 1000 | EE32: 39174501 | EF32: 2 | EG32: Общестроительные работы | EH32: 0 | EJ32: 1 | EK32: 8001 | EL32: Конструкции из кирпича и блоков | EM32: ФЕР-08 | EQ32: 0 | ER32: 0 | ES32: 0 | ET32: 0 | EU32: 0 | EV32: 0 | EW32: 0 | EX32: 0 | FQ32: 0 | FR32: =ROUND(IF(AND(BH32=3,BI32=3),P32,0),2) -> 0 | FS32: 0 | FT32: *0,9 | FU32: *0,85 | FX32: 109.8 | FY32: 68 | GD32: 0 | GF32: -1480842532 | GG32: 1 | GH32: 1 | GI32: 4 | GJ32: 0 | GK32: =ROUND(R32*(R12)/100,2) -> 0 | GL32: =ROUND(IF(AND(BH32=3,BI32=3,FS32<>0),P32,0),2) -> 0 | GM32: =ROUND(O32+X32+Y32+GK32,2)+GX32 -> 0 | GN32: =IF(OR(BI32=0,BI32=1),ROUND(O32+X32+Y32+GK32,2),0) -> 0 | GO32: =IF(BI32=2,ROUND(O32+X32+Y32+GK32,2),0) -> 0 | GP32: =IF(BI32=4,ROUND(O32+X32+Y32+GK32,2)+GX32,0) -> 0 | GR32: 0 | GS32: 3 | GT32: 0 | GV32: =ROUND(GT32,2) -> 0 | GW32: 1 | GX32: =ROUND(GV32*GW32*I32,2) -> 0 | HA32: 0 | HB32: 0 | IK32: 0
A33: 17 | B33: 1 | C33: =ROW(SmtRes!A70) -> 70 | D33: =ROW(EtalonRes!A69) -> 69 | E33: 9 | F33: 07-06-002-06 | G33: Устройство плит перекрытий каналов площадью до 1 м2 | H33: 100 ШТ | I33: =ROUND(10/100,9) -> 0.1 | J33: 0 | O33: =ROUND(CP33,2) -> 3771.93 | P33: =ROUND(CQ33*I33,2) -> 61.65 | Q33: =ROUND(CR33*I33,2) -> 3142.5 | R33: =ROUND(CS33*I33,2) -> 437.86 | S33: =ROUND(CT33*I33,2) -> 567.78 | T33: =ROUND(CU33*I33,2) -> 0 | U33: =CV33*I33 -> 12.37745 | V33: =CW33*I33 -> 6.64625 | W33: =ROUND(CX33*I33,2) -> 0 | X33: =ROUND(CY33,2) -> 1176.6 | Y33: =ROUND(CZ33,2) -> 724.06 | AA33: 39610380 | AB33: =ROUND((AC33+AD33+AF33),2) -> 7729.36 | AC33: =ROUND((ES33),2) -> 126.33 | AD33: =ROUND(((((ET33*1.25))-((EU33*1.25)))+AE33),2) -> 6439.55 | AE33: =ROUND(((EU33*1.25)),2) -> 897.25 | AF33: =ROUND(((EV33*1.15)),2) -> 1163.48 | AG33: =ROUND((AP33),2) -> 0 | AH33: =((EW33*1.15)) -> 123.7745 | AI33: =((EX33*1.25)) -> 66.4625 | AJ33: =ROUND((AS33),2) -> 0 | AK33: 6289.69 | AL33: 126.33 | AM33: 5151.64 | AN33: 717.8 | AO33: 1011.72 | AP33: 0 | AQ33: 107.63 | AR33: 53.17 | AS33: 0 | AT33: 117 | AU33: 72 | AV33: 1 | AW33: 1 | AZ33: 4.88 | BA33: 4.88 | BB33: 4.88 | BC33: 4.88 | BH33: 0 | BI33: 1 | BJ33: ФЕР-2001, 07-06-002-06, приказ Минстроя России №1039/пр от 30.12.2016г. | BM33: 7006 | BN33: 0 | BP33: 0 | BQ33: 2 | BR33: 0 | BS33: 4.88 | BT33: 1 | BU33: 1 | BV33: 1 | BW33: 1 | BX33: 1 | BZ33: 130 | CA33: 85 | CF33: 0 | CG33: 0 | CM33: 0 | CN33: Поправка: п.8.7.1 Наименование: При выполнении работ в существующих зданиях и сооружениях, аналогичных процессам при новом строительстве (кроме работ по нормам сборника № 46 «Работы при реконструкции зданий и сооружений») | CO33: 0 | CP33: =(P33+Q33+S33) -> 3771.93 | CQ33: =AC33*BC33 -> 616.4904 | CR33: =AD33*BB33 -> 31425.004 | CS33: =AE33*BS33 -> 4378.58 | CT33: =AF33*BA33 -> 5677.7824 | CU33: =AG33 -> 0 | CV33: =AH33 -> 123.7745 | CW33: =AI33 -> 66.4625 | CX33: =AJ33 -> 0 | CY33: =(((S33+R33)*AT33)/100) -> 1176.5988 | CZ33: =(((S33+R33)*AU33)/100) -> 724.0608 | DE33: )*1,25 | DF33: )*1,25 | DG33: )*1,15 | DI33: )*1,15 | DJ33: )*1,25 | DN33: 0 | DO33: 0 | DP33: 1 | DQ33: 1 | DU33: 1013 | DV33: 100 ШТ | DW33: 100 ШТ | DX33: 1 | EE33: 39174497 | EF33: 2 | EG33: Общестроительные работы | EH33: 0 | EJ33: 1 | EK33: 7006 | EL33: Сборные бетонные конструкции в промышленном строительстве ( тепловые сети ) | EM33: ФЕР-07 | EO33: Поправка: п.8.7.1 | EQ33: 0 | ER33: 6289.69 | ES33: 126.33 | ET33: 5151.64 | EU33: 717.8 | EV33: 1011.72 | EW33: 107.63 | EX33: 53.17 | EY33: 0 | FQ33: 0 | FR33: =ROUND(IF(AND(BH33=3,BI33=3),P33,0),2) -> 0 | FS33: 0 | FT33: *0,9 | FU33: *0,85 | FX33: 117 | FY33: 72.25 | GD33: 0 | GF33: 172651708 | GG33: 1 | GH33: 1 | GI33: 4 | GJ33: 0 | GK33: =ROUND(R33*(R12)/100,2) -> 0 | GL33: =ROUND(IF(AND(BH33=3,BI33=3,FS33<>0),P33,0),2) -> 0 | GM33: =ROUND(O33+X33+Y33+GK33,2)+GX33 -> 5672.59 | GN33: =IF(OR(BI33=0,BI33=1),ROUND(O33+X33+Y33+GK33,2),0) -> 5672.59 | GO33: =IF(BI33=2,ROUND(O33+X33+Y33+GK33,2),0) -> 0 | GP33: =IF(BI33=4,ROUND(O33+X33+Y33+GK33,2)+GX33,0) -> 0 | GR33: 0 | GS33: 3 | GT33: 0 | GV33: =ROUND(GT33,2) -> 0 | GW33: 1 | GX33: =ROUND(GV33*GW33*I33,2) -> 0 | HA33: 0 | HB33: 0 | IK33: 0
A34: 18 | B34: 1 | C34: 69 | E34: 9,1 | F34: 05.1.01.12-0010 | G34: Плиты перекрытия лотков и каналов ПО-1 /бетон В25 (М350), объем 0,7 м3, расход арматуры 54,4 кг/ (серия 3.006.1-2/82.1) | H34: шт. | I34: =I33*J34 -> 10 | J34: 100 | O34: =ROUND(CP34,2) -> 77449.02 | P34: =ROUND(CQ34*I34,2) -> 77449.02 | Q34: =ROUND(CR34*I34,2) -> 0 | R34: =ROUND(CS34*I34,2) -> 0 | S34: =ROUND(CT34*I34,2) -> 0 | T34: =ROUND(CU34*I34,2) -> 0 | U34: =CV34*I34 -> 0 | V34: =CW34*I34 -> 0 | W34: =ROUND(CX34*I34,2) -> 0 | X34: =ROUND(CY34,2) -> 0 | Y34: =ROUND(CZ34,2) -> 0 | AA34: 39610380 | AB34: =ROUND((AC34+AD34+AF34),2) -> 1587.07 | AC34: =ROUND((ES34),2) -> 1587.07 | AD34: =ROUND((((ET34)-(EU34))+AE34),2) -> 0 | AE34: =ROUND((EU34),2) -> 0 | AF34: =ROUND((EV34),2) -> 0 | AG34: =ROUND((AP34),2) -> 0 | AH34: =(EW34) -> 0 | AI34: =(EX34) -> 0 | AJ34: =ROUND((AS34),2) -> 0 | AK34: 1587.07 | AL34: 1587.07 | AM34: 0 | AN34: 0 | AO34: 0 | AP34: 0 | AQ34: 0 | AR34: 0 | AS34: 0 | AT34: 117 | AU34: 72 | AV34: 1 | AW34: 1 | AZ34: 4.88 | BA34: 1 | BB34: 1 | BC34: 4.88 | BH34: 3 | BI34: 1 | BJ34: ФССЦ-2001, 05.1.01.12-0010, приказ Минстроя России №1039/пр от 30.12.2016г. | BM34: 7006 | BN34: 0 | BP34: 0 | BQ34: 2 | BR34: 0 | BS34: 1 | BT34: 1 | BU34: 1 | BV34: 1 | BW34: 1 | BX34: 1 | BZ34: 130 | CA34: 85 | CF34: 0 | CG34: 0 | CM34: 0 | CO34: 0 | CP34: =(P34+Q34+S34) -> 77449.02 | CQ34: =AC34*BC34 -> 7744.9016 | CR34: =AD34*BB34 -> 0 | CS34: =AE34*BS34 -> 0 | CT34: =AF34*BA34 -> 0 | CU34: =AG34 -> 0 | CV34: =AH34 -> 0 | CW34: =AI34 -> 0 | CX34: =AJ34 -> 0 | CY34: =(((S34+R34)*AT34)/100) -> 0 | CZ34: =(((S34+R34)*AU34)/100) -> 0 | DN34: 0 | DO34: 0 | DP34: 1 | DQ34: 1 | DU34: 1010 | DV34: шт. | DW34: шт. | DX34: 1 | EE34: 39174497 | EF34: 2 | EG34: Общестроительные работы | EH34: 0 | EJ34: 1 | EK34: 7006 | EL34: Сборные бетонные конструкции в промышленном строительстве ( тепловые сети ) | EM34: ФЕР-07 | EQ34: 0 | ER34: 1587.07 | ES34: 1587.07 | ET34: 0 | EU34: 0 | EV34: 0 | EW34: 0 | EX34: 0 | FQ34: 0 | FR34: =ROUND(IF(AND(BH34=3,BI34=3),P34,0),2) -> 0 | FS34: 0 | FT34: *0,9 | FU34: *0,85 | FX34: 117 | FY34: 72.25 | GD34: 0 | GF34: 388335175 | GG34: 1 | GH34: 1 | GI34: 4 | GJ34: 0 | GK34: =ROUND(R34*(R12)/100,2) -> 0 | GL34: =ROUND(IF(AND(BH34=3,BI34=3,FS34<>0),P34,0),2) -> 0 | GM34: =ROUND(O34+X34+Y34+GK34,2)+GX34 -> 77449.02 | GN34: =IF(OR(BI34=0,BI34=1),ROUND(O34+X34+Y34+GK34,2),0) -> 77449.02 | GO34: =IF(BI34=2,ROUND(O34+X34+Y34+GK34,2),0) -> 0 | GP34: =IF(BI34=4,ROUND(O34+X34+Y34+GK34,2)+GX34,0) -> 0 | GR34: 0 | GS34: 3 | GT34: 0 | GV34: =ROUND(GT34,2) -> 0 | GW34: 1 | GX34: =ROUND(GV34*GW34*I34,2) -> 0 | HA34: 0 | HB34: 0 | IK34: 0
A35: 18 | B35: 1 | C35: 70 | E35: 9,2 | F35: 05.1.08.14 | G35: Конструкции сборные железобетонные | H35: шт. | I35: =I33*J35 -> 10 | J35: 100 | O35: =ROUND(CP35,2) -> 0 | P35: =ROUND(CQ35*I35,2) -> 0 | Q35: =ROUND(CR35*I35,2) -> 0 | R35: =ROUND(CS35*I35,2) -> 0 | S35: =ROUND(CT35*I35,2) -> 0 | T35: =ROUND(CU35*I35,2) -> 0 | U35: =CV35*I35 -> 0 | V35: =CW35*I35 -> 0 | W35: =ROUND(CX35*I35,2) -> 0 | X35: =ROUND(CY35,2) -> 0 | Y35: =ROUND(CZ35,2) -> 0 | AA35: 39610380 | AB35: =ROUND((AC35+AD35+AF35),2) -> 0 | AC35: =ROUND((ES35),2) -> 0 | AD35: =ROUND((((ET35)-(EU35))+AE35),2) -> 0 | AE35: =ROUND((EU35),2) -> 0 | AF35: =ROUND((EV35),2) -> 0 | AG35: =ROUND((AP35),2) -> 0 | AH35: =(EW35) -> 0 | AI35: =(EX35) -> 0 | AJ35: =ROUND((AS35),2) -> 0 | AK35: 0 | AL35: 0 | AM35: 0 | AN35: 0 | AO35: 0 | AP35: 0 | AQ35: 0 | AR35: 0 | AS35: 0 | AT35: 117 | AU35: 72 | AV35: 1 | AW35: 1 | AZ35: 4.88 | BA35: 1 | BB35: 1 | BC35: 4.88 | BH35: 3 | BI35: 1 | BM35: 7006 | BN35: 0 | BP35: 0 | BQ35: 2 | BR35: 0 | BS35: 1 | BT35: 1 | BU35: 1 | BV35: 1 | BW35: 1 | BX35: 1 | BZ35: 130 | CA35: 85 | CF35: 0 | CG35: 0 | CM35: 0 | CO35: 0 | CP35: =(P35+Q35+S35) -> 0 | CQ35: =AC35*BC35 -> 0 | CR35: =AD35*BB35 -> 0 | CS35: =AE35*BS35 -> 0 | CT35: =AF35*BA35 -> 0 | CU35: =AG35 -> 0 | CV35: =AH35 -> 0 | CW35: =AI35 -> 0 | CX35: =AJ35 -> 0 | CY35: =(((S35+R35)*AT35)/100) -> 0 | CZ35: =(((S35+R35)*AU35)/100) -> 0 | DN35: 0 | DO35: 0 | DP35: 1 | DQ35: 1 | DU35: 1010 | DV35: шт. | DW35: шт. | DX35: 1 | EE35: 39174497 | EF35: 2 | EG35: Общестроительные работы | EH35: 0 | EJ35: 1 | EK35: 7006 | EL35: Сборные бетонные конструкции в промышленном строительстве ( тепловые сети ) | EM35: ФЕР-07 | EQ35: 0 | ER35: 0 | ES35: 0 | ET35: 0 | EU35: 0 | EV35: 0 | EW35: 0 | EX35: 0 | FQ35: 0 | FR35: =ROUND(IF(AND(BH35=3,BI35=3),P35,0),2) -> 0 | FS35: 0 | FT35: *0,9 | FU35: *0,85 | FX35: 117 | FY35: 72.25 | GD35: 0 | GF35: -1926765613 | GG35: 1 | GH35: 1 | GI35: 4 | GJ35: 0 | GK35: =ROUND(R35*(R12)/100,2) -> 0 | GL35: =ROUND(IF(AND(BH35=3,BI35=3,FS35<>0),P35,0),2) -> 0 | GM35: =ROUND(O35+X35+Y35+GK35,2)+GX35 -> 0 | GN35: =IF(OR(BI35=0,BI35=1),ROUND(O35+X35+Y35+GK35,2),0) -> 0 | GO35: =IF(BI35=2,ROUND(O35+X35+Y35+GK35,2),0) -> 0 | GP35: =IF(BI35=4,ROUND(O35+X35+Y35+GK35,2)+GX35,0) -> 0 | GR35: 0 | GS35: 3 | GT35: 0 | GV35: =ROUND(GT35,2) -> 0 | GW35: 1 | GX35: =ROUND(GV35*GW35*I35,2) -> 0 | HA35: 0 | HB35: 0 | IK35: 0
A36: 17 | B36: 1 | C36: =ROW(SmtRes!A88) -> 88 | D36: =ROW(EtalonRes!A87) -> 87 | E36: 10 | F36: 06-01-005-01 | G36: Устройство бетонных фундаментов общего назначения объемом до 5 м3 (Основание бетонное под под уличные щитки) | H36: 100 м3 | I36: =ROUND(0.9/100,9) -> 0.009 | J36: 0 | O36: =ROUND(CP36,2) -> 551.57 | P36: =ROUND(CQ36*I36,2) -> 170.33 | Q36: =ROUND(CR36*I36,2) -> 192.68 | R36: =ROUND(CS36*I36,2) -> 26.55 | S36: =ROUND(CT36*I36,2) -> 188.56 | T36: =ROUND(CU36*I36,2) -> 0 | U36: =CV36*I36 -> 4.567248 | V36: =CW36*I36 -> 0.4062375 | W36: =ROUND(CX36*I36,2) -> 0 | X36: =ROUND(CY36,2) -> 204.35 | Y36: =ROUND(CZ36,2) -> 118.31 | AA36: 39610380 | AB36: =ROUND((AC36+AD36+AF36),2) -> 12558.58 | AC36: =ROUND((ES36),2) -> 3878.26 | AD36: =ROUND(((((ET36*1.25))-((EU36*1.25)))+AE36),2) -> 4387.11 | AE36: =ROUND(((EU36*1.25)),2) -> 604.58 | AF36: =ROUND(((EV36*1.15)),2) -> 4293.21 | AG36: =ROUND((AP36),2) -> 0 | AH36: =((EW36*1.15)) -> 507.472 | AI36: =((EX36*1.25)) -> 45.1375 | AJ36: =ROUND((AS36),2) -> 0 | AK36: 11121.17 | AL36: 3878.26 | AM36: 3509.68 | AN36: 483.66 | AO36: 3733.23 | AP36: 0 | AQ36: 441.28 | AR36: 36.11 | AS36: 0 | AT36: 95 | AU36: 55 | AV36: 1 | AW36: 1 | AZ36: 4.88 | BA36: 4.88 | BB36: 4.88 | BC36: 4.88 | BH36: 0 | BI36: 1 | BJ36: ФЕР-2001, 06-01-005-01, приказ Минстроя России №1039/пр от 30.12.2016г. | BM36: 6001 | BN36: 0 | BP36: 0 | BQ36: 2 | BR36: 0 | BS36: 4.88 | BT36: 1 | BU36: 1 | BV36: 1 | BW36: 1 | BX36: 1 | BZ36: 105 | CA36: 65 | CF36: 0 | CG36: 0 | CM36: 0 | CN36: Поправка: п.8.7.1 Наименование: При выполнении работ в существующих зданиях и сооружениях, аналогичных процессам при новом строительстве (кроме работ по нормам сборника № 46 «Работы при реконструкции зданий и сооружений») | CO36: 0 | CP36: =(P36+Q36+S36) -> 551.57 | CQ36: =AC36*BC36 -> 18925.909 | CR36: =AD36*BB36 -> 21409.097 | CS36: =AE36*BS36 -> 2950.3504 | CT36: =AF36*BA36 -> 20950.865 | CU36: =AG36 -> 0 | CV36: =AH36 -> 507.472 | CW36: =AI36 -> 45.1375 | CX36: =AJ36 -> 0 | CY36: =(((S36+R36)*AT36)/100) -> 204.3545 | CZ36: =(((S36+R36)*AU36)/100) -> 118.3105 | DE36: )*1,25 | DF36: )*1,25 | DG36: )*1,15 | DI36: )*1,15 | DJ36: )*1,25 | DN36: 0 | DO36: 0 | DP36: 1 | DQ36: 1 | DU36: 1007 | DV36: 100 м3 | DW36: 100 м3 | DX36: 100 | EE36: 39174490 | EF36: 2 | EG36: Общестроительные работы | EH36: 0 | EJ36: 1 | EK36: 6001 | EL36: Монолитные бетонные и железобетонные конструкции в промышленном строительстве | EM36: ФЕР-06 | EO36: Поправка: п.8.7.1 | EQ36: 0 | ER36: 11121.17 | ES36: 3878.26 | ET36: 3509.68 | EU36: 483.66 | EV36: 3733.23 | EW36: 441.28 | EX36: 36.11 | EY36: 0 | FQ36: 0 | FR36: =ROUND(IF(AND(BH36=3,BI36=3),P36,0),2) -> 0 | FS36: 0 | FT36: *0,9 | FU36: *0,85 | FX36: 94.5 | FY36: 55.25 | GD36: 0 | GF36: 660562484 | GG36: 1 | GH36: 1 | GI36: 4 | GJ36: 0 | GK36: =ROUND(R36*(R12)/100,2) -> 0 | GL36: =ROUND(IF(AND(BH36=3,BI36=3,FS36<>0),P36,0),2) -> 0 | GM36: =ROUND(O36+X36+Y36+GK36,2)+GX36 -> 874.23 | GN36: =IF(OR(BI36=0,BI36=1),ROUND(O36+X36+Y36+GK36,2),0) -> 874.23 | GO36: =IF(BI36=2,ROUND(O36+X36+Y36+GK36,2),0) -> 0 | GP36: =IF(BI36=4,ROUND(O36+X36+Y36+GK36,2)+GX36,0) -> 0 | GR36: 0 | GS36: 3 | GT36: 0 | GV36: =ROUND(GT36,2) -> 0 | GW36: 1 | GX36: =ROUND(GV36*GW36*I36,2) -> 0 | HA36: 0 | HB36: 0 | IK36: 0
A37: 18 | B37: 1 | C37: 82 | E37: 10,1 | F37: 04.1.02.01-0004 | G37: Бетон мелкозернистый, класс В10 (М150) | H37: м3 | I37: =I36*J37 -> 0.918 | J37: 102 | O37: =ROUND(CP37,2) -> 2107.14 | P37: =ROUND(CQ37*I37,2) -> 2107.14 | Q37: =ROUND(CR37*I37,2) -> 0 | R37: =ROUND(CS37*I37,2) -> 0 | S37: =ROUND(CT37*I37,2) -> 0 | T37: =ROUND(CU37*I37,2) -> 0 | U37: =CV37*I37 -> 0 | V37: =CW37*I37 -> 0 | W37: =ROUND(CX37*I37,2) -> 0 | X37: =ROUND(CY37,2) -> 0 | Y37: =ROUND(CZ37,2) -> 0 | AA37: 39610380 | AB37: =ROUND((AC37+AD37+AF37),2) -> 470.36 | AC37: =ROUND((ES37),2) -> 470.36 | AD37: =ROUND((((ET37)-(EU37))+AE37),2) -> 0 | AE37: =ROUND((EU37),2) -> 0 | AF37: =ROUND((EV37),2) -> 0 | AG37: =ROUND((AP37),2) -> 0 | AH37: =(EW37) -> 0 | AI37: =(EX37) -> 0 | AJ37: =ROUND((AS37),2) -> 0 | AK37: 470.36 | AL37: 470.36 | AM37: 0 | AN37: 0 | AO37: 0 | AP37: 0 | AQ37: 0 | AR37: 0 | AS37: 0 | AT37: 95 | AU37: 55 | AV37: 1 | AW37: 1 | AZ37: 4.88 | BA37: 1 | BB37: 1 | BC37: 4.88 | BH37: 3 | BI37: 1 | BJ37: ФССЦ-2001, 04.1.02.01-0004, приказ Минстроя России №1039/пр от 30.12.2016г. | BM37: 6001 | BN37: 0 | BP37: 0 | BQ37: 2 | BR37: 0 | BS37: 1 | BT37: 1 | BU37: 1 | BV37: 1 | BW37: 1 | BX37: 1 | BZ37: 105 | CA37: 65 | CF37: 0 | CG37: 0 | CM37: 0 | CO37: 0 | CP37: =(P37+Q37+S37) -> 2107.14 | CQ37: =AC37*BC37 -> 2295.3568 | CR37: =AD37*BB37 -> 0 | CS37: =AE37*BS37 -> 0 | CT37: =AF37*BA37 -> 0 | CU37: =AG37 -> 0 | CV37: =AH37 -> 0 | CW37: =AI37 -> 0 | CX37: =AJ37 -> 0 | CY37: =(((S37+R37)*AT37)/100) -> 0 | CZ37: =(((S37+R37)*AU37)/100) -> 0 | DN37: 0 | DO37: 0 | DP37: 1 | DQ37: 1 | DU37: 1007 | DV37: м3 | DW37: м3 | DX37: 1 | EE37: 39174490 | EF37: 2 | EG37: Общестроительные работы | EH37: 0 | EJ37: 1 | EK37: 6001 | EL37: Монолитные бетонные и железобетонные конструкции в промышленном строительстве | EM37: ФЕР-06 | EQ37: 0 | ER37: 470.36 | ES37: 470.36 | ET37: 0 | EU37: 0 | EV37: 0 | EW37: 0 | EX37: 0 | FQ37: 0 | FR37: =ROUND(IF(AND(BH37=3,BI37=3),P37,0),2) -> 0 | FS37: 0 | FT37: *0,9 | FU37: *0,85 | FX37: 94.5 | FY37: 55.25 | GD37: 0 | GF37: -964623361 | GG37: 1 | GH37: 1 | GI37: 4 | GJ37: 0 | GK37: =ROUND(R37*(R12)/100,2) -> 0 | GL37: =ROUND(IF(AND(BH37=3,BI37=3,FS37<>0),P37,0),2) -> 0 | GM37: =ROUND(O37+X37+Y37+GK37,2)+GX37 -> 2107.14 | GN37: =IF(OR(BI37=0,BI37=1),ROUND(O37+X37+Y37+GK37,2),0) -> 2107.14 | GO37: =IF(BI37=2,ROUND(O37+X37+Y37+GK37,2),0) -> 0 | GP37: =IF(BI37=4,ROUND(O37+X37+Y37+GK37,2)+GX37,0) -> 0 | GR37: 0 | GS37: 3 | GT37: 0 | GV37: =ROUND(GT37,2) -> 0 | GW37: 1 | GX37: =ROUND(GV37*GW37*I37,2) -> 0 | HA37: 0 | HB37: 0 | IK37: 0
A38: 17 | B38: 1 | C38: =ROW(SmtRes!A95) -> 95 | D38: =ROW(EtalonRes!A90) -> 90 | E38: 11 | F38: м08-03-575-01 | G38: Прибор или аппарат | H38: ШТ | I38: 18 | J38: 0 | O38: =ROUND(CP38,2) -> 1011.04 | P38: =ROUND(CQ38*I38,2) -> 35.14 | Q38: =ROUND(CR38*I38,2) -> 0 | R38: =ROUND(CS38*I38,2) -> 0 | S38: =ROUND(CT38*I38,2) -> 975.9 | T38: =ROUND(CU38*I38,2) -> 0 | U38: =CV38*I38 -> 20.16 | V38: =CW38*I38 -> 0 | W38: =ROUND(CX38*I38,2) -> 0 | X38: =ROUND(CY38,2) -> 927.11 | Y38: =ROUND(CZ38,2) -> 634.34 | AA38: 39610380 | AB38: =ROUND((AC38+AD38+AF38),2) -> 11.51 | AC38: =ROUND((ES38),2) -> 0.4 | AD38: =ROUND((((ET38)-(EU38))+AE38),2) -> 0 | AE38: =ROUND((EU38),2) -> 0 | AF38: =ROUND((EV38),2) -> 11.11 | AG38: =ROUND((AP38),2) -> 0 | AH38: =(EW38) -> 1.12 | AI38: =(EX38) -> 0 | AJ38: =ROUND((AS38),2) -> 0 | AK38: 11.51 | AL38: 0.4 | AM38: 0 | AN38: 0 | AO38: 11.11 | AP38: 0 | AQ38: 1.12 | AR38: 0 | AS38: 0 | AT38: 95 | AU38: 65 | AV38: 1 | AW38: 1 | AZ38: 4.88 | BA38: 4.88 | BB38: 4.88 | BC38: 4.88 | BH38: 0 | BI38: 2 | BJ38: ФЕРм-2001, м08-03-575-01, приказ Минстроя России №1039/пр от 30.12.2016г. | BM38: 108001 | BN38: 0 | BP38: 0 | BQ38: 3 | BR38: 0 | BS38: 4.88 | BT38: 1 | BU38: 1 | BV38: 1 | BW38: 1 | BX38: 1 | BZ38: 95 | CA38: 65 | CF38: 0 | CG38: 0 | CM38: 0 | CO38: 0 | CP38: =(P38+Q38+S38) -> 1011.04 | CQ38: =AC38*BC38 -> 1.952 | CR38: =AD38*BB38 -> 0 | CS38: =AE38*BS38 -> 0 | CT38: =AF38*BA38 -> 54.2168 | CU38: =AG38 -> 0 | CV38: =AH38 -> 1.12 | CW38: =AI38 -> 0 | CX38: =AJ38 -> 0 | CY38: =(((S38+R38)*AT38)/100) -> 927.105 | CZ38: =(((S38+R38)*AU38)/100) -> 634.335 | DN38: 0 | DO38: 0 | DP38: 1 | DQ38: 1 | DU38: 1013 | DV38: ШТ | DW38: ШТ | DX38: 1 | EE38: 39174386 | EF38: 3 | EG38: Монтажные работы | EH38: 0 | EJ38: 2 | EK38: 108001 | EL38: Электромонтажные работы , отдел 01-03 : ( на АЭС НР = 110% ) - (работы по упр. авиа.- движением: СП=55% ( {АВИА}=1; обычные работы : СП=65 - {AВИА}=0), при работе на АЭС СП= 68% ) | EM38: мФЕР-08 | EQ38: 0 | ER38: 11.51 | ES38: 0.4 | ET38: 0 | EU38: 0 | EV38: 11.11 | EW38: 1.12 | EX38: 0 | EY38: 0 | FQ38: 0 | FR38: =ROUND(IF(AND(BH38=3,BI38=3),P38,0),2) -> 0 | FS38: 0 | FX38: 95 | FY38: 65 | GD38: 0 | GF38: 234181014 | GG38: 1 | GH38: 1 | GI38: 4 | GJ38: 0 | GK38: =ROUND(R38*(R12)/100,2) -> 0 | GL38: =ROUND(IF(AND(BH38=3,BI38=3,FS38<>0),P38,0),2) -> 0 | GM38: =ROUND(O38+X38+Y38+GK38,2)+GX38 -> 2572.49 | GN38: =IF(OR(BI38=0,BI38=1),ROUND(O38+X38+Y38+GK38,2),0) -> 0 | GO38: =IF(BI38=2,ROUND(O38+X38+Y38+GK38,2),0) -> 2572.49 | GP38: =IF(BI38=4,ROUND(O38+X38+Y38+GK38,2)+GX38,0) -> 0 | GR38: 0 | GS38: 3 | GT38: 0 | GV38: =ROUND(GT38,2) -> 0 | GW38: 1 | GX38: =ROUND(GV38*GW38*I38,2) -> 0 | HA38: 0 | HB38: 0 | IK38: 0
A39: 18 | B39: 1 | C39: 93 | E39: 11,1 | F39: 62.1.01.09-0102 | G39: Выключатели автоматические А3134 150А | H39: шт. | I39: =I38*J39 -> 3 | J39: 0.16666667 | O39: =ROUND(CP39,2) -> 15371.85 | P39: =ROUND(CQ39*I39,2) -> 15371.85 | Q39: =ROUND(CR39*I39,2) -> 0 | R39: =ROUND(CS39*I39,2) -> 0 | S39: =ROUND(CT39*I39,2) -> 0 | T39: =ROUND(CU39*I39,2) -> 0 | U39: =CV39*I39 -> 0 | V39: =CW39*I39 -> 0 | W39: =ROUND(CX39*I39,2) -> 0 | X39: =ROUND(CY39,2) -> 0 | Y39: =ROUND(CZ39,2) -> 0 | AA39: 39610380 | AB39: =ROUND((AC39+AD39+AF39),2) -> 1049.99 | AC39: =ROUND((ES39),2) -> 1049.99 | AD39: =ROUND((((ET39)-(EU39))+AE39),2) -> 0 | AE39: =ROUND((EU39),2) -> 0 | AF39: =ROUND((EV39),2) -> 0 | AG39: =ROUND((AP39),2) -> 0 | AH39: =(EW39) -> 0 | AI39: =(EX39) -> 0 | AJ39: =ROUND((AS39),2) -> 0 | AK39: 1049.99 | AL39: 1049.99 | AM39: 0 | AN39: 0 | AO39: 0 | AP39: 0 | AQ39: 0 | AR39: 0 | AS39: 0 | AT39: 95 | AU39: 65 | AV39: 1 | AW39: 1 | AZ39: 4.88 | BA39: 1 | BB39: 1 | BC39: 4.88 | BH39: 3 | BI39: 2 | BJ39: ФССЦ-2001, 62.1.01.09-0102, приказ Минстроя России №1039/пр от 30.12.2016г. | BM39: 108001 | BN39: 0 | BP39: 0 | BQ39: 3 | BR39: 0 | BS39: 1 | BT39: 1 | BU39: 1 | BV39: 1 | BW39: 1 | BX39: 1 | BZ39: 95 | CA39: 65 | CF39: 0 | CG39: 0 | CM39: 0 | CO39: 0 | CP39: =(P39+Q39+S39) -> 15371.85 | CQ39: =AC39*BC39 -> 5123.9512 | CR39: =AD39*BB39 -> 0 | CS39: =AE39*BS39 -> 0 | CT39: =AF39*BA39 -> 0 | CU39: =AG39 -> 0 | CV39: =AH39 -> 0 | CW39: =AI39 -> 0 | CX39: =AJ39 -> 0 | CY39: =(((S39+R39)*AT39)/100) -> 0 | CZ39: =(((S39+R39)*AU39)/100) -> 0 | DN39: 0 | DO39: 0 | DP39: 1 | DQ39: 1 | DU39: 1010 | DV39: шт. | DW39: шт. | DX39: 1 | EE39: 39174386 | EF39: 3 | EG39: Монтажные работы | EH39: 0 | EJ39: 2 | EK39: 108001 | EL39: Электромонтажные работы , отдел 01-03 : ( на АЭС НР = 110% ) - (работы по упр. авиа.- движением: СП=55% ( {АВИА}=1; обычные работы : СП=65 - {AВИА}=0), при работе на АЭС СП= 68% ) | EM39: мФЕР-08 | EQ39: 0 | ER39: 1049.99 | ES39: 1049.99 | ET39: 0 | EU39: 0 | EV39: 0 | EW39: 0 | EX39: 0 | FQ39: 0 | FR39: =ROUND(IF(AND(BH39=3,BI39=3),P39,0),2) -> 0 | FS39: 0 | FX39: 95 | FY39: 65 | GD39: 0 | GF39: -1842424436 | GG39: 1 | GH39: 1 | GI39: 4 | GJ39: 0 | GK39: =ROUND(R39*(R12)/100,2) -> 0 | GL39: =ROUND(IF(AND(BH39=3,BI39=3,FS39<>0),P39,0),2) -> 0 | GM39: =ROUND(O39+X39+Y39+GK39,2)+GX39 -> 15371.85 | GN39: =IF(OR(BI39=0,BI39=1),ROUND(O39+X39+Y39+GK39,2),0) -> 0 | GO39: =IF(BI39=2,ROUND(O39+X39+Y39+GK39,2),0) -> 15371.85 | GP39: =IF(BI39=4,ROUND(O39+X39+Y39+GK39,2)+GX39,0) -> 0 | GR39: 0 | GS39: 3 | GT39: 0 | GV39: =ROUND(GT39,2) -> 0 | GW39: 1 | GX39: =ROUND(GV39*GW39*I39,2) -> 0 | HA39: 0 | HB39: 0 | IK39: 0
A40: 18 | B40: 1 | C40: 94 | E40: 11,2 | F40: 62.1.01.09-0104 | G40: Выключатели автоматические А3721У I-250А | H40: шт. | I40: =I38*J40 -> 4 | J40: 0.22222222 | O40: =ROUND(CP40,2) -> 16874.06 | P40: =ROUND(CQ40*I40,2) -> 16874.06 | Q40: =ROUND(CR40*I40,2) -> 0 | R40: =ROUND(CS40*I40,2) -> 0 | S40: =ROUND(CT40*I40,2) -> 0 | T40: =ROUND(CU40*I40,2) -> 0 | U40: =CV40*I40 -> 0 | V40: =CW40*I40 -> 0 | W40: =ROUND(CX40*I40,2) -> 0 | X40: =ROUND(CY40,2) -> 0 | Y40: =ROUND(CZ40,2) -> 0 | AA40: 39610380 | AB40: =ROUND((AC40+AD40+AF40),2) -> 864.45 | AC40: =ROUND((ES40),2) -> 864.45 | AD40: =ROUND((((ET40)-(EU40))+AE40),2) -> 0 | AE40: =ROUND((EU40),2) -> 0 | AF40: =ROUND((EV40),2) -> 0 | AG40: =ROUND((AP40),2) -> 0 | AH40: =(EW40) -> 0 | AI40: =(EX40) -> 0 | AJ40: =ROUND((AS40),2) -> 0 | AK40: 864.45 | AL40: 864.45 | AM40: 0 | AN40: 0 | AO40: 0 | AP40: 0 | AQ40: 0 | AR40: 0 | AS40: 0 | AT40: 95 | AU40: 65 | AV40: 1 | AW40: 1 | AZ40: 4.88 | BA40: 1 | BB40: 1 | BC40: 4.88 | BH40: 3 | BI40: 2 | BJ40: ФССЦ-2001, 62.1.01.09-0104, приказ Минстроя России №1039/пр от 30.12.2016г. | BM40: 108001 | BN40: 0 | BP40: 0 | BQ40: 3 | BR40: 0 | BS40: 1 | BT40: 1 | BU40: 1 | BV40: 1 | BW40: 1 | BX40: 1 | BZ40: 95 | CA40: 65 | CF40: 0 | CG40: 0 | CM40: 0 | CO40: 0 | CP40: =(P40+Q40+S40) -> 16874.06 | CQ40: =AC40*BC40 -> 4218.516 | CR40: =AD40*BB40 -> 0 | CS40: =AE40*BS40 -> 0 | CT40: =AF40*BA40 -> 0 | CU40: =AG40 -> 0 | CV40: =AH40 -> 0 | CW40: =AI40 -> 0 | CX40: =AJ40 -> 0 | CY40: =(((S40+R40)*AT40)/100) -> 0 | CZ40: =(((S40+R40)*AU40)/100) -> 0 | DN40: 0 | DO40: 0 | DP40: 1 | DQ40: 1 | DU40: 1010 | DV40: шт. | DW40: шт. | DX40: 1 | EE40: 39174386 | EF40: 3 | EG40: Монтажные работы | EH40: 0 | EJ40: 2 | EK40: 108001 | EL40: Электромонтажные работы , отдел 01-03 : ( на АЭС НР = 110% ) - (работы по упр. авиа.- движением: СП=55% ( {АВИА}=1; обычные работы : СП=65 - {AВИА}=0), при работе на АЭС СП= 68% ) | EM40: мФЕР-08 | EQ40: 0 | ER40: 864.45 | ES40: 864.45 | ET40: 0 | EU40: 0 | EV40: 0 | EW40: 0 | EX40: 0 | FQ40: 0 | FR40: =ROUND(IF(AND(BH40=3,BI40=3),P40,0),2) -> 0 | FS40: 0 | FX40: 95 | FY40: 65 | GD40: 0 | GF40: 516885426 | GG40: 1 | GH40: 1 | GI40: 4 | GJ40: 0 | GK40: =ROUND(R40*(R12)/100,2) -> 0 | GL40: =ROUND(IF(AND(BH40=3,BI40=3,FS40<>0),P40,0),2) -> 0 | GM40: =ROUND(O40+X40+Y40+GK40,2)+GX40 -> 16874.06 | GN40: =IF(OR(BI40=0,BI40=1),ROUND(O40+X40+Y40+GK40,2),0) -> 0 | GO40: =IF(BI40=2,ROUND(O40+X40+Y40+GK40,2),0) -> 16874.06 | GP40: =IF(BI40=4,ROUND(O40+X40+Y40+GK40,2)+GX40,0) -> 0 | GR40: 0 | GS40: 3 | GT40: 0 | GV40: =ROUND(GT40,2) -> 0 | GW40: 1 | GX40: =ROUND(GV40*GW40*I40,2) -> 0 | HA40: 0 | HB40: 0 | IK40: 0
A41: 18 | B41: 1 | C41: 92 | E41: 11,3 | F41: 62.1.01.09-0101 | G41: Выключатели автоматические А3124 100А | H41: шт. | I41: =I38*J41 -> 7 | J41: 0.38888889 | O41: =ROUND(CP41,2) -> 19129.26 | P41: =ROUND(CQ41*I41,2) -> 19129.26 | Q41: =ROUND(CR41*I41,2) -> 0 | R41: =ROUND(CS41*I41,2) -> 0 | S41: =ROUND(CT41*I41,2) -> 0 | T41: =ROUND(CU41*I41,2) -> 0 | U41: =CV41*I41 -> 0 | V41: =CW41*I41 -> 0 | W41: =ROUND(CX41*I41,2) -> 0 | X41: =ROUND(CY41,2) -> 0 | Y41: =ROUND(CZ41,2) -> 0 | AA41: 39610380 | AB41: =ROUND((AC41+AD41+AF41),2) -> 559.99 | AC41: =ROUND((ES41),2) -> 559.99 | AD41: =ROUND((((ET41)-(EU41))+AE41),2) -> 0 | AE41: =ROUND((EU41),2) -> 0 | AF41: =ROUND((EV41),2) -> 0 | AG41: =ROUND((AP41),2) -> 0 | AH41: =(EW41) -> 0 | AI41: =(EX41) -> 0 | AJ41: =ROUND((AS41),2) -> 0 | AK41: 559.99 | AL41: 559.99 | AM41: 0 | AN41: 0 | AO41: 0 | AP41: 0 | AQ41: 0 | AR41: 0 | AS41: 0 | AT41: 95 | AU41: 65 | AV41: 1 | AW41: 1 | AZ41: 4.88 | BA41: 1 | BB41: 1 | BC41: 4.88 | BH41: 3 | BI41: 2 | BJ41: ФССЦ-2001, 62.1.01.09-0101, приказ Минстроя России №1039/пр от 30.12.2016г. | BM41: 108001 | BN41: 0 | BP41: 0 | BQ41: 3 | BR41: 0 | BS41: 1 | BT41: 1 | BU41: 1 | BV41: 1 | BW41: 1 | BX41: 1 | BZ41: 95 | CA41: 65 | CF41: 0 | CG41: 0 | CM41: 0 | CO41: 0 | CP41: =(P41+Q41+S41) -> 19129.26 | CQ41: =AC41*BC41 -> 2732.7512 | CR41: =AD41*BB41 -> 0 | CS41: =AE41*BS41 -> 0 | CT41: =AF41*BA41 -> 0 | CU41: =AG41 -> 0 | CV41: =AH41 -> 0 | CW41: =AI41 -> 0 | CX41: =AJ41 -> 0 | CY41: =(((S41+R41)*AT41)/100) -> 0 | CZ41: =(((S41+R41)*AU41)/100) -> 0 | DN41: 0 | DO41: 0 | DP41: 1 | DQ41: 1 | DU41: 1010 | DV41: шт. | DW41: шт. | DX41: 1 | EE41: 39174386 | EF41: 3 | EG41: Монтажные работы | EH41: 0 | EJ41: 2 | EK41: 108001 | EL41: Электромонтажные работы , отдел 01-03 : ( на АЭС НР = 110% ) - (работы по упр. авиа.- движением: СП=55% ( {АВИА}=1; обычные работы : СП=65 - {AВИА}=0), при работе на АЭС СП= 68% ) | EM41: мФЕР-08 | EQ41: 0 | ER41: 559.99 | ES41: 559.99 | ET41: 0 | EU41: 0 | EV41: 0 | EW41: 0 | EX41: 0 | FQ41: 0 | FR41: =ROUND(IF(AND(BH41=3,BI41=3),P41,0),2) -> 0 | FS41: 0 | FX41: 95 | FY41: 65 | GD41: 0 | GF41: -1538616603 | GG41: 1 | GH41: 1 | GI41: 4 | GJ41: 0 | GK41: =ROUND(R41*(R12)/100,2) -> 0 | GL41: =ROUND(IF(AND(BH41=3,BI41=3,FS41<>0),P41,0),2) -> 0 | GM41: =ROUND(O41+X41+Y41+GK41,2)+GX41 -> 19129.26 | GN41: =IF(OR(BI41=0,BI41=1),ROUND(O41+X41+Y41+GK41,2),0) -> 0 | GO41: =IF(BI41=2,ROUND(O41+X41+Y41+GK41,2),0) -> 19129.26 | GP41: =IF(BI41=4,ROUND(O41+X41+Y41+GK41,2)+GX41,0) -> 0 | GR41: 0 | GS41: 3 | GT41: 0 | GV41: =ROUND(GT41,2) -> 0 | GW41: 1 | GX41: =ROUND(GV41*GW41*I41,2) -> 0 | HA41: 0 | HB41: 0 | IK41: 0
A42: 18 | B42: 1 | C42: 91 | E42: 11,4 | F42: 62.1.01.09-0100 | G42: Выключатели автоматические А3124 50А | H42: шт. | I42: =I38*J42 -> 4 | J42: 0.22222222 | O42: =ROUND(CP42,2) -> 9564.8 | P42: =ROUND(CQ42*I42,2) -> 9564.8 | Q42: =ROUND(CR42*I42,2) -> 0 | R42: =ROUND(CS42*I42,2) -> 0 | S42: =ROUND(CT42*I42,2) -> 0 | T42: =ROUND(CU42*I42,2) -> 0 | U42: =CV42*I42 -> 0 | V42: =CW42*I42 -> 0 | W42: =ROUND(CX42*I42,2) -> 0 | X42: =ROUND(CY42,2) -> 0 | Y42: =ROUND(CZ42,2) -> 0 | AA42: 39610380 | AB42: =ROUND((AC42+AD42+AF42),2) -> 490 | AC42: =ROUND((ES42),2) -> 490 | AD42: =ROUND((((ET42)-(EU42))+AE42),2) -> 0 | AE42: =ROUND((EU42),2) -> 0 | AF42: =ROUND((EV42),2) -> 0 | AG42: =ROUND((AP42),2) -> 0 | AH42: =(EW42) -> 0 | AI42: =(EX42) -> 0 | AJ42: =ROUND((AS42),2) -> 0 | AK42: 490 | AL42: 490 | AM42: 0 | AN42: 0 | AO42: 0 | AP42: 0 | AQ42: 0 | AR42: 0 | AS42: 0 | AT42: 95 | AU42: 65 | AV42: 1 | AW42: 1 | AZ42: 4.88 | BA42: 1 | BB42: 1 | BC42: 4.88 | BH42: 3 | BI42: 2 | BJ42: ФССЦ-2001, 62.1.01.09-0100, приказ Минстроя России №1039/пр от 30.12.2016г. | BM42: 108001 | BN42: 0 | BP42: 0 | BQ42: 3 | BR42: 0 | BS42: 1 | BT42: 1 | BU42: 1 | BV42: 1 | BW42: 1 | BX42: 1 | BZ42: 95 | CA42: 65 | CF42: 0 | CG42: 0 | CM42: 0 | CO42: 0 | CP42: =(P42+Q42+S42) -> 9564.8 | CQ42: =AC42*BC42 -> 2391.2 | CR42: =AD42*BB42 -> 0 | CS42: =AE42*BS42 -> 0 | CT42: =AF42*BA42 -> 0 | CU42: =AG42 -> 0 | CV42: =AH42 -> 0 | CW42: =AI42 -> 0 | CX42: =AJ42 -> 0 | CY42: =(((S42+R42)*AT42)/100) -> 0 | CZ42: =(((S42+R42)*AU42)/100) -> 0 | DN42: 0 | DO42: 0 | DP42: 1 | DQ42: 1 | DU42: 1010 | DV42: шт. | DW42: шт. | DX42: 1 | EE42: 39174386 | EF42: 3 | EG42: Монтажные работы | EH42: 0 | EJ42: 2 | EK42: 108001 | EL42: Электромонтажные работы , отдел 01-03 : ( на АЭС НР = 110% ) - (работы по упр. авиа.- движением: СП=55% ( {АВИА}=1; обычные работы : СП=65 - {AВИА}=0), при работе на АЭС СП= 68% ) | EM42: мФЕР-08 | EQ42: 0 | ER42: 490 | ES42: 490 | ET42: 0 | EU42: 0 | EV42: 0 | EW42: 0 | EX42: 0 | FQ42: 0 | FR42: =ROUND(IF(AND(BH42=3,BI42=3),P42,0),2) -> 0 | FS42: 0 | FX42: 95 | FY42: 65 | GD42: 0 | GF42: 375729356 | GG42: 1 | GH42: 1 | GI42: 4 | GJ42: 0 | GK42: =ROUND(R42*(R12)/100,2) -> 0 | GL42: =ROUND(IF(AND(BH42=3,BI42=3,FS42<>0),P42,0),2) -> 0 | GM42: =ROUND(O42+X42+Y42+GK42,2)+GX42 -> 9564.8 | GN42: =IF(OR(BI42=0,BI42=1),ROUND(O42+X42+Y42+GK42,2),0) -> 0 | GO42: =IF(BI42=2,ROUND(O42+X42+Y42+GK42,2),0) -> 9564.8 | GP42: =IF(BI42=4,ROUND(O42+X42+Y42+GK42,2)+GX42,0) -> 0 | GR42: 0 | GS42: 3 | GT42: 0 | GV42: =ROUND(GT42,2) -> 0 | GW42: 1 | GX42: =ROUND(GV42*GW42*I42,2) -> 0 | HA42: 0 | HB42: 0 | IK42: 0
A43: 17 | B43: 1 | C43: =ROW(SmtRes!A111) -> 111 | D43: =ROW(EtalonRes!A104) -> 104 | E43: 12 | F43: м08-03-526-01 | G43: Автомат одно-, двух-, трехполюсный, устанавливаемый на конструкции на стене или колонне, на ток до 25 А | H43: ШТ | I43: 8 | J43: 0 | O43: =ROUND(CP43,2) -> 1404.65 | P43: =ROUND(CQ43*I43,2) -> 784.31 | Q43: =ROUND(CR43*I43,2) -> 40.99 | R43: =ROUND(CS43*I43,2) -> 0 | S43: =ROUND(CT43*I43,2) -> 579.35 | T43: =ROUND(CU43*I43,2) -> 0 | U43: =CV43*I43 -> 12.48 | V43: =CW43*I43 -> 0 | W43: =ROUND(CX43*I43,2) -> 0 | X43: =ROUND(CY43,2) -> 550.38 | Y43: =ROUND(CZ43,2) -> 376.58 | AA43: 39610380 | AB43: =ROUND((AC43+AD43+AF43),2) -> 35.98 | AC43: =ROUND((ES43),2) -> 20.09 | AD43: =ROUND((((ET43)-(EU43))+AE43),2) -> 1.05 | AE43: =ROUND((EU43),2) -> 0 | AF43: =ROUND((EV43),2) -> 14.84 | AG43: =ROUND((AP43),2) -> 0 | AH43: =(EW43) -> 1.56 | AI43: =(EX43) -> 0 | AJ43: =ROUND((AS43),2) -> 0 | AK43: 35.98 | AL43: 20.09 | AM43: 1.05 | AN43: 0 | AO43: 14.84 | AP43: 0 | AQ43: 1.56 | AR43: 0 | AS43: 0 | AT43: 95 | AU43: 65 | AV43: 1 | AW43: 1 | AZ43: 4.88 | BA43: 4.88 | BB43: 4.88 | BC43: 4.88 | BH43: 0 | BI43: 2 | BJ43: ФЕРм-2001, м08-03-526-01, приказ Минстроя России №1039/пр от 30.12.2016г. | BM43: 108001 | BN43: 0 | BP43: 0 | BQ43: 3 | BR43: 0 | BS43: 4.88 | BT43: 1 | BU43: 1 | BV43: 1 | BW43: 1 | BX43: 1 | BZ43: 95 | CA43: 65 | CF43: 0 | CG43: 0 | CM43: 0 | CO43: 0 | CP43: =(P43+Q43+S43) -> 1404.65 | CQ43: =AC43*BC43 -> 98.0392 | CR43: =AD43*BB43 -> 5.124 | CS43: =AE43*BS43 -> 0 | CT43: =AF43*BA43 -> 72.4192 | CU43: =AG43 -> 0 | CV43: =AH43 -> 1.56 | CW43: =AI43 -> 0 | CX43: =AJ43 -> 0 | CY43: =(((S43+R43)*AT43)/100) -> 550.3825 | CZ43: =(((S43+R43)*AU43)/100) -> 376.5775 | DN43: 0 | DO43: 0 | DP43: 1 | DQ43: 1 | DU43: 1013 | DV43: ШТ | DW43: ШТ | DX43: 1 | EE43: 39174386 | EF43: 3 | EG43: Монтажные работы | EH43: 0 | EJ43: 2 | EK43: 108001 | EL43: Электромонтажные работы , отдел 01-03 : ( на АЭС НР = 110% ) - (работы по упр. авиа.- движением: СП=55% ( {АВИА}=1; обычные работы : СП=65 - {AВИА}=0), при работе на АЭС СП= 68% ) | EM43: мФЕР-08 | EQ43: 0 | ER43: 35.98 | ES43: 20.09 | ET43: 1.05 | EU43: 0 | EV43: 14.84 | EW43: 1.56 | EX43: 0 | EY43: 0 | FQ43: 0 | FR43: =ROUND(IF(AND(BH43=3,BI43=3),P43,0),2) -> 0 | FS43: 0 | FX43: 95 | FY43: 65 | GD43: 0 | GF43: 942868882 | GG43: 1 | GH43: 1 | GI43: 4 | GJ43: 0 | GK43: =ROUND(R43*(R12)/100,2) -> 0 | GL43: =ROUND(IF(AND(BH43=3,BI43=3,FS43<>0),P43,0),2) -> 0 | GM43: =ROUND(O43+X43+Y43+GK43,2)+GX43 -> 2331.61 | GN43: =IF(OR(BI43=0,BI43=1),ROUND(O43+X43+Y43+GK43,2),0) -> 0 | GO43: =IF(BI43=2,ROUND(O43+X43+Y43+GK43,2),0) -> 2331.61 | GP43: =IF(BI43=4,ROUND(O43+X43+Y43+GK43,2)+GX43,0) -> 0 | GR43: 0 | GS43: 3 | GT43: 0 | GV43: =ROUND(GT43,2) -> 0 | GW43: 1 | GX43: =ROUND(GV43*GW43*I43,2) -> 0 | HA43: 0 | HB43: 0 | IK43: 0
A44: 18 | B44: 1 | C44: 110 | E44: 12,1 | F44: 62.1.01.09-0091 | G44: Выключатели автоматические «Legrand» серии LR 3Р 25А | H44: шт. | I44: =I43*J44 -> 4 | J44: 0.5 | O44: =ROUND(CP44,2) -> 3104.85 | P44: =ROUND(CQ44*I44,2) -> 3104.85 | Q44: =ROUND(CR44*I44,2) -> 0 | R44: =ROUND(CS44*I44,2) -> 0 | S44: =ROUND(CT44*I44,2) -> 0 | T44: =ROUND(CU44*I44,2) -> 0 | U44: =CV44*I44 -> 0 | V44: =CW44*I44 -> 0 | W44: =ROUND(CX44*I44,2) -> 0 | X44: =ROUND(CY44,2) -> 0 | Y44: =ROUND(CZ44,2) -> 0 | AA44: 39610380 | AB44: =ROUND((AC44+AD44+AF44),2) -> 159.06 | AC44: =ROUND((ES44),2) -> 159.06 | AD44: =ROUND((((ET44)-(EU44))+AE44),2) -> 0 | AE44: =ROUND((EU44),2) -> 0 | AF44: =ROUND((EV44),2) -> 0 | AG44: =ROUND((AP44),2) -> 0 | AH44: =(EW44) -> 0 | AI44: =(EX44) -> 0 | AJ44: =ROUND((AS44),2) -> 0 | AK44: 159.06 | AL44: 159.06 | AM44: 0 | AN44: 0 | AO44: 0 | AP44: 0 | AQ44: 0 | AR44: 0 | AS44: 0 | AT44: 95 | AU44: 65 | AV44: 1 | AW44: 1 | AZ44: 4.88 | BA44: 1 | BB44: 1 | BC44: 4.88 | BH44: 3 | BI44: 2 | BJ44: ФССЦ-2001, 62.1.01.09-0091, приказ Минстроя России №1039/пр от 30.12.2016г. | BM44: 108001 | BN44: 0 | BP44: 0 | BQ44: 3 | BR44: 0 | BS44: 1 | BT44: 1 | BU44: 1 | BV44: 1 | BW44: 1 | BX44: 1 | BZ44: 95 | CA44: 65 | CF44: 0 | CG44: 0 | CM44: 0 | CO44: 0 | CP44: =(P44+Q44+S44) -> 3104.85 | CQ44: =AC44*BC44 -> 776.2128 | CR44: =AD44*BB44 -> 0 | CS44: =AE44*BS44 -> 0 | CT44: =AF44*BA44 -> 0 | CU44: =AG44 -> 0 | CV44: =AH44 -> 0 | CW44: =AI44 -> 0 | CX44: =AJ44 -> 0 | CY44: =(((S44+R44)*AT44)/100) -> 0 | CZ44: =(((S44+R44)*AU44)/100) -> 0 | DN44: 0 | DO44: 0 | DP44: 1 | DQ44: 1 | DU44: 1010 | DV44: шт. | DW44: шт. | DX44: 1 | EE44: 39174386 | EF44: 3 | EG44: Монтажные работы | EH44: 0 | EJ44: 2 | EK44: 108001 | EL44: Электромонтажные работы , отдел 01-03 : ( на АЭС НР = 110% ) - (работы по упр. авиа.- движением: СП=55% ( {АВИА}=1; обычные работы : СП=65 - {AВИА}=0), при работе на АЭС СП= 68% ) | EM44: мФЕР-08 | EQ44: 0 | ER44: 159.06 | ES44: 159.06 | ET44: 0 | EU44: 0 | EV44: 0 | EW44: 0 | EX44: 0 | FQ44: 0 | FR44: =ROUND(IF(AND(BH44=3,BI44=3),P44,0),2) -> 0 | FS44: 0 | FX44: 95 | FY44: 65 | GD44: 0 | GF44: 1482355325 | GG44: 1 | GH44: 1 | GI44: 4 | GJ44: 0 | GK44: =ROUND(R44*(R12)/100,2) -> 0 | GL44: =ROUND(IF(AND(BH44=3,BI44=3,FS44<>0),P44,0),2) -> 0 | GM44: =ROUND(O44+X44+Y44+GK44,2)+GX44 -> 3104.85 | GN44: =IF(OR(BI44=0,BI44=1),ROUND(O44+X44+Y44+GK44,2),0) -> 0 | GO44: =IF(BI44=2,ROUND(O44+X44+Y44+GK44,2),0) -> 3104.85 | GP44: =IF(BI44=4,ROUND(O44+X44+Y44+GK44,2)+GX44,0) -> 0 | GR44: 0 | GS44: 3 | GT44: 0 | GV44: =ROUND(GT44,2) -> 0 | GW44: 1 | GX44: =ROUND(GV44*GW44*I44,2) -> 0 | HA44: 0 | HB44: 0 | IK44: 0
A45: 18 | B45: 1 | C45: 109 | E45: 12,2 | F45: 62.1.01.09-0090 | G45: Выключатели автоматические «Legrand» серии LR 3Р 16А | H45: шт. | I45: =I43*J45 -> 4 | J45: 0.5 | O45: =ROUND(CP45,2) -> 3104.85 | P45: =ROUND(CQ45*I45,2) -> 3104.85 | Q45: =ROUND(CR45*I45,2) -> 0 | R45: =ROUND(CS45*I45,2) -> 0 | S45: =ROUND(CT45*I45,2) -> 0 | T45: =ROUND(CU45*I45,2) -> 0 | U45: =CV45*I45 -> 0 | V45: =CW45*I45 -> 0 | W45: =ROUND(CX45*I45,2) -> 0 | X45: =ROUND(CY45,2) -> 0 | Y45: =ROUND(CZ45,2) -> 0 | AA45: 39610380 | AB45: =ROUND((AC45+AD45+AF45),2) -> 159.06 | AC45: =ROUND((ES45),2) -> 159.06 | AD45: =ROUND((((ET45)-(EU45))+AE45),2) -> 0 | AE45: =ROUND((EU45),2) -> 0 | AF45: =ROUND((EV45),2) -> 0 | AG45: =ROUND((AP45),2) -> 0 | AH45: =(EW45) -> 0 | AI45: =(EX45) -> 0 | AJ45: =ROUND((AS45),2) -> 0 | AK45: 159.06 | AL45: 159.06 | AM45: 0 | AN45: 0 | AO45: 0 | AP45: 0 | AQ45: 0 | AR45: 0 | AS45: 0 | AT45: 95 | AU45: 65 | AV45: 1 | AW45: 1 | AZ45: 4.88 | BA45: 1 | BB45: 1 | BC45: 4.88 | BH45: 3 | BI45: 2 | BJ45: ФССЦ-2001, 62.1.01.09-0090, приказ Минстроя России №1039/пр от 30.12.2016г. | BM45: 108001 | BN45: 0 | BP45: 0 | BQ45: 3 | BR45: 0 | BS45: 1 | BT45: 1 | BU45: 1 | BV45: 1 | BW45: 1 | BX45: 1 | BZ45: 95 | CA45: 65 | CF45: 0 | CG45: 0 | CM45: 0 | CO45: 0 | CP45: =(P45+Q45+S45) -> 3104.85 | CQ45: =AC45*BC45 -> 776.2128 | CR45: =AD45*BB45 -> 0 | CS45: =AE45*BS45 -> 0 | CT45: =AF45*BA45 -> 0 | CU45: =AG45 -> 0 | CV45: =AH45 -> 0 | CW45: =AI45 -> 0 | CX45: =AJ45 -> 0 | CY45: =(((S45+R45)*AT45)/100) -> 0 | CZ45: =(((S45+R45)*AU45)/100) -> 0 | DN45: 0 | DO45: 0 | DP45: 1 | DQ45: 1 | DU45: 1010 | DV45: шт. | DW45: шт. | DX45: 1 | EE45: 39174386 | EF45: 3 | EG45: Монтажные работы | EH45: 0 | EJ45: 2 | EK45: 108001 | EL45: Электромонтажные работы , отдел 01-03 : ( на АЭС НР = 110% ) - (работы по упр. авиа.- движением: СП=55% ( {АВИА}=1; обычные работы : СП=65 - {AВИА}=0), при работе на АЭС СП= 68% ) | EM45: мФЕР-08 | EQ45: 0 | ER45: 159.06 | ES45: 159.06 | ET45: 0 | EU45: 0 | EV45: 0 | EW45: 0 | EX45: 0 | FQ45: 0 | FR45: =ROUND(IF(AND(BH45=3,BI45=3),P45,0),2) -> 0 | FS45: 0 | FX45: 95 | FY45: 65 | GD45: 0 | GF45: 1787171070 | GG45: 1 | GH45: 1 | GI45: 4 | GJ45: 0 | GK45: =ROUND(R45*(R12)/100,2) -> 0 | GL45: =ROUND(IF(AND(BH45=3,BI45=3,FS45<>0),P45,0),2) -> 0 | GM45: =ROUND(O45+X45+Y45+GK45,2)+GX45 -> 3104.85 | GN45: =IF(OR(BI45=0,BI45=1),ROUND(O45+X45+Y45+GK45,2),0) -> 0 | GO45: =IF(BI45=2,ROUND(O45+X45+Y45+GK45,2),0) -> 3104.85 | GP45: =IF(BI45=4,ROUND(O45+X45+Y45+GK45,2)+GX45,0) -> 0 | GR45: 0 | GS45: 3 | GT45: 0 | GV45: =ROUND(GT45,2) -> 0 | GW45: 1 | GX45: =ROUND(GV45*GW45*I45,2) -> 0 | HA45: 0 | HB45: 0 | IK45: 0
A46: 17 | B46: 1 | C46: =ROW(SmtRes!A118) -> 118 | D46: =ROW(EtalonRes!A110) -> 110 | E46: 13 | F46: м08-03-544-01 | G46: Колонка распределительная с автоматическими выключателями или с рубильником и предохранителями на ток до 63 А, устанавливаемая на модульной коробке и присоединяемая к магистрали из проводов с жилами сечением до 35 мм2 | H46: ШТ | I46: 20 | J46: 0 | O46: =ROUND(CP46,2) -> 2518.08 | P46: =ROUND(CQ46*I46,2) -> 52.7 | Q46: =ROUND(CR46*I46,2) -> 346.48 | R46: =ROUND(CS46*I46,2) -> 48.8 | S46: =ROUND(CT46*I46,2) -> 2118.9 | T46: =ROUND(CU46*I46,2) -> 0 | U46: =CV46*I46 -> 46.2 | V46: =CW46*I46 -> 0.8 | W46: =ROUND(CX46*I46,2) -> 0 | X46: =ROUND(CY46,2) -> 2059.32 | Y46: =ROUND(CZ46,2) -> 1409.01 | AA46: 39610380 | AB46: =ROUND((AC46+AD46+AF46),2) -> 25.8 | AC46: =ROUND((ES46),2) -> 0.54 | AD46: =ROUND((((ET46)-(EU46))+AE46),2) -> 3.55 | AE46: =ROUND((EU46),2) -> 0.5 | AF46: =ROUND((EV46),2) -> 21.71 | AG46: =ROUND((AP46),2) -> 0 | AH46: =(EW46) -> 2.31 | AI46: =(EX46) -> 0.04 | AJ46: =ROUND((AS46),2) -> 0 | AK46: 25.8 | AL46: 0.54 | AM46: 3.55 | AN46: 0.5 | AO46: 21.71 | AP46: 0 | AQ46: 2.31 | AR46: 0.04 | AS46: 0 | AT46: 95 | AU46: 65 | AV46: 1 | AW46: 1 | AZ46: 4.88 | BA46: 4.88 | BB46: 4.88 | BC46: 4.88 | BH46: 0 | BI46: 2 | BJ46: ФЕРм-2001, м08-03-544-01, приказ Минстроя России №1039/пр от 30.12.2016г. | BM46: 108001 | BN46: 0 | BP46: 0 | BQ46: 3 | BR46: 0 | BS46: 4.88 | BT46: 1 | BU46: 1 | BV46: 1 | BW46: 1 | BX46: 1 | BZ46: 95 | CA46: 65 | CF46: 0 | CG46: 0 | CM46: 0 | CO46: 0 | CP46: =(P46+Q46+S46) -> 2518.08 | CQ46: =AC46*BC46 -> 2.6352 | CR46: =AD46*BB46 -> 17.324 | CS46: =AE46*BS46 -> 2.44 | CT46: =AF46*BA46 -> 105.9448 | CU46: =AG46 -> 0 | CV46: =AH46 -> 2.31 | CW46: =AI46 -> 0.04 | CX46: =AJ46 -> 0 | CY46: =(((S46+R46)*AT46)/100) -> 2059.315 | CZ46: =(((S46+R46)*AU46)/100) -> 1409.005 | DN46: 0 | DO46: 0 | DP46: 1 | DQ46: 1 | DU46: 1013 | DV46: ШТ | DW46: ШТ | DX46: 1 | EE46: 39174386 | EF46: 3 | EG46: Монтажные работы | EH46: 0 | EJ46: 2 | EK46: 108001 | EL46: Электромонтажные работы , отдел 01-03 : ( на АЭС НР = 110% ) - (работы по упр. авиа.- движением: СП=55% ( {АВИА}=1; обычные работы : СП=65 - {AВИА}=0), при работе на АЭС СП= 68% ) | EM46: мФЕР-08 | EQ46: 0 | ER46: 25.8 | ES46: 0.54 | ET46: 3.55 | EU46: 0.5 | EV46: 21.71 | EW46: 2.31 | EX46: 0.04 | EY46: 0 | FQ46: 0 | FR46: =ROUND(IF(AND(BH46=3,BI46=3),P46,0),2) -> 0 | FS46: 0 | FX46: 95 | FY46: 65 | GD46: 0 | GF46: -1997185458 | GG46: 1 | GH46: 1 | GI46: 4 | GJ46: 0 | GK46: =ROUND(R46*(R12)/100,2) -> 0 | GL46: =ROUND(IF(AND(BH46=3,BI46=3,FS46<>0),P46,0),2) -> 0 | GM46: =ROUND(O46+X46+Y46+GK46,2)+GX46 -> 5986.41 | GN46: =IF(OR(BI46=0,BI46=1),ROUND(O46+X46+Y46+GK46,2),0) -> 0 | GO46: =IF(BI46=2,ROUND(O46+X46+Y46+GK46,2),0) -> 5986.41 | GP46: =IF(BI46=4,ROUND(O46+X46+Y46+GK46,2)+GX46,0) -> 0 | GR46: 0 | GS46: 3 | GT46: 0 | GV46: =ROUND(GT46,2) -> 0 | GW46: 1 | GX46: =ROUND(GV46*GW46*I46,2) -> 0 | HA46: 0 | HB46: 0 | IK46: 0
A47: 18 | B47: 1 | C47: 117 | E47: 13,1 | F47: 62.1.01.09-0088 | G47: Выключатели автоматические «Legrand» серии LR 3Р 6А с колодкой распределиния | H47: шт. | I47: =I46*J47 -> 20 | J47: 1 | O47: =ROUND(CP47,2) -> 18210.21 | P47: =ROUND(CQ47*I47,2) -> 18210.21 | Q47: =ROUND(CR47*I47,2) -> 0 | R47: =ROUND(CS47*I47,2) -> 0 | S47: =ROUND(CT47*I47,2) -> 0 | T47: =ROUND(CU47*I47,2) -> 0 | U47: =CV47*I47 -> 0 | V47: =CW47*I47 -> 0 | W47: =ROUND(CX47*I47,2) -> 0 | X47: =ROUND(CY47,2) -> 0 | Y47: =ROUND(CZ47,2) -> 0 | AA47: 39610380 | AB47: =ROUND((AC47+AD47+AF47),2) -> 186.58 | AC47: =ROUND((ES47),2) -> 186.58 | AD47: =ROUND((((ET47)-(EU47))+AE47),2) -> 0 | AE47: =ROUND((EU47),2) -> 0 | AF47: =ROUND((EV47),2) -> 0 | AG47: =ROUND((AP47),2) -> 0 | AH47: =(EW47) -> 0 | AI47: =(EX47) -> 0 | AJ47: =ROUND((AS47),2) -> 0 | AK47: 186.58 | AL47: 186.58 | AM47: 0 | AN47: 0 | AO47: 0 | AP47: 0 | AQ47: 0 | AR47: 0 | AS47: 0 | AT47: 95 | AU47: 65 | AV47: 1 | AW47: 1 | AZ47: 4.88 | BA47: 1 | BB47: 1 | BC47: 4.88 | BH47: 3 | BI47: 2 | BJ47: ФССЦ-2001, 62.1.01.09-0088, приказ Минстроя России №1039/пр от 30.12.2016г. | BM47: 108001 | BN47: 0 | BP47: 0 | BQ47: 3 | BR47: 0 | BS47: 1 | BT47: 1 | BU47: 1 | BV47: 1 | BW47: 1 | BX47: 1 | BZ47: 95 | CA47: 65 | CF47: 0 | CG47: 0 | CM47: 0 | CO47: 0 | CP47: =(P47+Q47+S47) -> 18210.21 | CQ47: =AC47*BC47 -> 910.5104 | CR47: =AD47*BB47 -> 0 | CS47: =AE47*BS47 -> 0 | CT47: =AF47*BA47 -> 0 | CU47: =AG47 -> 0 | CV47: =AH47 -> 0 | CW47: =AI47 -> 0 | CX47: =AJ47 -> 0 | CY47: =(((S47+R47)*AT47)/100) -> 0 | CZ47: =(((S47+R47)*AU47)/100) -> 0 | DN47: 0 | DO47: 0 | DP47: 1 | DQ47: 1 | DU47: 1010 | DV47: шт. | DW47: шт. | DX47: 1 | EE47: 39174386 | EF47: 3 | EG47: Монтажные работы | EH47: 0 | EJ47: 2 | EK47: 108001 | EL47: Электромонтажные работы , отдел 01-03 : ( на АЭС НР = 110% ) - (работы по упр. авиа.- движением: СП=55% ( {АВИА}=1; обычные работы : СП=65 - {AВИА}=0), при работе на АЭС СП= 68% ) | EM47: мФЕР-08 | EQ47: 0 | ER47: 186.58 | ES47: 186.58 | ET47: 0 | EU47: 0 | EV47: 0 | EW47: 0 | EX47: 0 | FQ47: 0 | FR47: =ROUND(IF(AND(BH47=3,BI47=3),P47,0),2) -> 0 | FS47: 0 | FX47: 95 | FY47: 65 | GD47: 0 | GF47: 45999523 | GG47: 1 | GH47: 1 | GI47: 4 | GJ47: 0 | GK47: =ROUND(R47*(R12)/100,2) -> 0 | GL47: =ROUND(IF(AND(BH47=3,BI47=3,FS47<>0),P47,0),2) -> 0 | GM47: =ROUND(O47+X47+Y47+GK47,2)+GX47 -> 18210.21 | GN47: =IF(OR(BI47=0,BI47=1),ROUND(O47+X47+Y47+GK47,2),0) -> 0 | GO47: =IF(BI47=2,ROUND(O47+X47+Y47+GK47,2),0) -> 18210.21 | GP47: =IF(BI47=4,ROUND(O47+X47+Y47+GK47,2)+GX47,0) -> 0 | GR47: 0 | GS47: 3 | GT47: 0 | GV47: =ROUND(GT47,2) -> 0 | GW47: 1 | GX47: =ROUND(GV47*GW47*I47,2) -> 0 | HA47: 0 | HB47: 0 | IK47: 0
A48: 17 | B48: 1 | C48: =ROW(SmtRes!A129) -> 129 | D48: =ROW(EtalonRes!A119) -> 119 | E48: 14 | F48: м08-03-591-08 | G48: Розетка штепсельная неутопленного типа при открытой проводке | H48: 100 ШТ | I48: =ROUND(4/100,9) -> 0.04 | J48: 0 | O48: =ROUND(CP48,2) -> 88.6 | P48: =ROUND(CQ48*I48,2) -> 20.77 | Q48: =ROUND(CR48*I48,2) -> 0.91 | R48: =ROUND(CS48*I48,2) -> 0.12 | S48: =ROUND(CT48*I48,2) -> 66.92 | T48: =ROUND(CU48*I48,2) -> 0 | U48: =CV48*I48 -> 1.3824 | V48: =CW48*I48 -> 0.002 | W48: =ROUND(CX48*I48,2) -> 0 | X48: =ROUND(CY48,2) -> 63.69 | Y48: =ROUND(CZ48,2) -> 43.58 | AA48: 39610380 | AB48: =ROUND((AC48+AD48+AF48),2) -> 453.93 | AC48: =ROUND((ES48),2) -> 106.42 | AD48: =ROUND((((ET48)-(EU48))+AE48),2) -> 4.67 | AE48: =ROUND((EU48),2) -> 0.64 | AF48: =ROUND((EV48),2) -> 342.84 | AG48: =ROUND((AP48),2) -> 0 | AH48: =(EW48) -> 34.56 | AI48: =(EX48) -> 0.05 | AJ48: =ROUND((AS48),2) -> 0 | AK48: 453.93 | AL48: 106.42 | AM48: 4.67 | AN48: 0.64 | AO48: 342.84 | AP48: 0 | AQ48: 34.56 | AR48: 0.05 | AS48: 0 | AT48: 95 | AU48: 65 | AV48: 1 | AW48: 1 | AZ48: 4.88 | BA48: 4.88 | BB48: 4.88 | BC48: 4.88 | BH48: 0 | BI48: 2 | BJ48: ФЕРм-2001, м08-03-591-08, приказ Минстроя России №1039/пр от 30.12.2016г. | BM48: 108001 | BN48: 0 | BP48: 0 | BQ48: 3 | BR48: 0 | BS48: 4.88 | BT48: 1 | BU48: 1 | BV48: 1 | BW48: 1 | BX48: 1 | BZ48: 95 | CA48: 65 | CF48: 0 | CG48: 0 | CM48: 0 | CO48: 0 | CP48: =(P48+Q48+S48) -> 88.6 | CQ48: =AC48*BC48 -> 519.3296 | CR48: =AD48*BB48 -> 22.7896 | CS48: =AE48*BS48 -> 3.1232 | CT48: =AF48*BA48 -> 1673.0592 | CU48: =AG48 -> 0 | CV48: =AH48 -> 34.56 | CW48: =AI48 -> 0.05 | CX48: =AJ48 -> 0 | CY48: =(((S48+R48)*AT48)/100) -> 63.688 | CZ48: =(((S48+R48)*AU48)/100) -> 43.576 | DN48: 0 | DO48: 0 | DP48: 1 | DQ48: 1 | DU48: 1013 | DV48: 100 ШТ | DW48: 100 ШТ | DX48: 1 | EE48: 39174386 | EF48: 3 | EG48: Монтажные работы | EH48: 0 | EJ48: 2 | EK48: 108001 | EL48: Электромонтажные работы , отдел 01-03 : ( на АЭС НР = 110% ) - (работы по упр. авиа.- движением: СП=55% ( {АВИА}=1; обычные работы : СП=65 - {AВИА}=0), при работе на АЭС СП= 68% ) | EM48: мФЕР-08 | EQ48: 0 | ER48: 453.93 | ES48: 106.42 | ET48: 4.67 | EU48: 0.64 | EV48: 342.84 | EW48: 34.56 | EX48: 0.05 | EY48: 0 | FQ48: 0 | FR48: =ROUND(IF(AND(BH48=3,BI48=3),P48,0),2) -> 0 | FS48: 0 | FX48: 95 | FY48: 65 | GD48: 0 | GF48: 1188648583 | GG48: 1 | GH48: 1 | GI48: 4 | GJ48: 0 | GK48: =ROUND(R48*(R12)/100,2) -> 0 | GL48: =ROUND(IF(AND(BH48=3,BI48=3,FS48<>0),P48,0),2) -> 0 | GM48: =ROUND(O48+X48+Y48+GK48,2)+GX48 -> 195.87 | GN48: =IF(OR(BI48=0,BI48=1),ROUND(O48+X48+Y48+GK48,2),0) -> 0 | GO48: =IF(BI48=2,ROUND(O48+X48+Y48+GK48,2),0) -> 195.87 | GP48: =IF(BI48=4,ROUND(O48+X48+Y48+GK48,2)+GX48,0) -> 0 | GR48: 0 | GS48: 3 | GT48: 0 | GV48: =ROUND(GT48,2) -> 0 | GW48: 1 | GX48: =ROUND(GV48*GW48*I48,2) -> 0 | HA48: 0 | HB48: 0 | IK48: 0
A49: 18 | B49: 1 | C49: 128 | E49: 14,1 | F49: 20.4.03.05-0008 | G49: Розетка штепсельная для открытой проводки одногнездовая | H49: 100 шт. | I49: =I48*J49 -> 2 | J49: 50 | O49: =ROUND(CP49,2) -> 19598.08 | P49: =ROUND(CQ49*I49,2) -> 19598.08 | Q49: =ROUND(CR49*I49,2) -> 0 | R49: =ROUND(CS49*I49,2) -> 0 | S49: =ROUND(CT49*I49,2) -> 0 | T49: =ROUND(CU49*I49,2) -> 0 | U49: =CV49*I49 -> 0 | V49: =CW49*I49 -> 0 | W49: =ROUND(CX49*I49,2) -> 0 | X49: =ROUND(CY49,2) -> 0 | Y49: =ROUND(CZ49,2) -> 0 | AA49: 39610380 | AB49: =ROUND((AC49+AD49+AF49),2) -> 2008 | AC49: =ROUND((ES49),2) -> 2008 | AD49: =ROUND((((ET49)-(EU49))+AE49),2) -> 0 | AE49: =ROUND((EU49),2) -> 0 | AF49: =ROUND((EV49),2) -> 0 | AG49: =ROUND((AP49),2) -> 0 | AH49: =(EW49) -> 0 | AI49: =(EX49) -> 0 | AJ49: =ROUND((AS49),2) -> 0 | AK49: 2008 | AL49: 2008 | AM49: 0 | AN49: 0 | AO49: 0 | AP49: 0 | AQ49: 0 | AR49: 0 | AS49: 0 | AT49: 95 | AU49: 65 | AV49: 1 | AW49: 1 | AZ49: 4.88 | BA49: 1 | BB49: 1 | BC49: 4.88 | BH49: 3 | BI49: 2 | BJ49: ФССЦ-2001, 20.4.03.05-0008, приказ Минстроя России №1039/пр от 30.12.2016г. | BM49: 108001 | BN49: 0 | BP49: 0 | BQ49: 3 | BR49: 0 | BS49: 1 | BT49: 1 | BU49: 1 | BV49: 1 | BW49: 1 | BX49: 1 | BZ49: 95 | CA49: 65 | CF49: 0 | CG49: 0 | CM49: 0 | CO49: 0 | CP49: =(P49+Q49+S49) -> 19598.08 | CQ49: =AC49*BC49 -> 9799.04 | CR49: =AD49*BB49 -> 0 | CS49: =AE49*BS49 -> 0 | CT49: =AF49*BA49 -> 0 | CU49: =AG49 -> 0 | CV49: =AH49 -> 0 | CW49: =AI49 -> 0 | CX49: =AJ49 -> 0 | CY49: =(((S49+R49)*AT49)/100) -> 0 | CZ49: =(((S49+R49)*AU49)/100) -> 0 | DN49: 0 | DO49: 0 | DP49: 1 | DQ49: 1 | DU49: 1010 | DV49: 100 шт. | DW49: 100 шт. | DX49: 100 | EE49: 39174386 | EF49: 3 | EG49: Монтажные работы | EH49: 0 | EJ49: 2 | EK49: 108001 | EL49: Электромонтажные работы , отдел 01-03 : ( на АЭС НР = 110% ) - (работы по упр. авиа.- движением: СП=55% ( {АВИА}=1; обычные работы : СП=65 - {AВИА}=0), при работе на АЭС СП= 68% ) | EM49: мФЕР-08 | EQ49: 0 | ER49: 2008 | ES49: 2008 | ET49: 0 | EU49: 0 | EV49: 0 | EW49: 0 | EX49: 0 | FQ49: 0 | FR49: =ROUND(IF(AND(BH49=3,BI49=3),P49,0),2) -> 0 | FS49: 0 | FX49: 95 | FY49: 65 | GD49: 0 | GF49: -2133774843 | GG49: 1 | GH49: 1 | GI49: 4 | GJ49: 0 | GK49: =ROUND(R49*(R12)/100,2) -> 0 | GL49: =ROUND(IF(AND(BH49=3,BI49=3,FS49<>0),P49,0),2) -> 0 | GM49: =ROUND(O49+X49+Y49+GK49,2)+GX49 -> 19598.08 | GN49: =IF(OR(BI49=0,BI49=1),ROUND(O49+X49+Y49+GK49,2),0) -> 0 | GO49: =IF(BI49=2,ROUND(O49+X49+Y49+GK49,2),0) -> 19598.08 | GP49: =IF(BI49=4,ROUND(O49+X49+Y49+GK49,2)+GX49,0) -> 0 | GR49: 0 | GS49: 3 | GT49: 0 | GV49: =ROUND(GT49,2) -> 0 | GW49: 1 | GX49: =ROUND(GV49*GW49*I49,2) -> 0 | HA49: 0 | HB49: 0 | IK49: 0
A50: 18 | B50: 1 | C50: 127 | E50: 14,2 | F50: 20.4.03.05-0002 | G50: Розетка открытой проводки трёхгнездная | H50: 100 шт. | I50: =I48*J50 -> 2 | J50: 50 | O50: =ROUND(CP50,2) -> 6851.52 | P50: =ROUND(CQ50*I50,2) -> 6851.52 | Q50: =ROUND(CR50*I50,2) -> 0 | R50: =ROUND(CS50*I50,2) -> 0 | S50: =ROUND(CT50*I50,2) -> 0 | T50: =ROUND(CU50*I50,2) -> 0 | U50: =CV50*I50 -> 0 | V50: =CW50*I50 -> 0 | W50: =ROUND(CX50*I50,2) -> 0 | X50: =ROUND(CY50,2) -> 0 | Y50: =ROUND(CZ50,2) -> 0 | AA50: 39610380 | AB50: =ROUND((AC50+AD50+AF50),2) -> 702 | AC50: =ROUND((ES50),2) -> 702 | AD50: =ROUND((((ET50)-(EU50))+AE50),2) -> 0 | AE50: =ROUND((EU50),2) -> 0 | AF50: =ROUND((EV50),2) -> 0 | AG50: =ROUND((AP50),2) -> 0 | AH50: =(EW50) -> 0 | AI50: =(EX50) -> 0 | AJ50: =ROUND((AS50),2) -> 0 | AK50: 702 | AL50: 702 | AM50: 0 | AN50: 0 | AO50: 0 | AP50: 0 | AQ50: 0 | AR50: 0 | AS50: 0 | AT50: 95 | AU50: 65 | AV50: 1 | AW50: 1 | AZ50: 4.88 | BA50: 1 | BB50: 1 | BC50: 4.88 | BH50: 3 | BI50: 2 | BJ50: ФССЦ-2001, 20.4.03.05-0002, приказ Минстроя России №1039/пр от 30.12.2016г. | BM50: 108001 | BN50: 0 | BP50: 0 | BQ50: 3 | BR50: 0 | BS50: 1 | BT50: 1 | BU50: 1 | BV50: 1 | BW50: 1 | BX50: 1 | BZ50: 95 | CA50: 65 | CF50: 0 | CG50: 0 | CM50: 0 | CO50: 0 | CP50: =(P50+Q50+S50) -> 6851.52 | CQ50: =AC50*BC50 -> 3425.76 | CR50: =AD50*BB50 -> 0 | CS50: =AE50*BS50 -> 0 | CT50: =AF50*BA50 -> 0 | CU50: =AG50 -> 0 | CV50: =AH50 -> 0 | CW50: =AI50 -> 0 | CX50: =AJ50 -> 0 | CY50: =(((S50+R50)*AT50)/100) -> 0 | CZ50: =(((S50+R50)*AU50)/100) -> 0 | DN50: 0 | DO50: 0 | DP50: 1 | DQ50: 1 | DU50: 1010 | DV50: 100 шт. | DW50: 100 шт. | DX50: 100 | EE50: 39174386 | EF50: 3 | EG50: Монтажные работы | EH50: 0 | EJ50: 2 | EK50: 108001 | EL50: Электромонтажные работы , отдел 01-03 : ( на АЭС НР = 110% ) - (работы по упр. авиа.- движением: СП=55% ( {АВИА}=1; обычные работы : СП=65 - {AВИА}=0), при работе на АЭС СП= 68% ) | EM50: мФЕР-08 | EQ50: 0 | ER50: 702 | ES50: 702 | ET50: 0 | EU50: 0 | EV50: 0 | EW50: 0 | EX50: 0 | FQ50: 0 | FR50: =ROUND(IF(AND(BH50=3,BI50=3),P50,0),2) -> 0 | FS50: 0 | FX50: 95 | FY50: 65 | GD50: 0 | GF50: 981126882 | GG50: 1 | GH50: 1 | GI50: 4 | GJ50: 0 | GK50: =ROUND(R50*(R12)/100,2) -> 0 | GL50: =ROUND(IF(AND(BH50=3,BI50=3,FS50<>0),P50,0),2) -> 0 | GM50: =ROUND(O50+X50+Y50+GK50,2)+GX50 -> 6851.52 | GN50: =IF(OR(BI50=0,BI50=1),ROUND(O50+X50+Y50+GK50,2),0) -> 0 | GO50: =IF(BI50=2,ROUND(O50+X50+Y50+GK50,2),0) -> 6851.52 | GP50: =IF(BI50=4,ROUND(O50+X50+Y50+GK50,2)+GX50,0) -> 0 | GR50: 0 | GS50: 3 | GT50: 0 | GV50: =ROUND(GT50,2) -> 0 | GW50: 1 | GX50: =ROUND(GV50*GW50*I50,2) -> 0 | HA50: 0 | HB50: 0 | IK50: 0
A51: 17 | B51: 1 | C51: =ROW(SmtRes!A139) -> 139 | D51: =ROW(EtalonRes!A128) -> 128 | E51: 15 | F51: м08-03-593-02 | G51: Светильник с подвеской на крюк для помещений с повышенной влажностью и пыльностью | H51: 100 ШТ | I51: =ROUND(4/100,9) -> 0.04 | J51: 0 | O51: =ROUND(CP51,2) -> 130.3 | P51: =ROUND(CQ51*I51,2) -> 31.25 | Q51: =ROUND(CR51*I51,2) -> 2.08 | R51: =ROUND(CS51*I51,2) -> 0.29 | S51: =ROUND(CT51*I51,2) -> 96.97 | T51: =ROUND(CU51*I51,2) -> 0 | U51: =CV51*I51 -> 2.0032 | V51: =CW51*I51 -> 0.0048 | W51: =ROUND(CX51*I51,2) -> 0 | X51: =ROUND(CY51,2) -> 92.4 | Y51: =ROUND(CZ51,2) -> 63.22 | AA51: 39610380 | AB51: =ROUND((AC51+AD51+AF51),2) -> 667.52 | AC51: =ROUND((ES51),2) -> 160.07 | AD51: =ROUND((((ET51)-(EU51))+AE51),2) -> 10.66 | AE51: =ROUND((EU51),2) -> 1.51 | AF51: =ROUND((EV51),2) -> 496.79 | AG51: =ROUND((AP51),2) -> 0 | AH51: =(EW51) -> 50.08 | AI51: =(EX51) -> 0.12 | AJ51: =ROUND((AS51),2) -> 0 | AK51: 667.52 | AL51: 160.07 | AM51: 10.66 | AN51: 1.51 | AO51: 496.79 | AP51: 0 | AQ51: 50.08 | AR51: 0.12 | AS51: 0 | AT51: 95 | AU51: 65 | AV51: 1 | AW51: 1 | AZ51: 4.88 | BA51: 4.88 | BB51: 4.88 | BC51: 4.88 | BH51: 0 | BI51: 2 | BJ51: ФЕРм-2001, м08-03-593-02, приказ Минстроя России №1039/пр от 30.12.2016г. | BM51: 108001 | BN51: 0 | BP51: 0 | BQ51: 3 | BR51: 0 | BS51: 4.88 | BT51: 1 | BU51: 1 | BV51: 1 | BW51: 1 | BX51: 1 | BZ51: 95 | CA51: 65 | CF51: 0 | CG51: 0 | CM51: 0 | CO51: 0 | CP51: =(P51+Q51+S51) -> 130.3 | CQ51: =AC51*BC51 -> 781.1416 | CR51: =AD51*BB51 -> 52.0208 | CS51: =AE51*BS51 -> 7.3688 | CT51: =AF51*BA51 -> 2424.3352 | CU51: =AG51 -> 0 | CV51: =AH51 -> 50.08 | CW51: =AI51 -> 0.12 | CX51: =AJ51 -> 0 | CY51: =(((S51+R51)*AT51)/100) -> 92.397 | CZ51: =(((S51+R51)*AU51)/100) -> 63.219 | DN51: 0 | DO51: 0 | DP51: 1 | DQ51: 1 | DU51: 1013 | DV51: 100 ШТ | DW51: 100 ШТ | DX51: 1 | EE51: 39174386 | EF51: 3 | EG51: Монтажные работы | EH51: 0 | EJ51: 2 | EK51: 108001 | EL51: Электромонтажные работы , отдел 01-03 : ( на АЭС НР = 110% ) - (работы по упр. авиа.- движением: СП=55% ( {АВИА}=1; обычные работы : СП=65 - {AВИА}=0), при работе на АЭС СП= 68% ) | EM51: мФЕР-08 | EQ51: 0 | ER51: 667.52 | ES51: 160.07 | ET51: 10.66 | EU51: 1.51 | EV51: 496.79 | EW51: 50.08 | EX51: 0.12 | EY51: 0 | FQ51: 0 | FR51: =ROUND(IF(AND(BH51=3,BI51=3),P51,0),2) -> 0 | FS51: 0 | FX51: 95 | FY51: 65 | GD51: 0 | GF51: -2135649456 | GG51: 1 | GH51: 1 | GI51: 4 | GJ51: 0 | GK51: =ROUND(R51*(R12)/100,2) -> 0 | GL51: =ROUND(IF(AND(BH51=3,BI51=3,FS51<>0),P51,0),2) -> 0 | GM51: =ROUND(O51+X51+Y51+GK51,2)+GX51 -> 285.92 | GN51: =IF(OR(BI51=0,BI51=1),ROUND(O51+X51+Y51+GK51,2),0) -> 0 | GO51: =IF(BI51=2,ROUND(O51+X51+Y51+GK51,2),0) -> 285.92 | GP51: =IF(BI51=4,ROUND(O51+X51+Y51+GK51,2)+GX51,0) -> 0 | GR51: 0 | GS51: 3 | GT51: 0 | GV51: =ROUND(GT51,2) -> 0 | GW51: 1 | GX51: =ROUND(GV51*GW51*I51,2) -> 0 | HA51: 0 | HB51: 0 | IK51: 0
A52: 18 | B52: 1 | C52: 136 | E52: 15,1 | F52: 20.3.03.04-0097 | G52: Светильник подвесной пылевлагозащищенный с диффузным отражателем с отверстиями, без экранирующей решетки ПВЛМ- ДО 2х40-21 | H52: шт. | I52: =I51*J52 -> 4 | J52: 100 | O52: =ROUND(CP52,2) -> 7831.03 | P52: =ROUND(CQ52*I52,2) -> 7831.03 | Q52: =ROUND(CR52*I52,2) -> 0 | R52: =ROUND(CS52*I52,2) -> 0 | S52: =ROUND(CT52*I52,2) -> 0 | T52: =ROUND(CU52*I52,2) -> 0 | U52: =CV52*I52 -> 0 | V52: =CW52*I52 -> 0 | W52: =ROUND(CX52*I52,2) -> 0 | X52: =ROUND(CY52,2) -> 0 | Y52: =ROUND(CZ52,2) -> 0 | AA52: 39610380 | AB52: =ROUND((AC52+AD52+AF52),2) -> 401.18 | AC52: =ROUND((ES52),2) -> 401.18 | AD52: =ROUND((((ET52)-(EU52))+AE52),2) -> 0 | AE52: =ROUND((EU52),2) -> 0 | AF52: =ROUND((EV52),2) -> 0 | AG52: =ROUND((AP52),2) -> 0 | AH52: =(EW52) -> 0 | AI52: =(EX52) -> 0 | AJ52: =ROUND((AS52),2) -> 0 | AK52: 401.18 | AL52: 401.18 | AM52: 0 | AN52: 0 | AO52: 0 | AP52: 0 | AQ52: 0 | AR52: 0 | AS52: 0 | AT52: 95 | AU52: 65 | AV52: 1 | AW52: 1 | AZ52: 4.88 | BA52: 1 | BB52: 1 | BC52: 4.88 | BH52: 3 | BI52: 2 | BJ52: ФССЦ-2001, 20.3.03.04-0097, приказ Минстроя России №1039/пр от 30.12.2016г. | BM52: 108001 | BN52: 0 | BP52: 0 | BQ52: 3 | BR52: 0 | BS52: 1 | BT52: 1 | BU52: 1 | BV52: 1 | BW52: 1 | BX52: 1 | BZ52: 95 | CA52: 65 | CF52: 0 | CG52: 0 | CM52: 0 | CO52: 0 | CP52: =(P52+Q52+S52) -> 7831.03 | CQ52: =AC52*BC52 -> 1957.7584 | CR52: =AD52*BB52 -> 0 | CS52: =AE52*BS52 -> 0 | CT52: =AF52*BA52 -> 0 | CU52: =AG52 -> 0 | CV52: =AH52 -> 0 | CW52: =AI52 -> 0 | CX52: =AJ52 -> 0 | CY52: =(((S52+R52)*AT52)/100) -> 0 | CZ52: =(((S52+R52)*AU52)/100) -> 0 | DN52: 0 | DO52: 0 | DP52: 1 | DQ52: 1 | DU52: 1010 | DV52: шт. | DW52: шт. | DX52: 1 | EE52: 39174386 | EF52: 3 | EG52: Монтажные работы | EH52: 0 | EJ52: 2 | EK52: 108001 | EL52: Электромонтажные работы , отдел 01-03 : ( на АЭС НР = 110% ) - (работы по упр. авиа.- движением: СП=55% ( {АВИА}=1; обычные работы : СП=65 - {AВИА}=0), при работе на АЭС СП= 68% ) | EM52: мФЕР-08 | EQ52: 0 | ER52: 401.18 | ES52: 401.18 | ET52: 0 | EU52: 0 | EV52: 0 | EW52: 0 | EX52: 0 | FQ52: 0 | FR52: =ROUND(IF(AND(BH52=3,BI52=3),P52,0),2) -> 0 | FS52: 0 | FX52: 95 | FY52: 65 | GD52: 0 | GF52: -172998309 | GG52: 1 | GH52: 1 | GI52: 4 | GJ52: 0 | GK52: =ROUND(R52*(R12)/100,2) -> 0 | GL52: =ROUND(IF(AND(BH52=3,BI52=3,FS52<>0),P52,0),2) -> 0 | GM52: =ROUND(O52+X52+Y52+GK52,2)+GX52 -> 7831.03 | GN52: =IF(OR(BI52=0,BI52=1),ROUND(O52+X52+Y52+GK52,2),0) -> 0 | GO52: =IF(BI52=2,ROUND(O52+X52+Y52+GK52,2),0) -> 7831.03 | GP52: =IF(BI52=4,ROUND(O52+X52+Y52+GK52,2)+GX52,0) -> 0 | GR52: 0 | GS52: 3 | GT52: 0 | GV52: =ROUND(GT52,2) -> 0 | GW52: 1 | GX52: =ROUND(GV52*GW52*I52,2) -> 0 | HA52: 0 | HB52: 0 | IK52: 0
A53: 17 | B53: 1 | C53: =ROW(SmtRes!A159) -> 159 | D53: =ROW(EtalonRes!A147) -> 147 | E53: 16 | F53: м08-03-530-05 | G53: Пускатель магнитный общего назначения отдельно стоящий, устанавливаемый на конструкции на стене или колонне, на ток до 100 А | H53: ШТ | I53: 1 | J53: 0 | O53: =ROUND(CP53,2) -> 510.01 | P53: =ROUND(CQ53*I53,2) -> 320.13 | Q53: =ROUND(CR53*I53,2) -> 14.88 | R53: =ROUND(CS53*I53,2) -> 1.27 | S53: =ROUND(CT53*I53,2) -> 175 | T53: =ROUND(CU53*I53,2) -> 0 | U53: =CV53*I53 -> 3.86 | V53: =CW53*I53 -> 0.02 | W53: =ROUND(CX53*I53,2) -> 0 | X53: =ROUND(CY53,2) -> 167.46 | Y53: =ROUND(CZ53,2) -> 114.58 | AA53: 39610380 | AB53: =ROUND((AC53+AD53+AF53),2) -> 104.51 | AC53: =ROUND((ES53),2) -> 65.6 | AD53: =ROUND((((ET53)-(EU53))+AE53),2) -> 3.05 | AE53: =ROUND((EU53),2) -> 0.26 | AF53: =ROUND((EV53),2) -> 35.86 | AG53: =ROUND((AP53),2) -> 0 | AH53: =(EW53) -> 3.86 | AI53: =(EX53) -> 0.02 | AJ53: =ROUND((AS53),2) -> 0 | AK53: 104.51 | AL53: 65.6 | AM53: 3.05 | AN53: 0.26 | AO53: 35.86 | AP53: 0 | AQ53: 3.86 | AR53: 0.02 | AS53: 0 | AT53: 95 | AU53: 65 | AV53: 1 | AW53: 1 | AZ53: 4.88 | BA53: 4.88 | BB53: 4.88 | BC53: 4.88 | BH53: 0 | BI53: 2 | BJ53: ФЕРм-2001, м08-03-530-05, приказ Минстроя России №1039/пр от 30.12.2016г. | BM53: 108001 | BN53: 0 | BP53: 0 | BQ53: 3 | BR53: 0 | BS53: 4.88 | BT53: 1 | BU53: 1 | BV53: 1 | BW53: 1 | BX53: 1 | BZ53: 95 | CA53: 65 | CF53: 0 | CG53: 0 | CM53: 0 | CO53: 0 | CP53: =(P53+Q53+S53) -> 510.01 | CQ53: =AC53*BC53 -> 320.128 | CR53: =AD53*BB53 -> 14.884 | CS53: =AE53*BS53 -> 1.2688 | CT53: =AF53*BA53 -> 174.9968 | CU53: =AG53 -> 0 | CV53: =AH53 -> 3.86 | CW53: =AI53 -> 0.02 | CX53: =AJ53 -> 0 | CY53: =(((S53+R53)*AT53)/100) -> 167.4565 | CZ53: =(((S53+R53)*AU53)/100) -> 114.5755 | DN53: 0 | DO53: 0 | DP53: 1 | DQ53: 1 | DU53: 1013 | DV53: ШТ | DW53: ШТ | DX53: 1 | EE53: 39174386 | EF53: 3 | EG53: Монтажные работы | EH53: 0 | EJ53: 2 | EK53: 108001 | EL53: Электромонтажные работы , отдел 01-03 : ( на АЭС НР = 110% ) - (работы по упр. авиа.- движением: СП=55% ( {АВИА}=1; обычные работы : СП=65 - {AВИА}=0), при работе на АЭС СП= 68% ) | EM53: мФЕР-08 | EQ53: 0 | ER53: 104.51 | ES53: 65.6 | ET53: 3.05 | EU53: 0.26 | EV53: 35.86 | EW53: 3.86 | EX53: 0.02 | EY53: 0 | FQ53: 0 | FR53: =ROUND(IF(AND(BH53=3,BI53=3),P53,0),2) -> 0 | FS53: 0 | FX53: 95 | FY53: 65 | GD53: 0 | GF53: 2049546426 | GG53: 1 | GH53: 1 | GI53: 4 | GJ53: 0 | GK53: =ROUND(R53*(R12)/100,2) -> 0 | GL53: =ROUND(IF(AND(BH53=3,BI53=3,FS53<>0),P53,0),2) -> 0 | GM53: =ROUND(O53+X53+Y53+GK53,2)+GX53 -> 792.05 | GN53: =IF(OR(BI53=0,BI53=1),ROUND(O53+X53+Y53+GK53,2),0) -> 0 | GO53: =IF(BI53=2,ROUND(O53+X53+Y53+GK53,2),0) -> 792.05 | GP53: =IF(BI53=4,ROUND(O53+X53+Y53+GK53,2)+GX53,0) -> 0 | GR53: 0 | GS53: 3 | GT53: 0 | GV53: =ROUND(GT53,2) -> 0 | GW53: 1 | GX53: =ROUND(GV53*GW53*I53,2) -> 0 | HA53: 0 | HB53: 0 | IK53: 0
A54: 18 | B54: 1 | C54: 158 | E54: 16,1 | F54: 62.6.02.01-0123 | G54: Пускатели электромагнитные нереверсивные без теплового реле, с кнопками управления ПМ12-100120 100А | H54: шт. | I54: =I53*J54 -> 1 | J54: 1 | O54: =ROUND(CP54,2) -> 6493.33 | P54: =ROUND(CQ54*I54,2) -> 6493.33 | Q54: =ROUND(CR54*I54,2) -> 0 | R54: =ROUND(CS54*I54,2) -> 0 | S54: =ROUND(CT54*I54,2) -> 0 | T54: =ROUND(CU54*I54,2) -> 0 | U54: =CV54*I54 -> 0 | V54: =CW54*I54 -> 0 | W54: =ROUND(CX54*I54,2) -> 0 | X54: =ROUND(CY54,2) -> 0 | Y54: =ROUND(CZ54,2) -> 0 | AA54: 39610380 | AB54: =ROUND((AC54+AD54+AF54),2) -> 1330.6 | AC54: =ROUND((ES54),2) -> 1330.6 | AD54: =ROUND((((ET54)-(EU54))+AE54),2) -> 0 | AE54: =ROUND((EU54),2) -> 0 | AF54: =ROUND((EV54),2) -> 0 | AG54: =ROUND((AP54),2) -> 0 | AH54: =(EW54) -> 0 | AI54: =(EX54) -> 0 | AJ54: =ROUND((AS54),2) -> 0 | AK54: 1330.6 | AL54: 1330.6 | AM54: 0 | AN54: 0 | AO54: 0 | AP54: 0 | AQ54: 0 | AR54: 0 | AS54: 0 | AT54: 95 | AU54: 65 | AV54: 1 | AW54: 1 | AZ54: 4.88 | BA54: 1 | BB54: 1 | BC54: 4.88 | BH54: 3 | BI54: 2 | BJ54: ФССЦ-2001, 62.6.02.01-0123, приказ Минстроя России №1039/пр от 30.12.2016г. | BM54: 108001 | BN54: 0 | BP54: 0 | BQ54: 3 | BR54: 0 | BS54: 1 | BT54: 1 | BU54: 1 | BV54: 1 | BW54: 1 | BX54: 1 | BZ54: 95 | CA54: 65 | CF54: 0 | CG54: 0 | CM54: 0 | CO54: 0 | CP54: =(P54+Q54+S54) -> 6493.33 | CQ54: =AC54*BC54 -> 6493.328 | CR54: =AD54*BB54 -> 0 | CS54: =AE54*BS54 -> 0 | CT54: =AF54*BA54 -> 0 | CU54: =AG54 -> 0 | CV54: =AH54 -> 0 | CW54: =AI54 -> 0 | CX54: =AJ54 -> 0 | CY54: =(((S54+R54)*AT54)/100) -> 0 | CZ54: =(((S54+R54)*AU54)/100) -> 0 | DN54: 0 | DO54: 0 | DP54: 1 | DQ54: 1 | DU54: 1010 | DV54: шт. | DW54: шт. | DX54: 1 | EE54: 39174386 | EF54: 3 | EG54: Монтажные работы | EH54: 0 | EJ54: 2 | EK54: 108001 | EL54: Электромонтажные работы , отдел 01-03 : ( на АЭС НР = 110% ) - (работы по упр. авиа.- движением: СП=55% ( {АВИА}=1; обычные работы : СП=65 - {AВИА}=0), при работе на АЭС СП= 68% ) | EM54: мФЕР-08 | EQ54: 0 | ER54: 1330.6 | ES54: 1330.6 | ET54: 0 | EU54: 0 | EV54: 0 | EW54: 0 | EX54: 0 | FQ54: 0 | FR54: =ROUND(IF(AND(BH54=3,BI54=3),P54,0),2) -> 0 | FS54: 0 | FX54: 95 | FY54: 65 | GD54: 0 | GF54: 158906669 | GG54: 1 | GH54: 1 | GI54: 4 | GJ54: 0 | GK54: =ROUND(R54*(R12)/100,2) -> 0 | GL54: =ROUND(IF(AND(BH54=3,BI54=3,FS54<>0),P54,0),2) -> 0 | GM54: =ROUND(O54+X54+Y54+GK54,2)+GX54 -> 6493.33 | GN54: =IF(OR(BI54=0,BI54=1),ROUND(O54+X54+Y54+GK54,2),0) -> 0 | GO54: =IF(BI54=2,ROUND(O54+X54+Y54+GK54,2),0) -> 6493.33 | GP54: =IF(BI54=4,ROUND(O54+X54+Y54+GK54,2)+GX54,0) -> 0 | GR54: 0 | GS54: 3 | GT54: 0 | GV54: =ROUND(GT54,2) -> 0 | GW54: 1 | GX54: =ROUND(GV54*GW54*I54,2) -> 0 | HA54: 0 | HB54: 0 | IK54: 0
A55: 17 | B55: 1 | C55: =ROW(SmtRes!A169) -> 169 | D55: =ROW(EtalonRes!A157) -> 157 | E55: 17 | F55: м08-02-369-01 | G55: Демонтаж: Светильник, устанавливаемый вне зданий с лампами накаливания | H55: ШТ | I55: 40 | J55: 0 | O55: =ROUND(CP55,2) -> 2945.57 | P55: =ROUND(CQ55*I55,2) -> 0 | Q55: =ROUND(CR55*I55,2) -> 2379.49 | R55: =ROUND(CS55*I55,2) -> 234.24 | S55: =ROUND(CT55*I55,2) -> 566.08 | T55: =ROUND(CU55*I55,2) -> 0 | U55: =CV55*I55 -> 11.04 | V55: =CW55*I55 -> 3.6 | W55: =ROUND(CX55*I55,2) -> 0 | X55: =ROUND(CY55,2) -> 760.3 | Y55: =ROUND(CZ55,2) -> 520.21 | AA55: 39610380 | AB55: =ROUND((AC55+AD55+AF55),2) -> 15.09 | AC55: =ROUND(((ES55*0)),2) -> 0 | AD55: =ROUND(((((ET55*0.3))-((EU55*0.3)))+AE55),2) -> 12.19 | AE55: =ROUND(((EU55*0.3)),2) -> 1.2 | AF55: =ROUND(((EV55*0.3)),2) -> 2.9 | AG55: =ROUND((AP55),2) -> 0 | AH55: =((EW55*0.3)) -> 0.276 | AI55: =((EX55*0.3)) -> 0.09 | AJ55: =ROUND((AS55),2) -> 0 | AK55: 99.67 | AL55: 49.36 | AM55: 40.65 | AN55: 4.01 | AO55: 9.66 | AP55: 0 | AQ55: 0.92 | AR55: 0.3 | AS55: 0 | AT55: 95 | AU55: 65 | AV55: 1 | AW55: 1 | AZ55: 4.88 | BA55: 4.88 | BB55: 4.88 | BC55: 4.88 | BH55: 0 | BI55: 2 | BJ55: ФЕРм-2001, м08-02-369-01, приказ Минстроя России №1039/пр от 30.12.2016г. | BM55: 108001 | BN55: 0 | BP55: 0 | BQ55: 3 | BR55: 0 | BS55: 4.88 | BT55: 1 | BU55: 1 | BV55: 1 | BW55: 1 | BX55: 1 | BZ55: 95 | CA55: 65 | CF55: 0 | CG55: 0 | CM55: 0 | CN55: Поправка: Табл.3, п.4 Наименование: Демонтаж: Оборудование, не пригодное для дальнейшего использования, (предназначено в лом) без разборки и резки | CO55: 0 | CP55: =(P55+Q55+S55) -> 2945.57 | CQ55: =AC55*BC55 -> 0 | CR55: =AD55*BB55 -> 59.4872 | CS55: =AE55*BS55 -> 5.856 | CT55: =AF55*BA55 -> 14.152 | CU55: =AG55 -> 0 | CV55: =AH55 -> 0.276 | CW55: =AI55 -> 0.09 | CX55: =AJ55 -> 0 | CY55: =(((S55+R55)*AT55)/100) -> 760.304 | CZ55: =(((S55+R55)*AU55)/100) -> 520.208 | DD55: )*0 | DE55: )*0,3 | DF55: )*0,3 | DG55: )*0,3 | DI55: )*0,3 | DJ55: )*0,3 | DN55: 0 | DO55: 0 | DP55: 1 | DQ55: 1 | DU55: 1013 | DV55: ШТ | DW55: ШТ | DX55: 1 | EE55: 39174386 | EF55: 3 | EG55: Монтажные работы | EH55: 0 | EJ55: 2 | EK55: 108001 | EL55: Электромонтажные работы , отдел 01-03 : ( на АЭС НР = 110% ) - (работы по упр. авиа.- движением: СП=55% ( {АВИА}=1; обычные работы : СП=65 - {AВИА}=0), при работе на АЭС СП= 68% ) | EM55: мФЕР-08 | EO55: Поправка: Табл.3, п.4 | EQ55: 0 | ER55: 99.67 | ES55: 49.36 | ET55: 40.65 | EU55: 4.01 | EV55: 9.66 | EW55: 0.92 | EX55: 0.3 | EY55: 0 | FQ55: 0 | FR55: =ROUND(IF(AND(BH55=3,BI55=3),P55,0),2) -> 0 | FS55: 0 | FX55: 95 | FY55: 65 | GD55: 0 | GF55: -1830280419 | GG55: 1 | GH55: 1 | GI55: 4 | GJ55: 0 | GK55: =ROUND(R55*(R12)/100,2) -> 0 | GL55: =ROUND(IF(AND(BH55=3,BI55=3,FS55<>0),P55,0),2) -> 0 | GM55: =ROUND(O55+X55+Y55+GK55,2)+GX55 -> 4226.08 | GN55: =IF(OR(BI55=0,BI55=1),ROUND(O55+X55+Y55+GK55,2),0) -> 0 | GO55: =IF(BI55=2,ROUND(O55+X55+Y55+GK55,2),0) -> 4226.08 | GP55: =IF(BI55=4,ROUND(O55+X55+Y55+GK55,2)+GX55,0) -> 0 | GR55: 0 | GS55: 3 | GT55: 0 | GV55: =ROUND(GT55,2) -> 0 | GW55: 1 | GX55: =ROUND(GV55*GW55*I55,2) -> 0 | HA55: 0 | HB55: 0 | IK55: 0
A56: 17 | B56: 1 | C56: =ROW(SmtRes!A182) -> 182 | D56: =ROW(EtalonRes!A169) -> 169 | E56: 18 | F56: м08-03-596-06 | G56: Прожектор, отдельно устанавливаемый на кронштейне, установленном на опоре, с лампой мощностью 1000 Вт | H56: 100 ШТ | I56: =ROUND(40/100,9) -> 0.4 | J56: 0 | O56: =ROUND(CP56,2) -> 39549.97 | P56: =ROUND(CQ56*I56,2) -> 2532.99 | Q56: =ROUND(CR56*I56,2) -> 30712.12 | R56: =ROUND(CS56*I56,2) -> 2922.07 | S56: =ROUND(CT56*I56,2) -> 6304.86 | T56: =ROUND(CU56*I56,2) -> 0 | U56: =CV56*I56 -> 130.24 | V56: =CW56*I56 -> 44.456 | W56: =ROUND(CX56*I56,2) -> 0 | X56: =ROUND(CY56,2) -> 8765.58 | Y56: =ROUND(CZ56,2) -> 5997.5 | AA56: 39610380 | AB56: =ROUND((AC56+AD56+AF56),2) -> 20261.26 | AC56: =ROUND((ES56),2) -> 1297.64 | AD56: =ROUND((((ET56)-(EU56))+AE56),2) -> 15733.67 | AE56: =ROUND((EU56),2) -> 1496.96 | AF56: =ROUND((EV56),2) -> 3229.95 | AG56: =ROUND((AP56),2) -> 0 | AH56: =(EW56) -> 325.6 | AI56: =(EX56) -> 111.14 | AJ56: =ROUND((AS56),2) -> 0 | AK56: 20261.26 | AL56: 1297.64 | AM56: 15733.67 | AN56: 1496.96 | AO56: 3229.95 | AP56: 0 | AQ56: 325.6 | AR56: 111.14 | AS56: 0 | AT56: 95 | AU56: 65 | AV56: 1 | AW56: 1 | AZ56: 4.88 | BA56: 4.88 | BB56: 4.88 | BC56: 4.88 | BH56: 0 | BI56: 2 | BJ56: ФЕРм-2001, м08-03-596-06, приказ Минстроя России №1039/пр от 30.12.2016г. | BM56: 108001 | BN56: 0 | BP56: 0 | BQ56: 3 | BR56: 0 | BS56: 4.88 | BT56: 1 | BU56: 1 | BV56: 1 | BW56: 1 | BX56: 1 | BZ56: 95 | CA56: 65 | CF56: 0 | CG56: 0 | CM56: 0 | CO56: 0 | CP56: =(P56+Q56+S56) -> 39549.97 | CQ56: =AC56*BC56 -> 6332.4832 | CR56: =AD56*BB56 -> 76780.31 | CS56: =AE56*BS56 -> 7305.1648 | CT56: =AF56*BA56 -> 15762.156 | CU56: =AG56 -> 0 | CV56: =AH56 -> 325.6 | CW56: =AI56 -> 111.14 | CX56: =AJ56 -> 0 | CY56: =(((S56+R56)*AT56)/100) -> 8765.5835 | CZ56: =(((S56+R56)*AU56)/100) -> 5997.5045 | DN56: 0 | DO56: 0 | DP56: 1 | DQ56: 1 | DU56: 1013 | DV56: 100 ШТ | DW56: 100 ШТ | DX56: 1 | EE56: 39174386 | EF56: 3 | EG56: Монтажные работы | EH56: 0 | EJ56: 2 | EK56: 108001 | EL56: Электромонтажные работы , отдел 01-03 : ( на АЭС НР = 110% ) - (работы по упр. авиа.- движением: СП=55% ( {АВИА}=1; обычные работы : СП=65 - {AВИА}=0), при работе на АЭС СП= 68% ) | EM56: мФЕР-08 | EQ56: 0 | ER56: 20261.26 | ES56: 1297.64 | ET56: 15733.67 | EU56: 1496.96 | EV56: 3229.95 | EW56: 325.6 | EX56: 111.14 | EY56: 0 | FQ56: 0 | FR56: =ROUND(IF(AND(BH56=3,BI56=3),P56,0),2) -> 0 | FS56: 0 | FX56: 95 | FY56: 65 | GD56: 0 | GF56: -220883286 | GG56: 1 | GH56: 1 | GI56: 4 | GJ56: 0 | GK56: =ROUND(R56*(R12)/100,2) -> 0 | GL56: =ROUND(IF(AND(BH56=3,BI56=3,FS56<>0),P56,0),2) -> 0 | GM56: =ROUND(O56+X56+Y56+GK56,2)+GX56 -> 54313.05 | GN56: =IF(OR(BI56=0,BI56=1),ROUND(O56+X56+Y56+GK56,2),0) -> 0 | GO56: =IF(BI56=2,ROUND(O56+X56+Y56+GK56,2),0) -> 54313.05 | GP56: =IF(BI56=4,ROUND(O56+X56+Y56+GK56,2)+GX56,0) -> 0 | GR56: 0 | GS56: 3 | GT56: 0 | GV56: =ROUND(GT56,2) -> 0 | GW56: 1 | GX56: =ROUND(GV56*GW56*I56,2) -> 0 | HA56: 0 | HB56: 0 | IK56: 0
A57: 18 | B57: 1 | C57: 180 | E57: 18,1 | F57: 20.3.04.04-0012 | G57: Прожектор с отражателем алюминиевым альзакированным и защитным силикатным стеклом, тип ГО 07-250-001 | H57: шт. | I57: =I56*J57 -> 40 | J57: 100 | O57: =ROUND(CP57,2) -> 298558.4 | P57: =ROUND(CQ57*I57,2) -> 298558.4 | Q57: =ROUND(CR57*I57,2) -> 0 | R57: =ROUND(CS57*I57,2) -> 0 | S57: =ROUND(CT57*I57,2) -> 0 | T57: =ROUND(CU57*I57,2) -> 0 | U57: =CV57*I57 -> 0 | V57: =CW57*I57 -> 0 | W57: =ROUND(CX57*I57,2) -> 0 | X57: =ROUND(CY57,2) -> 0 | Y57: =ROUND(CZ57,2) -> 0 | AA57: 39610380 | AB57: =ROUND((AC57+AD57+AF57),2) -> 1529.5 | AC57: =ROUND((ES57),2) -> 1529.5 | AD57: =ROUND((((ET57)-(EU57))+AE57),2) -> 0 | AE57: =ROUND((EU57),2) -> 0 | AF57: =ROUND((EV57),2) -> 0 | AG57: =ROUND((AP57),2) -> 0 | AH57: =(EW57) -> 0 | AI57: =(EX57) -> 0 | AJ57: =ROUND((AS57),2) -> 0 | AK57: 1529.5 | AL57: 1529.5 | AM57: 0 | AN57: 0 | AO57: 0 | AP57: 0 | AQ57: 0 | AR57: 0 | AS57: 0 | AT57: 95 | AU57: 65 | AV57: 1 | AW57: 1 | AZ57: 4.88 | BA57: 1 | BB57: 1 | BC57: 4.88 | BH57: 3 | BI57: 2 | BJ57: ФССЦ-2001, 20.3.04.04-0012, приказ Минстроя России №1039/пр от 30.12.2016г. | BM57: 108001 | BN57: 0 | BP57: 0 | BQ57: 3 | BR57: 0 | BS57: 1 | BT57: 1 | BU57: 1 | BV57: 1 | BW57: 1 | BX57: 1 | BZ57: 95 | CA57: 65 | CF57: 0 | CG57: 0 | CM57: 0 | CO57: 0 | CP57: =(P57+Q57+S57) -> 298558.4 | CQ57: =AC57*BC57 -> 7463.96 | CR57: =AD57*BB57 -> 0 | CS57: =AE57*BS57 -> 0 | CT57: =AF57*BA57 -> 0 | CU57: =AG57 -> 0 | CV57: =AH57 -> 0 | CW57: =AI57 -> 0 | CX57: =AJ57 -> 0 | CY57: =(((S57+R57)*AT57)/100) -> 0 | CZ57: =(((S57+R57)*AU57)/100) -> 0 | DN57: 0 | DO57: 0 | DP57: 1 | DQ57: 1 | DU57: 1010 | DV57: шт. | DW57: шт. | DX57: 1 | EE57: 39174386 | EF57: 3 | EG57: Монтажные работы | EH57: 0 | EJ57: 2 | EK57: 108001 | EL57: Электромонтажные работы , отдел 01-03 : ( на АЭС НР = 110% ) - (работы по упр. авиа.- движением: СП=55% ( {АВИА}=1; обычные работы : СП=65 - {AВИА}=0), при работе на АЭС СП= 68% ) | EM57: мФЕР-08 | EQ57: 0 | ER57: 1529.5 | ES57: 1529.5 | ET57: 0 | EU57: 0 | EV57: 0 | EW57: 0 | EX57: 0 | FQ57: 0 | FR57: =ROUND(IF(AND(BH57=3,BI57=3),P57,0),2) -> 0 | FS57: 0 | FX57: 95 | FY57: 65 | GD57: 0 | GF57: -420212918 | GG57: 1 | GH57: 1 | GI57: 4 | GJ57: 0 | GK57: =ROUND(R57*(R12)/100,2) -> 0 | GL57: =ROUND(IF(AND(BH57=3,BI57=3,FS57<>0),P57,0),2) -> 0 | GM57: =ROUND(O57+X57+Y57+GK57,2)+GX57 -> 298558.4 | GN57: =IF(OR(BI57=0,BI57=1),ROUND(O57+X57+Y57+GK57,2),0) -> 0 | GO57: =IF(BI57=2,ROUND(O57+X57+Y57+GK57,2),0) -> 298558.4 | GP57: =IF(BI57=4,ROUND(O57+X57+Y57+GK57,2)+GX57,0) -> 0 | GR57: 0 | GS57: 3 | GT57: 0 | GV57: =ROUND(GT57,2) -> 0 | GW57: 1 | GX57: =ROUND(GV57*GW57*I57,2) -> 0 | HA57: 0 | HB57: 0 | IK57: 0
A58: 17 | B58: 1 | C58: =ROW(SmtRes!A191) -> 191 | D58: =ROW(EtalonRes!A177) -> 177 | E58: 19 | F58: м08-02-370-01 | G58: Щиток до трех групп, устанавливаемый в обхват колонн | H58: ШТ | I58: 8 | J58: 0 | O58: =ROUND(CP58,2) -> 1287.93 | P58: =ROUND(CQ58*I58,2) -> 241.66 | Q58: =ROUND(CR58*I58,2) -> 693.74 | R58: =ROUND(CS58*I58,2) -> 97.99 | S58: =ROUND(CT58*I58,2) -> 352.53 | T58: =ROUND(CU58*I58,2) -> 0 | U58: =CV58*I58 -> 6.88 | V58: =CW58*I58 -> 1.6 | W58: =ROUND(CX58*I58,2) -> 0 | X58: =ROUND(CY58,2) -> 427.99 | Y58: =ROUND(CZ58,2) -> 292.84 | AA58: 39610380 | AB58: =ROUND((AC58+AD58+AF58),2) -> 32.99 | AC58: =ROUND((ES58),2) -> 6.19 | AD58: =ROUND((((ET58)-(EU58))+AE58),2) -> 17.77 | AE58: =ROUND((EU58),2) -> 2.51 | AF58: =ROUND((EV58),2) -> 9.03 | AG58: =ROUND((AP58),2) -> 0 | AH58: =(EW58) -> 0.86 | AI58: =(EX58) -> 0.2 | AJ58: =ROUND((AS58),2) -> 0 | AK58: 32.99 | AL58: 6.19 | AM58: 17.77 | AN58: 2.51 | AO58: 9.03 | AP58: 0 | AQ58: 0.86 | AR58: 0.2 | AS58: 0 | AT58: 95 | AU58: 65 | AV58: 1 | AW58: 1 | AZ58: 4.88 | BA58: 4.88 | BB58: 4.88 | BC58: 4.88 | BH58: 0 | BI58: 2 | BJ58: ФЕРм-2001, м08-02-370-01, приказ Минстроя России №1039/пр от 30.12.2016г. | BM58: 108001 | BN58: 0 | BP58: 0 | BQ58: 3 | BR58: 0 | BS58: 4.88 | BT58: 1 | BU58: 1 | BV58: 1 | BW58: 1 | BX58: 1 | BZ58: 95 | CA58: 65 | CF58: 0 | CG58: 0 | CM58: 0 | CO58: 0 | CP58: =(P58+Q58+S58) -> 1287.93 | CQ58: =AC58*BC58 -> 30.2072 | CR58: =AD58*BB58 -> 86.7176 | CS58: =AE58*BS58 -> 12.2488 | CT58: =AF58*BA58 -> 44.0664 | CU58: =AG58 -> 0 | CV58: =AH58 -> 0.86 | CW58: =AI58 -> 0.2 | CX58: =AJ58 -> 0 | CY58: =(((S58+R58)*AT58)/100) -> 427.994 | CZ58: =(((S58+R58)*AU58)/100) -> 292.838 | DN58: 0 | DO58: 0 | DP58: 1 | DQ58: 1 | DU58: 1013 | DV58: ШТ | DW58: ШТ | DX58: 1 | EE58: 39174386 | EF58: 3 | EG58: Монтажные работы | EH58: 0 | EJ58: 2 | EK58: 108001 | EL58: Электромонтажные работы , отдел 01-03 : ( на АЭС НР = 110% ) - (работы по упр. авиа.- движением: СП=55% ( {АВИА}=1; обычные работы : СП=65 - {AВИА}=0), при работе на АЭС СП= 68% ) | EM58: мФЕР-08 | EQ58: 0 | ER58: 32.99 | ES58: 6.19 | ET58: 17.77 | EU58: 2.51 | EV58: 9.03 | EW58: 0.86 | EX58: 0.2 | EY58: 0 | FQ58: 0 | FR58: =ROUND(IF(AND(BH58=3,BI58=3),P58,0),2) -> 0 | FS58: 0 | FX58: 95 | FY58: 65 | GD58: 0 | GF58: 1744174914 | GG58: 1 | GH58: 1 | GI58: 4 | GJ58: 0 | GK58: =ROUND(R58*(R12)/100,2) -> 0 | GL58: =ROUND(IF(AND(BH58=3,BI58=3,FS58<>0),P58,0),2) -> 0 | GM58: =ROUND(O58+X58+Y58+GK58,2)+GX58 -> 2008.76 | GN58: =IF(OR(BI58=0,BI58=1),ROUND(O58+X58+Y58+GK58,2),0) -> 0 | GO58: =IF(BI58=2,ROUND(O58+X58+Y58+GK58,2),0) -> 2008.76 | GP58: =IF(BI58=4,ROUND(O58+X58+Y58+GK58,2)+GX58,0) -> 0 | GR58: 0 | GS58: 3 | GT58: 0 | GV58: =ROUND(GT58,2) -> 0 | GW58: 1 | GX58: =ROUND(GV58*GW58*I58,2) -> 0 | HA58: 0 | HB58: 0 | IK58: 0
A59: 18 | B59: 1 | C59: 190 | E59: 19,1 | F59: 62.1.02.17-0047 | G59: Щитки распределительные согласно тех.заданию | H59: шт. | I59: =I58*J59 -> 8 | J59: 1 | O59: =ROUND(CP59,2) -> 148914.57 | P59: =ROUND(CQ59*I59,2) -> 148914.57 | Q59: =ROUND(CR59*I59,2) -> 0 | R59: =ROUND(CS59*I59,2) -> 0 | S59: =ROUND(CT59*I59,2) -> 0 | T59: =ROUND(CU59*I59,2) -> 0 | U59: =CV59*I59 -> 0 | V59: =CW59*I59 -> 0 | W59: =ROUND(CX59*I59,2) -> 0 | X59: =ROUND(CY59,2) -> 0 | Y59: =ROUND(CZ59,2) -> 0 | AA59: 39610380 | AB59: =ROUND((AC59+AD59+AF59),2) -> 3814.41 | AC59: =ROUND((ES59),2) -> 3814.41 | AD59: =ROUND((((ET59)-(EU59))+AE59),2) -> 0 | AE59: =ROUND((EU59),2) -> 0 | AF59: =ROUND((EV59),2) -> 0 | AG59: =ROUND((AP59),2) -> 0 | AH59: =(EW59) -> 0 | AI59: =(EX59) -> 0 | AJ59: =ROUND((AS59),2) -> 0 | AK59: 3814.41 | AL59: 3814.41 | AM59: 0 | AN59: 0 | AO59: 0 | AP59: 0 | AQ59: 0 | AR59: 0 | AS59: 0 | AT59: 95 | AU59: 65 | AV59: 1 | AW59: 1 | AZ59: 4.88 | BA59: 1 | BB59: 1 | BC59: 4.88 | BH59: 3 | BI59: 2 | BJ59: ФССЦ-2001, 62.1.02.17-0047, приказ Минстроя России №1039/пр от 30.12.2016г. | BM59: 108001 | BN59: 0 | BP59: 0 | BQ59: 3 | BR59: 0 | BS59: 1 | BT59: 1 | BU59: 1 | BV59: 1 | BW59: 1 | BX59: 1 | BZ59: 95 | CA59: 65 | CF59: 0 | CG59: 0 | CM59: 0 | CO59: 0 | CP59: =(P59+Q59+S59) -> 148914.57 | CQ59: =AC59*BC59 -> 18614.321 | CR59: =AD59*BB59 -> 0 | CS59: =AE59*BS59 -> 0 | CT59: =AF59*BA59 -> 0 | CU59: =AG59 -> 0 | CV59: =AH59 -> 0 | CW59: =AI59 -> 0 | CX59: =AJ59 -> 0 | CY59: =(((S59+R59)*AT59)/100) -> 0 | CZ59: =(((S59+R59)*AU59)/100) -> 0 | DN59: 0 | DO59: 0 | DP59: 1 | DQ59: 1 | DU59: 1010 | DV59: шт. | DW59: шт. | DX59: 1 | EE59: 39174386 | EF59: 3 | EG59: Монтажные работы | EH59: 0 | EJ59: 2 | EK59: 108001 | EL59: Электромонтажные работы , отдел 01-03 : ( на АЭС НР = 110% ) - (работы по упр. авиа.- движением: СП=55% ( {АВИА}=1; обычные работы : СП=65 - {AВИА}=0), при работе на АЭС СП= 68% ) | EM59: мФЕР-08 | EQ59: 0 | ER59: 3814.41 | ES59: 3814.41 | ET59: 0 | EU59: 0 | EV59: 0 | EW59: 0 | EX59: 0 | FQ59: 0 | FR59: =ROUND(IF(AND(BH59=3,BI59=3),P59,0),2) -> 0 | FS59: 0 | FX59: 95 | FY59: 65 | GA59: занесена вручную | GD59: 0 | GF59: 320607938 | GG59: 1 | GH59: 0 | GI59: 4 | GJ59: 0 | GK59: =ROUND(R59*(R12)/100,2) -> 0 | GL59: =ROUND(IF(AND(BH59=3,BI59=3,FS59<>0),P59,0),2) -> 0 | GM59: =ROUND(O59+X59+Y59+GK59,2)+GX59 -> 148914.57 | GN59: =IF(OR(BI59=0,BI59=1),ROUND(O59+X59+Y59+GK59,2),0) -> 0 | GO59: =IF(BI59=2,ROUND(O59+X59+Y59+GK59,2),0) -> 148914.57 | GP59: =IF(BI59=4,ROUND(O59+X59+Y59+GK59,2)+GX59,0) -> 0 | GR59: 0 | GS59: 4 | GT59: 0 | GV59: =ROUND(GT59,2) -> 0 | GW59: 1 | GX59: =ROUND(GV59*GW59*I59,2) -> 0 | HA59: 0 | HB59: 0 | IK59: 0
A60: 17 | B60: 1 | C60: =ROW(SmtRes!A196) -> 196 | D60: =ROW(EtalonRes!A181) -> 181 | E60: 20 | F60: м08-02-142-01 | G60: Устройство постели при одном кабеле в траншее | H60: 100 м | I60: =ROUND(1350/100,9) -> 13.5 | J60: 0 | O60: =ROUND(CP60,2) -> 20309.49 | P60: =ROUND(CQ60*I60,2) -> 67.2 | Q60: =ROUND(CR60*I60,2) -> 16883.07 | R60: =ROUND(CS60*I60,2) -> 2980.41 | S60: =ROUND(CT60*I60,2) -> 3359.22 | T60: =ROUND(CU60*I60,2) -> 0 | U60: =CV60*I60 -> 71.55 | V60: =CW60*I60 -> 52.65 | W60: =ROUND(CX60*I60,2) -> 0 | X60: =ROUND(CY60,2) -> 6022.65 | Y60: =ROUND(CZ60,2) -> 4120.76 | AA60: 39610380 | AB60: =ROUND((AC60+AD60+AF60),2) -> 308.28 | AC60: =ROUND((ES60),2) -> 1.02 | AD60: =ROUND((((ET60)-(EU60))+AE60),2) -> 256.27 | AE60: =ROUND((EU60),2) -> 45.24 | AF60: =ROUND((EV60),2) -> 50.99 | AG60: =ROUND((AP60),2) -> 0 | AH60: =(EW60) -> 5.3 | AI60: =(EX60) -> 3.9 | AJ60: =ROUND((AS60),2) -> 0 | AK60: 308.28 | AL60: 1.02 | AM60: 256.27 | AN60: 45.24 | AO60: 50.99 | AP60: 0 | AQ60: 5.3 | AR60: 3.9 | AS60: 0 | AT60: 95 | AU60: 65 | AV60: 1 | AW60: 1 | AZ60: 4.88 | BA60: 4.88 | BB60: 4.88 | BC60: 4.88 | BH60: 0 | BI60: 2 | BJ60: ФЕРм-2001, м08-02-142-01, приказ Минстроя России №1039/пр от 30.12.2016г. | BM60: 108001 | BN60: 0 | BP60: 0 | BQ60: 3 | BR60: 0 | BS60: 4.88 | BT60: 1 | BU60: 1 | BV60: 1 | BW60: 1 | BX60: 1 | BZ60: 95 | CA60: 65 | CF60: 0 | CG60: 0 | CM60: 0 | CO60: 0 | CP60: =(P60+Q60+S60) -> 20309.49 | CQ60: =AC60*BC60 -> 4.9776 | CR60: =AD60*BB60 -> 1250.5976 | CS60: =AE60*BS60 -> 220.7712 | CT60: =AF60*BA60 -> 248.8312 | CU60: =AG60 -> 0 | CV60: =AH60 -> 5.3 | CW60: =AI60 -> 3.9 | CX60: =AJ60 -> 0 | CY60: =(((S60+R60)*AT60)/100) -> 6022.6485 | CZ60: =(((S60+R60)*AU60)/100) -> 4120.7595 | DN60: 0 | DO60: 0 | DP60: 1 | DQ60: 1 | DU60: 1003 | DV60: 100 м | DW60: 100 м | DX60: 100 | EE60: 39174386 | EF60: 3 | EG60: Монтажные работы | EH60: 0 | EJ60: 2 | EK60: 108001 | EL60: Электромонтажные работы , отдел 01-03 : ( на АЭС НР = 110% ) - (работы по упр. авиа.- движением: СП=55% ( {АВИА}=1; обычные работы : СП=65 - {AВИА}=0), при работе на АЭС СП= 68% ) | EM60: мФЕР-08 | EQ60: 0 | ER60: 308.28 | ES60: 1.02 | ET60: 256.27 | EU60: 45.24 | EV60: 50.99 | EW60: 5.3 | EX60: 3.9 | EY60: 0 | FQ60: 0 | FR60: =ROUND(IF(AND(BH60=3,BI60=3),P60,0),2) -> 0 | FS60: 0 | FX60: 95 | FY60: 65 | GD60: 0 | GF60: 837540638 | GG60: 1 | GH60: 1 | GI60: 4 | GJ60: 0 | GK60: =ROUND(R60*(R12)/100,2) -> 0 | GL60: =ROUND(IF(AND(BH60=3,BI60=3,FS60<>0),P60,0),2) -> 0 | GM60: =ROUND(O60+X60+Y60+GK60,2)+GX60 -> 30452.9 | GN60: =IF(OR(BI60=0,BI60=1),ROUND(O60+X60+Y60+GK60,2),0) -> 0 | GO60: =IF(BI60=2,ROUND(O60+X60+Y60+GK60,2),0) -> 30452.9 | GP60: =IF(BI60=4,ROUND(O60+X60+Y60+GK60,2)+GX60,0) -> 0 | GR60: 0 | GS60: 3 | GT60: 0 | GV60: =ROUND(GT60,2) -> 0 | GW60: 1 | GX60: =ROUND(GV60*GW60*I60,2) -> 0 | HA60: 0 | HB60: 0 | IK60: 0
A61: 18 | B61: 1 | C61: 195 | E61: 20,1 | F61: 02.3.01.02-0011 | G61: Песок природный для строительных работ мелкий | H61: м3 | I61: =I60*J61 -> 100.16129 | J61: 7.4193548 | O61: =ROUND(CP61,2) -> 29322.34 | P61: =ROUND(CQ61*I61,2) -> 29322.34 | Q61: =ROUND(CR61*I61,2) -> 0 | R61: =ROUND(CS61*I61,2) -> 0 | S61: =ROUND(CT61*I61,2) -> 0 | T61: =ROUND(CU61*I61,2) -> 0 | U61: =CV61*I61 -> 0 | V61: =CW61*I61 -> 0 | W61: =ROUND(CX61*I61,2) -> 0 | X61: =ROUND(CY61,2) -> 0 | Y61: =ROUND(CZ61,2) -> 0 | AA61: 39610380 | AB61: =ROUND((AC61+AD61+AF61),2) -> 59.99 | AC61: =ROUND((ES61),2) -> 59.99 | AD61: =ROUND((((ET61)-(EU61))+AE61),2) -> 0 | AE61: =ROUND((EU61),2) -> 0 | AF61: =ROUND((EV61),2) -> 0 | AG61: =ROUND((AP61),2) -> 0 | AH61: =(EW61) -> 0 | AI61: =(EX61) -> 0 | AJ61: =ROUND((AS61),2) -> 0 | AK61: 59.99 | AL61: 59.99 | AM61: 0 | AN61: 0 | AO61: 0 | AP61: 0 | AQ61: 0 | AR61: 0 | AS61: 0 | AT61: 95 | AU61: 65 | AV61: 1 | AW61: 1 | AZ61: 4.88 | BA61: 1 | BB61: 1 | BC61: 4.88 | BH61: 3 | BI61: 2 | BJ61: ФССЦ-2001, 02.3.01.02-0011, приказ Минстроя России №1039/пр от 30.12.2016г. | BM61: 108001 | BN61: 0 | BP61: 0 | BQ61: 3 | BR61: 0 | BS61: 1 | BT61: 1 | BU61: 1 | BV61: 1 | BW61: 1 | BX61: 1 | BZ61: 95 | CA61: 65 | CF61: 0 | CG61: 0 | CM61: 0 | CO61: 0 | CP61: =(P61+Q61+S61) -> 29322.34 | CQ61: =AC61*BC61 -> 292.7512 | CR61: =AD61*BB61 -> 0 | CS61: =AE61*BS61 -> 0 | CT61: =AF61*BA61 -> 0 | CU61: =AG61 -> 0 | CV61: =AH61 -> 0 | CW61: =AI61 -> 0 | CX61: =AJ61 -> 0 | CY61: =(((S61+R61)*AT61)/100) -> 0 | CZ61: =(((S61+R61)*AU61)/100) -> 0 | DN61: 0 | DO61: 0 | DP61: 1 | DQ61: 1 | DU61: 1007 | DV61: м3 | DW61: м3 | DX61: 1 | EE61: 39174386 | EF61: 3 | EG61: Монтажные работы | EH61: 0 | EJ61: 2 | EK61: 108001 | EL61: Электромонтажные работы , отдел 01-03 : ( на АЭС НР = 110% ) - (работы по упр. авиа.- движением: СП=55% ( {АВИА}=1; обычные работы : СП=65 - {AВИА}=0), при работе на АЭС СП= 68% ) | EM61: мФЕР-08 | EQ61: 0 | ER61: 59.99 | ES61: 59.99 | ET61: 0 | EU61: 0 | EV61: 0 | EW61: 0 | EX61: 0 | FQ61: 0 | FR61: =ROUND(IF(AND(BH61=3,BI61=3),P61,0),2) -> 0 | FS61: 0 | FX61: 95 | FY61: 65 | GD61: 0 | GF61: -702506104 | GG61: 1 | GH61: 1 | GI61: 4 | GJ61: 0 | GK61: =ROUND(R61*(R12)/100,2) -> 0 | GL61: =ROUND(IF(AND(BH61=3,BI61=3,FS61<>0),P61,0),2) -> 0 | GM61: =ROUND(O61+X61+Y61+GK61,2)+GX61 -> 29322.34 | GN61: =IF(OR(BI61=0,BI61=1),ROUND(O61+X61+Y61+GK61,2),0) -> 0 | GO61: =IF(BI61=2,ROUND(O61+X61+Y61+GK61,2),0) -> 29322.34 | GP61: =IF(BI61=4,ROUND(O61+X61+Y61+GK61,2)+GX61,0) -> 0 | GR61: 0 | GS61: 3 | GT61: 0 | GV61: =ROUND(GT61,2) -> 0 | GW61: 1 | GX61: =ROUND(GV61*GW61*I61,2) -> 0 | HA61: 0 | HB61: 0 | IK61: 0
A62: 17 | B62: 1 | C62: =ROW(SmtRes!A209) -> 209 | D62: =ROW(EtalonRes!A193) -> 193 | E62: 21 | F62: м08-02-141-02 | G62: Кабель до 35 кВ в готовых траншеях без покрытий, масса 1 м до 2 кг | H62: 100 м | I62: =ROUND(450/100,9) -> 4.5 | J62: 0 | O62: =ROUND(CP62,2) -> 5941.94 | P62: =ROUND(CQ62*I62,2) -> 1614.72 | Q62: =ROUND(CR62*I62,2) -> 1992.87 | R62: =ROUND(CS62*I62,2) -> 248.15 | S62: =ROUND(CT62*I62,2) -> 2334.35 | T62: =ROUND(CU62*I62,2) -> 0 | U62: =CV62*I62 -> 49.725 | V62: =CW62*I62 -> 4.05 | W62: =ROUND(CX62*I62,2) -> 0 | X62: =ROUND(CY62,2) -> 2453.38 | Y62: =ROUND(CZ62,2) -> 1678.63 | AA62: 39610380 | AB62: =ROUND((AC62+AD62+AF62),2) -> 270.58 | AC62: =ROUND((ES62),2) -> 73.53 | AD62: =ROUND((((ET62)-(EU62))+AE62),2) -> 90.75 | AE62: =ROUND((EU62),2) -> 11.3 | AF62: =ROUND((EV62),2) -> 106.3 | AG62: =ROUND((AP62),2) -> 0 | AH62: =(EW62) -> 11.05 | AI62: =(EX62) -> 0.9 | AJ62: =ROUND((AS62),2) -> 0 | AK62: 270.58 | AL62: 73.53 | AM62: 90.75 | AN62: 11.3 | AO62: 106.3 | AP62: 0 | AQ62: 11.05 | AR62: 0.9 | AS62: 0 | AT62: 95 | AU62: 65 | AV62: 1 | AW62: 1 | AZ62: 4.88 | BA62: 4.88 | BB62: 4.88 | BC62: 4.88 | BH62: 0 | BI62: 2 | BJ62: ФЕРм-2001, м08-02-141-02, приказ Минстроя России №1039/пр от 30.12.2016г. | BM62: 108001 | BN62: 0 | BP62: 0 | BQ62: 3 | BR62: 0 | BS62: 4.88 | BT62: 1 | BU62: 1 | BV62: 1 | BW62: 1 | BX62: 1 | BZ62: 95 | CA62: 65 | CF62: 0 | CG62: 0 | CM62: 0 | CO62: 0 | CP62: =(P62+Q62+S62) -> 5941.94 | CQ62: =AC62*BC62 -> 358.8264 | CR62: =AD62*BB62 -> 442.86 | CS62: =AE62*BS62 -> 55.144 | CT62: =AF62*BA62 -> 518.744 | CU62: =AG62 -> 0 | CV62: =AH62 -> 11.05 | CW62: =AI62 -> 0.9 | CX62: =AJ62 -> 0 | CY62: =(((S62+R62)*AT62)/100) -> 2453.375 | CZ62: =(((S62+R62)*AU62)/100) -> 1678.625 | DN62: 0 | DO62: 0 | DP62: 1 | DQ62: 1 | DU62: 1003 | DV62: 100 м | DW62: 100 м | DX62: 100 | EE62: 39174386 | EF62: 3 | EG62: Монтажные работы | EH62: 0 | EJ62: 2 | EK62: 108001 | EL62: Электромонтажные работы , отдел 01-03 : ( на АЭС НР = 110% ) - (работы по упр. авиа.- движением: СП=55% ( {АВИА}=1; обычные работы : СП=65 - {AВИА}=0), при работе на АЭС СП= 68% ) | EM62: мФЕР-08 | EQ62: 0 | ER62: 270.58 | ES62: 73.53 | ET62: 90.75 | EU62: 11.3 | EV62: 106.3 | EW62: 11.05 | EX62: 0.9 | EY62: 0 | FQ62: 0 | FR62: =ROUND(IF(AND(BH62=3,BI62=3),P62,0),2) -> 0 | FS62: 0 | FX62: 95 | FY62: 65 | GD62: 0 | GF62: 171373453 | GG62: 1 | GH62: 1 | GI62: 4 | GJ62: 0 | GK62: =ROUND(R62*(R12)/100,2) -> 0 | GL62: =ROUND(IF(AND(BH62=3,BI62=3,FS62<>0),P62,0),2) -> 0 | GM62: =ROUND(O62+X62+Y62+GK62,2)+GX62 -> 10073.95 | GN62: =IF(OR(BI62=0,BI62=1),ROUND(O62+X62+Y62+GK62,2),0) -> 0 | GO62: =IF(BI62=2,ROUND(O62+X62+Y62+GK62,2),0) -> 10073.95 | GP62: =IF(BI62=4,ROUND(O62+X62+Y62+GK62,2)+GX62,0) -> 0 | GR62: 0 | GS62: 3 | GT62: 0 | GV62: =ROUND(GT62,2) -> 0 | GW62: 1 | GX62: =ROUND(GV62*GW62*I62,2) -> 0 | HA62: 0 | HB62: 0 | IK62: 0
A63: 18 | B63: 1 | C63: 208 | E63: 21,1 | F63: 21.1.06.09-0032 | G63: Кабель силовой с медными жилами с изоляцией и оболочкой из ПВХ, не распространяющий горение, с низким дымо- и газовыделением, бронированный, напряжением 0,66 кВ (ГОСТ Р 53769-2010), марки ВБбШвнг-LS-Т 5х25 | H63: 1000 м | I63: =I62*J63 -> 0.45 | J63: 0.1 | O63: =ROUND(CP63,2) -> 850563.17 | P63: =ROUND(CQ63*I63,2) -> 850563.17 | Q63: =ROUND(CR63*I63,2) -> 0 | R63: =ROUND(CS63*I63,2) -> 0 | S63: =ROUND(CT63*I63,2) -> 0 | T63: =ROUND(CU63*I63,2) -> 0 | U63: =CV63*I63 -> 0 | V63: =CW63*I63 -> 0 | W63: =ROUND(CX63*I63,2) -> 0 | X63: =ROUND(CY63,2) -> 0 | Y63: =ROUND(CZ63,2) -> 0 | AA63: 39610380 | AB63: =ROUND((AC63+AD63+AF63),2) -> 387323.85 | AC63: =ROUND((ES63),2) -> 387323.85 | AD63: =ROUND((((ET63)-(EU63))+AE63),2) -> 0 | AE63: =ROUND((EU63),2) -> 0 | AF63: =ROUND((EV63),2) -> 0 | AG63: =ROUND((AP63),2) -> 0 | AH63: =(EW63) -> 0 | AI63: =(EX63) -> 0 | AJ63: =ROUND((AS63),2) -> 0 | AK63: 387323.85 | AL63: 387323.85 | AM63: 0 | AN63: 0 | AO63: 0 | AP63: 0 | AQ63: 0 | AR63: 0 | AS63: 0 | AT63: 95 | AU63: 65 | AV63: 1 | AW63: 1 | AZ63: 4.88 | BA63: 1 | BB63: 1 | BC63: 4.88 | BH63: 3 | BI63: 2 | BJ63: ФССЦ-2001, 21.1.06.09-0032, приказ Минстроя России №1039/пр от 30.12.2016г. | BM63: 108001 | BN63: 0 | BP63: 0 | BQ63: 3 | BR63: 0 | BS63: 1 | BT63: 1 | BU63: 1 | BV63: 1 | BW63: 1 | BX63: 1 | BZ63: 95 | CA63: 65 | CF63: 0 | CG63: 0 | CM63: 0 | CO63: 0 | CP63: =(P63+Q63+S63) -> 850563.17 | CQ63: =AC63*BC63 -> 1890140.4 | CR63: =AD63*BB63 -> 0 | CS63: =AE63*BS63 -> 0 | CT63: =AF63*BA63 -> 0 | CU63: =AG63 -> 0 | CV63: =AH63 -> 0 | CW63: =AI63 -> 0 | CX63: =AJ63 -> 0 | CY63: =(((S63+R63)*AT63)/100) -> 0 | CZ63: =(((S63+R63)*AU63)/100) -> 0 | DN63: 0 | DO63: 0 | DP63: 1 | DQ63: 1 | DU63: 1013 | DV63: 1000 м | DW63: 1000 М | DX63: 1 | EE63: 39174386 | EF63: 3 | EG63: Монтажные работы | EH63: 0 | EJ63: 2 | EK63: 108001 | EL63: Электромонтажные работы , отдел 01-03 : ( на АЭС НР = 110% ) - (работы по упр. авиа.- движением: СП=55% ( {АВИА}=1; обычные работы : СП=65 - {AВИА}=0), при работе на АЭС СП= 68% ) | EM63: мФЕР-08 | EQ63: 0 | ER63: 387323.85 | ES63: 387323.85 | ET63: 0 | EU63: 0 | EV63: 0 | EW63: 0 | EX63: 0 | FQ63: 0 | FR63: =ROUND(IF(AND(BH63=3,BI63=3),P63,0),2) -> 0 | FS63: 0 | FX63: 95 | FY63: 65 | GA63: занесена вручную | GD63: 0 | GF63: 1402638695 | GG63: 1 | GH63: 0 | GI63: 4 | GJ63: 0 | GK63: =ROUND(R63*(R12)/100,2) -> 0 | GL63: =ROUND(IF(AND(BH63=3,BI63=3,FS63<>0),P63,0),2) -> 0 | GM63: =ROUND(O63+X63+Y63+GK63,2)+GX63 -> 850563.17 | GN63: =IF(OR(BI63=0,BI63=1),ROUND(O63+X63+Y63+GK63,2),0) -> 0 | GO63: =IF(BI63=2,ROUND(O63+X63+Y63+GK63,2),0) -> 850563.17 | GP63: =IF(BI63=4,ROUND(O63+X63+Y63+GK63,2)+GX63,0) -> 0 | GR63: 0 | GS63: 4 | GT63: 0 | GV63: =ROUND(GT63,2) -> 0 | GW63: 1 | GX63: =ROUND(GV63*GW63*I63,2) -> 0 | HA63: 0 | HB63: 0 | IK63: 0
A64: 17 | B64: 1 | C64: =ROW(SmtRes!A224) -> 224 | D64: =ROW(EtalonRes!A205) -> 205 | E64: 22 | F64: м08-02-141-01 | G64: Кабель до 35 кВ в готовых траншеях без покрытий, масса 1 м до 1 кг | H64: 100 м | I64: =ROUND(900/100,9) -> 9 | J64: 0 | O64: =ROUND(CP64,2) -> 10774.02 | P64: =ROUND(CQ64*I64,2) -> 3229 | Q64: =ROUND(CR64*I64,2) -> 2893.01 | R64: =ROUND(CS64*I64,2) -> 342.14 | S64: =ROUND(CT64*I64,2) -> 4652.01 | T64: =ROUND(CU64*I64,2) -> 0 | U64: =CV64*I64 -> 99.09 | V64: =CW64*I64 -> 5.58 | W64: =ROUND(CX64*I64,2) -> 0 | X64: =ROUND(CY64,2) -> 4744.44 | Y64: =ROUND(CZ64,2) -> 3246.2 | AA64: 39610380 | AB64: =ROUND((AC64+AD64+AF64),2) -> 245.31 | AC64: =ROUND((ES64),2) -> 73.52 | AD64: =ROUND((((ET64)-(EU64))+AE64),2) -> 65.87 | AE64: =ROUND((EU64),2) -> 7.79 | AF64: =ROUND((EV64),2) -> 105.92 | AG64: =ROUND((AP64),2) -> 0 | AH64: =(EW64) -> 11.01 | AI64: =(EX64) -> 0.62 | AJ64: =ROUND((AS64),2) -> 0 | AK64: 245.31 | AL64: 73.52 | AM64: 65.87 | AN64: 7.79 | AO64: 105.92 | AP64: 0 | AQ64: 11.01 | AR64: 0.62 | AS64: 0 | AT64: 95 | AU64: 65 | AV64: 1 | AW64: 1 | AZ64: 4.88 | BA64: 4.88 | BB64: 4.88 | BC64: 4.88 | BH64: 0 | BI64: 2 | BJ64: ФЕРм-2001, м08-02-141-01, приказ Минстроя России №1039/пр от 30.12.2016г. | BM64: 108001 | BN64: 0 | BP64: 0 | BQ64: 3 | BR64: 0 | BS64: 4.88 | BT64: 1 | BU64: 1 | BV64: 1 | BW64: 1 | BX64: 1 | BZ64: 95 | CA64: 65 | CF64: 0 | CG64: 0 | CM64: 0 | CO64: 0 | CP64: =(P64+Q64+S64) -> 10774.02 | CQ64: =AC64*BC64 -> 358.7776 | CR64: =AD64*BB64 -> 321.4456 | CS64: =AE64*BS64 -> 38.0152 | CT64: =AF64*BA64 -> 516.8896 | CU64: =AG64 -> 0 | CV64: =AH64 -> 11.01 | CW64: =AI64 -> 0.62 | CX64: =AJ64 -> 0 | CY64: =(((S64+R64)*AT64)/100) -> 4744.4425 | CZ64: =(((S64+R64)*AU64)/100) -> 3246.1975 | DN64: 0 | DO64: 0 | DP64: 1 | DQ64: 1 | DU64: 1003 | DV64: 100 м | DW64: 100 м | DX64: 100 | EE64: 39174386 | EF64: 3 | EG64: Монтажные работы | EH64: 0 | EJ64: 2 | EK64: 108001 | EL64: Электромонтажные работы , отдел 01-03 : ( на АЭС НР = 110% ) - (работы по упр. авиа.- движением: СП=55% ( {АВИА}=1; обычные работы : СП=65 - {AВИА}=0), при работе на АЭС СП= 68% ) | EM64: мФЕР-08 | EQ64: 0 | ER64: 245.31 | ES64: 73.52 | ET64: 65.87 | EU64: 7.79 | EV64: 105.92 | EW64: 11.01 | EX64: 0.62 | EY64: 0 | FQ64: 0 | FR64: =ROUND(IF(AND(BH64=3,BI64=3),P64,0),2) -> 0 | FS64: 0 | FX64: 95 | FY64: 65 | GD64: 0 | GF64: -1888348944 | GG64: 1 | GH64: 1 | GI64: 4 | GJ64: 0 | GK64: =ROUND(R64*(R12)/100,2) -> 0 | GL64: =ROUND(IF(AND(BH64=3,BI64=3,FS64<>0),P64,0),2) -> 0 | GM64: =ROUND(O64+X64+Y64+GK64,2)+GX64 -> 18764.66 | GN64: =IF(OR(BI64=0,BI64=1),ROUND(O64+X64+Y64+GK64,2),0) -> 0 | GO64: =IF(BI64=2,ROUND(O64+X64+Y64+GK64,2),0) -> 18764.66 | GP64: =IF(BI64=4,ROUND(O64+X64+Y64+GK64,2)+GX64,0) -> 0 | GR64: 0 | GS64: 3 | GT64: 0 | GV64: =ROUND(GT64,2) -> 0 | GW64: 1 | GX64: =ROUND(GV64*GW64*I64,2) -> 0 | HA64: 0 | HB64: 0 | IK64: 0
A65: 18 | B65: 1 | C65: 223 | E65: 22,1 | F65: 21.1.06.10-0203 | G65: Кабель силовой огнестойкий с медными жилами 5х16 бронированый прим. | H65: 1000 м | I65: =I64*J65 -> 0.3 | J65: 0.033333333 | O65: =ROUND(CP65,2) -> 203342.21 | P65: =ROUND(CQ65*I65,2) -> 203342.21 | Q65: =ROUND(CR65*I65,2) -> 0 | R65: =ROUND(CS65*I65,2) -> 0 | S65: =ROUND(CT65*I65,2) -> 0 | T65: =ROUND(CU65*I65,2) -> 0 | U65: =CV65*I65 -> 0 | V65: =CW65*I65 -> 0 | W65: =ROUND(CX65*I65,2) -> 0 | X65: =ROUND(CY65,2) -> 0 | Y65: =ROUND(CZ65,2) -> 0 | AA65: 39610380 | AB65: =ROUND((AC65+AD65+AF65),2) -> 138894.95 | AC65: =ROUND((ES65),2) -> 138894.95 | AD65: =ROUND((((ET65)-(EU65))+AE65),2) -> 0 | AE65: =ROUND((EU65),2) -> 0 | AF65: =ROUND((EV65),2) -> 0 | AG65: =ROUND((AP65),2) -> 0 | AH65: =(EW65) -> 0 | AI65: =(EX65) -> 0 | AJ65: =ROUND((AS65),2) -> 0 | AK65: 138894.95 | AL65: 138894.95 | AM65: 0 | AN65: 0 | AO65: 0 | AP65: 0 | AQ65: 0 | AR65: 0 | AS65: 0 | AT65: 95 | AU65: 65 | AV65: 1 | AW65: 1 | AZ65: 4.88 | BA65: 1 | BB65: 1 | BC65: 4.88 | BH65: 3 | BI65: 2 | BJ65: ФССЦ-2001, 21.1.06.10-0203, приказ Минстроя России №1039/пр от 30.12.2016г. | BM65: 108001 | BN65: 0 | BP65: 0 | BQ65: 3 | BR65: 0 | BS65: 1 | BT65: 1 | BU65: 1 | BV65: 1 | BW65: 1 | BX65: 1 | BZ65: 95 | CA65: 65 | CF65: 0 | CG65: 0 | CM65: 0 | CO65: 0 | CP65: =(P65+Q65+S65) -> 203342.21 | CQ65: =AC65*BC65 -> 677807.36 | CR65: =AD65*BB65 -> 0 | CS65: =AE65*BS65 -> 0 | CT65: =AF65*BA65 -> 0 | CU65: =AG65 -> 0 | CV65: =AH65 -> 0 | CW65: =AI65 -> 0 | CX65: =AJ65 -> 0 | CY65: =(((S65+R65)*AT65)/100) -> 0 | CZ65: =(((S65+R65)*AU65)/100) -> 0 | DN65: 0 | DO65: 0 | DP65: 1 | DQ65: 1 | DU65: 1013 | DV65: 1000 м | DW65: 1000 М | DX65: 1 | EE65: 39174386 | EF65: 3 | EG65: Монтажные работы | EH65: 0 | EJ65: 2 | EK65: 108001 | EL65: Электромонтажные работы , отдел 01-03 : ( на АЭС НР = 110% ) - (работы по упр. авиа.- движением: СП=55% ( {АВИА}=1; обычные работы : СП=65 - {AВИА}=0), при работе на АЭС СП= 68% ) | EM65: мФЕР-08 | EQ65: 0 | ER65: 138894.95 | ES65: 138894.95 | ET65: 0 | EU65: 0 | EV65: 0 | EW65: 0 | EX65: 0 | FQ65: 0 | FR65: =ROUND(IF(AND(BH65=3,BI65=3),P65,0),2) -> 0 | FS65: 0 | FX65: 95 | FY65: 65 | GD65: 0 | GF65: 1034766100 | GG65: 1 | GH65: 1 | GI65: 4 | GJ65: 0 | GK65: =ROUND(R65*(R12)/100,2) -> 0 | GL65: =ROUND(IF(AND(BH65=3,BI65=3,FS65<>0),P65,0),2) -> 0 | GM65: =ROUND(O65+X65+Y65+GK65,2)+GX65 -> 203342.21 | GN65: =IF(OR(BI65=0,BI65=1),ROUND(O65+X65+Y65+GK65,2),0) -> 0 | GO65: =IF(BI65=2,ROUND(O65+X65+Y65+GK65,2),0) -> 203342.21 | GP65: =IF(BI65=4,ROUND(O65+X65+Y65+GK65,2)+GX65,0) -> 0 | GR65: 0 | GS65: 3 | GT65: 0 | GV65: =ROUND(GT65,2) -> 0 | GW65: 1 | GX65: =ROUND(GV65*GW65*I65,2) -> 0 | HA65: 0 | HB65: 0 | IK65: 0
A66: 18 | B66: 1 | C66: 222 | E66: 22,2 | F66: 21.1.06.10-0202 | G66: Кабель силовой огнестойкий с медными жилами 5х10 бронированый прим. | H66: 1000 м | I66: =I64*J66 -> 0.3 | J66: 0.033333333 | O66: =ROUND(CP66,2) -> 150081.78 | P66: =ROUND(CQ66*I66,2) -> 150081.78 | Q66: =ROUND(CR66*I66,2) -> 0 | R66: =ROUND(CS66*I66,2) -> 0 | S66: =ROUND(CT66*I66,2) -> 0 | T66: =ROUND(CU66*I66,2) -> 0 | U66: =CV66*I66 -> 0 | V66: =CW66*I66 -> 0 | W66: =ROUND(CX66*I66,2) -> 0 | X66: =ROUND(CY66,2) -> 0 | Y66: =ROUND(CZ66,2) -> 0 | AA66: 39610380 | AB66: =ROUND((AC66+AD66+AF66),2) -> 102514.88 | AC66: =ROUND((ES66),2) -> 102514.88 | AD66: =ROUND((((ET66)-(EU66))+AE66),2) -> 0 | AE66: =ROUND((EU66),2) -> 0 | AF66: =ROUND((EV66),2) -> 0 | AG66: =ROUND((AP66),2) -> 0 | AH66: =(EW66) -> 0 | AI66: =(EX66) -> 0 | AJ66: =ROUND((AS66),2) -> 0 | AK66: 102514.88 | AL66: 102514.88 | AM66: 0 | AN66: 0 | AO66: 0 | AP66: 0 | AQ66: 0 | AR66: 0 | AS66: 0 | AT66: 95 | AU66: 65 | AV66: 1 | AW66: 1 | AZ66: 4.88 | BA66: 1 | BB66: 1 | BC66: 4.88 | BH66: 3 | BI66: 2 | BJ66: ФССЦ-2001, 21.1.06.10-0202, приказ Минстроя России №1039/пр от 30.12.2016г. | BM66: 108001 | BN66: 0 | BP66: 0 | BQ66: 3 | BR66: 0 | BS66: 1 | BT66: 1 | BU66: 1 | BV66: 1 | BW66: 1 | BX66: 1 | BZ66: 95 | CA66: 65 | CF66: 0 | CG66: 0 | CM66: 0 | CO66: 0 | CP66: =(P66+Q66+S66) -> 150081.78 | CQ66: =AC66*BC66 -> 500272.61 | CR66: =AD66*BB66 -> 0 | CS66: =AE66*BS66 -> 0 | CT66: =AF66*BA66 -> 0 | CU66: =AG66 -> 0 | CV66: =AH66 -> 0 | CW66: =AI66 -> 0 | CX66: =AJ66 -> 0 | CY66: =(((S66+R66)*AT66)/100) -> 0 | CZ66: =(((S66+R66)*AU66)/100) -> 0 | DN66: 0 | DO66: 0 | DP66: 1 | DQ66: 1 | DU66: 1013 | DV66: 1000 м | DW66: 1000 М | DX66: 1 | EE66: 39174386 | EF66: 3 | EG66: Монтажные работы | EH66: 0 | EJ66: 2 | EK66: 108001 | EL66: Электромонтажные работы , отдел 01-03 : ( на АЭС НР = 110% ) - (работы по упр. авиа.- движением: СП=55% ( {АВИА}=1; обычные работы : СП=65 - {AВИА}=0), при работе на АЭС СП= 68% ) | EM66: мФЕР-08 | EQ66: 0 | ER66: 102514.88 | ES66: 102514.88 | ET66: 0 | EU66: 0 | EV66: 0 | EW66: 0 | EX66: 0 | FQ66: 0 | FR66: =ROUND(IF(AND(BH66=3,BI66=3),P66,0),2) -> 0 | FS66: 0 | FX66: 95 | FY66: 65 | GA66: занесена вручную | GD66: 0 | GF66: -614344224 | GG66: 1 | GH66: 0 | GI66: 4 | GJ66: 0 | GK66: =ROUND(R66*(R12)/100,2) -> 0 | GL66: =ROUND(IF(AND(BH66=3,BI66=3,FS66<>0),P66,0),2) -> 0 | GM66: =ROUND(O66+X66+Y66+GK66,2)+GX66 -> 150081.78 | GN66: =IF(OR(BI66=0,BI66=1),ROUND(O66+X66+Y66+GK66,2),0) -> 0 | GO66: =IF(BI66=2,ROUND(O66+X66+Y66+GK66,2),0) -> 150081.78 | GP66: =IF(BI66=4,ROUND(O66+X66+Y66+GK66,2)+GX66,0) -> 0 | GR66: 0 | GS66: 4 | GT66: 0 | GV66: =ROUND(GT66,2) -> 0 | GW66: 1 | GX66: =ROUND(GV66*GW66*I66,2) -> 0 | HA66: 0 | HB66: 0 | IK66: 0
A67: 18 | B67: 1 | C67: 221 | E67: 22,3 | F67: 21.1.06.10-0185 | G67: Кабель силовой с медными жилами 4х4 бронированый прим. | H67: 1000 м | I67: =I64*J67 -> 0.3 | J67: 0.033333333 | O67: =ROUND(CP67,2) -> 129389.23 | P67: =ROUND(CQ67*I67,2) -> 129389.23 | Q67: =ROUND(CR67*I67,2) -> 0 | R67: =ROUND(CS67*I67,2) -> 0 | S67: =ROUND(CT67*I67,2) -> 0 | T67: =ROUND(CU67*I67,2) -> 0 | U67: =CV67*I67 -> 0 | V67: =CW67*I67 -> 0 | W67: =ROUND(CX67*I67,2) -> 0 | X67: =ROUND(CY67,2) -> 0 | Y67: =ROUND(CZ67,2) -> 0 | AA67: 39610380 | AB67: =ROUND((AC67+AD67+AF67),2) -> 88380.62 | AC67: =ROUND((ES67),2) -> 88380.62 | AD67: =ROUND((((ET67)-(EU67))+AE67),2) -> 0 | AE67: =ROUND((EU67),2) -> 0 | AF67: =ROUND((EV67),2) -> 0 | AG67: =ROUND((AP67),2) -> 0 | AH67: =(EW67) -> 0 | AI67: =(EX67) -> 0 | AJ67: =ROUND((AS67),2) -> 0 | AK67: 88380.62 | AL67: 88380.62 | AM67: 0 | AN67: 0 | AO67: 0 | AP67: 0 | AQ67: 0 | AR67: 0 | AS67: 0 | AT67: 95 | AU67: 65 | AV67: 1 | AW67: 1 | AZ67: 4.88 | BA67: 1 | BB67: 1 | BC67: 4.88 | BH67: 3 | BI67: 2 | BJ67: ФССЦ-2001, 21.1.06.10-0185, приказ Минстроя России №1039/пр от 30.12.2016г. | BM67: 108001 | BN67: 0 | BP67: 0 | BQ67: 3 | BR67: 0 | BS67: 1 | BT67: 1 | BU67: 1 | BV67: 1 | BW67: 1 | BX67: 1 | BZ67: 95 | CA67: 65 | CF67: 0 | CG67: 0 | CM67: 0 | CO67: 0 | CP67: =(P67+Q67+S67) -> 129389.23 | CQ67: =AC67*BC67 -> 431297.43 | CR67: =AD67*BB67 -> 0 | CS67: =AE67*BS67 -> 0 | CT67: =AF67*BA67 -> 0 | CU67: =AG67 -> 0 | CV67: =AH67 -> 0 | CW67: =AI67 -> 0 | CX67: =AJ67 -> 0 | CY67: =(((S67+R67)*AT67)/100) -> 0 | CZ67: =(((S67+R67)*AU67)/100) -> 0 | DN67: 0 | DO67: 0 | DP67: 1 | DQ67: 1 | DU67: 1013 | DV67: 1000 м | DW67: 1000 М | DX67: 1 | EE67: 39174386 | EF67: 3 | EG67: Монтажные работы | EH67: 0 | EJ67: 2 | EK67: 108001 | EL67: Электромонтажные работы , отдел 01-03 : ( на АЭС НР = 110% ) - (работы по упр. авиа.- движением: СП=55% ( {АВИА}=1; обычные работы : СП=65 - {AВИА}=0), при работе на АЭС СП= 68% ) | EM67: мФЕР-08 | EQ67: 0 | ER67: 88380.62 | ES67: 88380.62 | ET67: 0 | EU67: 0 | EV67: 0 | EW67: 0 | EX67: 0 | FQ67: 0 | FR67: =ROUND(IF(AND(BH67=3,BI67=3),P67,0),2) -> 0 | FS67: 0 | FX67: 95 | FY67: 65 | GA67: занесена вручную | GD67: 0 | GF67: -1577402658 | GG67: 1 | GH67: 0 | GI67: 4 | GJ67: 0 | GK67: =ROUND(R67*(R12)/100,2) -> 0 | GL67: =ROUND(IF(AND(BH67=3,BI67=3,FS67<>0),P67,0),2) -> 0 | GM67: =ROUND(O67+X67+Y67+GK67,2)+GX67 -> 129389.23 | GN67: =IF(OR(BI67=0,BI67=1),ROUND(O67+X67+Y67+GK67,2),0) -> 0 | GO67: =IF(BI67=2,ROUND(O67+X67+Y67+GK67,2),0) -> 129389.23 | GP67: =IF(BI67=4,ROUND(O67+X67+Y67+GK67,2)+GX67,0) -> 0 | GR67: 0 | GS67: 4 | GT67: 0 | GV67: =ROUND(GT67,2) -> 0 | GW67: 1 | GX67: =ROUND(GV67*GW67*I67,2) -> 0 | HA67: 0 | HB67: 0 | IK67: 0
A68: 17 | B68: 1 | C68: =ROW(SmtRes!A228) -> 228 | D68: =ROW(EtalonRes!A208) -> 208 | E68: 23 | F68: м08-10-010-01 | G68: Прокладка труб гофрированных ПВХ для защиты проводов и кабелей | H68: 100 м | I68: =ROUND(200/100,9) -> 2 | J68: 0 | O68: =ROUND(CP68,2) -> 1525.78 | P68: =ROUND(CQ68*I68,2) -> 163.87 | Q68: =ROUND(CR68*I68,2) -> 0 | R68: =ROUND(CS68*I68,2) -> 0 | S68: =ROUND(CT68*I68,2) -> 1361.91 | T68: =ROUND(CU68*I68,2) -> 0 | U68: =CV68*I68 -> 30.4 | V68: =CW68*I68 -> 0 | W68: =ROUND(CX68*I68,2) -> 0 | X68: =ROUND(CY68,2) -> 1293.81 | Y68: =ROUND(CZ68,2) -> 885.24 | AA68: 39610380 | AB68: =ROUND((AC68+AD68+AF68),2) -> 156.33 | AC68: =ROUND((ES68),2) -> 16.79 | AD68: =ROUND((((ET68)-(EU68))+AE68),2) -> 0 | AE68: =ROUND((EU68),2) -> 0 | AF68: =ROUND((EV68),2) -> 139.54 | AG68: =ROUND((AP68),2) -> 0 | AH68: =(EW68) -> 15.2 | AI68: =(EX68) -> 0 | AJ68: =ROUND((AS68),2) -> 0 | AK68: 156.33 | AL68: 16.79 | AM68: 0 | AN68: 0 | AO68: 139.54 | AP68: 0 | AQ68: 15.2 | AR68: 0 | AS68: 0 | AT68: 95 | AU68: 65 | AV68: 1 | AW68: 1 | AZ68: 4.88 | BA68: 4.88 | BB68: 4.88 | BC68: 4.88 | BH68: 0 | BI68: 2 | BJ68: ФЕРм-2001, м08-10-010-01, приказ Минстроя России №1039/пр от 30.12.2016г. | BM68: 108001 | BN68: 0 | BP68: 0 | BQ68: 3 | BR68: 0 | BS68: 4.88 | BT68: 1 | BU68: 1 | BV68: 1 | BW68: 1 | BX68: 1 | BZ68: 95 | CA68: 65 | CF68: 0 | CG68: 0 | CM68: 0 | CO68: 0 | CP68: =(P68+Q68+S68) -> 1525.78 | CQ68: =AC68*BC68 -> 81.9352 | CR68: =AD68*BB68 -> 0 | CS68: =AE68*BS68 -> 0 | CT68: =AF68*BA68 -> 680.9552 | CU68: =AG68 -> 0 | CV68: =AH68 -> 15.2 | CW68: =AI68 -> 0 | CX68: =AJ68 -> 0 | CY68: =(((S68+R68)*AT68)/100) -> 1293.8145 | CZ68: =(((S68+R68)*AU68)/100) -> 885.2415 | DN68: 0 | DO68: 0 | DP68: 1 | DQ68: 1 | DU68: 1003 | DV68: 100 м | DW68: 100 м | DX68: 100 | EE68: 39174386 | EF68: 3 | EG68: Монтажные работы | EH68: 0 | EJ68: 2 | EK68: 108001 | EL68: Электромонтажные работы , отдел 01-03 : ( на АЭС НР = 110% ) - (работы по упр. авиа.- движением: СП=55% ( {АВИА}=1; обычные работы : СП=65 - {AВИА}=0), при работе на АЭС СП= 68% ) | EM68: мФЕР-08 | EQ68: 0 | ER68: 156.33 | ES68: 16.79 | ET68: 0 | EU68: 0 | EV68: 139.54 | EW68: 15.2 | EX68: 0 | EY68: 0 | FQ68: 0 | FR68: =ROUND(IF(AND(BH68=3,BI68=3),P68,0),2) -> 0 | FS68: 0 | FX68: 95 | FY68: 65 | GD68: 0 | GF68: -596386547 | GG68: 1 | GH68: 1 | GI68: 4 | GJ68: 0 | GK68: =ROUND(R68*(R12)/100,2) -> 0 | GL68: =ROUND(IF(AND(BH68=3,BI68=3,FS68<>0),P68,0),2) -> 0 | GM68: =ROUND(O68+X68+Y68+GK68,2)+GX68 -> 3704.83 | GN68: =IF(OR(BI68=0,BI68=1),ROUND(O68+X68+Y68+GK68,2),0) -> 0 | GO68: =IF(BI68=2,ROUND(O68+X68+Y68+GK68,2),0) -> 3704.83 | GP68: =IF(BI68=4,ROUND(O68+X68+Y68+GK68,2)+GX68,0) -> 0 | GR68: 0 | GS68: 3 | GT68: 0 | GV68: =ROUND(GT68,2) -> 0 | GW68: 1 | GX68: =ROUND(GV68*GW68*I68,2) -> 0 | HA68: 0 | HB68: 0 | IK68: 0
A69: 18 | B69: 1 | C69: 227 | E69: 23,1 | F69: 24.3.01.02-0012 | G69: Трубы гибкие гофрированные легкие из самозатухающего ПВХ (IP55) серии FL, диаметром 20 мм | H69: 10 м | I69: =I68*J69 -> 20 | J69: 10 | O69: =ROUND(CP69,2) -> 3874.72 | P69: =ROUND(CQ69*I69,2) -> 3874.72 | Q69: =ROUND(CR69*I69,2) -> 0 | R69: =ROUND(CS69*I69,2) -> 0 | S69: =ROUND(CT69*I69,2) -> 0 | T69: =ROUND(CU69*I69,2) -> 0 | U69: =CV69*I69 -> 0 | V69: =CW69*I69 -> 0 | W69: =ROUND(CX69*I69,2) -> 0 | X69: =ROUND(CY69,2) -> 0 | Y69: =ROUND(CZ69,2) -> 0 | AA69: 39610380 | AB69: =ROUND((AC69+AD69+AF69),2) -> 39.7 | AC69: =ROUND((ES69),2) -> 39.7 | AD69: =ROUND((((ET69)-(EU69))+AE69),2) -> 0 | AE69: =ROUND((EU69),2) -> 0 | AF69: =ROUND((EV69),2) -> 0 | AG69: =ROUND((AP69),2) -> 0 | AH69: =(EW69) -> 0 | AI69: =(EX69) -> 0 | AJ69: =ROUND((AS69),2) -> 0 | AK69: 39.7 | AL69: 39.7 | AM69: 0 | AN69: 0 | AO69: 0 | AP69: 0 | AQ69: 0 | AR69: 0 | AS69: 0 | AT69: 95 | AU69: 65 | AV69: 1 | AW69: 1 | AZ69: 4.88 | BA69: 1 | BB69: 1 | BC69: 4.88 | BH69: 3 | BI69: 2 | BJ69: ФССЦ-2001, 24.3.01.02-0012, приказ Минстроя России №1039/пр от 30.12.2016г. | BM69: 108001 | BN69: 0 | BP69: 0 | BQ69: 3 | BR69: 0 | BS69: 1 | BT69: 1 | BU69: 1 | BV69: 1 | BW69: 1 | BX69: 1 | BZ69: 95 | CA69: 65 | CF69: 0 | CG69: 0 | CM69: 0 | CO69: 0 | CP69: =(P69+Q69+S69) -> 3874.72 | CQ69: =AC69*BC69 -> 193.736 | CR69: =AD69*BB69 -> 0 | CS69: =AE69*BS69 -> 0 | CT69: =AF69*BA69 -> 0 | CU69: =AG69 -> 0 | CV69: =AH69 -> 0 | CW69: =AI69 -> 0 | CX69: =AJ69 -> 0 | CY69: =(((S69+R69)*AT69)/100) -> 0 | CZ69: =(((S69+R69)*AU69)/100) -> 0 | DN69: 0 | DO69: 0 | DP69: 1 | DQ69: 1 | DU69: 1003 | DV69: 10 м | DW69: 10 м | DX69: 10 | EE69: 39174386 | EF69: 3 | EG69: Монтажные работы | EH69: 0 | EJ69: 2 | EK69: 108001 | EL69: Электромонтажные работы , отдел 01-03 : ( на АЭС НР = 110% ) - (работы по упр. авиа.- движением: СП=55% ( {АВИА}=1; обычные работы : СП=65 - {AВИА}=0), при работе на АЭС СП= 68% ) | EM69: мФЕР-08 | EQ69: 0 | ER69: 39.7 | ES69: 39.7 | ET69: 0 | EU69: 0 | EV69: 0 | EW69: 0 | EX69: 0 | FQ69: 0 | FR69: =ROUND(IF(AND(BH69=3,BI69=3),P69,0),2) -> 0 | FS69: 0 | FX69: 95 | FY69: 65 | GA69: занесена вручную | GD69: 0 | GF69: 897518530 | GG69: 1 | GH69: 0 | GI69: 4 | GJ69: 0 | GK69: =ROUND(R69*(R12)/100,2) -> 0 | GL69: =ROUND(IF(AND(BH69=3,BI69=3,FS69<>0),P69,0),2) -> 0 | GM69: =ROUND(O69+X69+Y69+GK69,2)+GX69 -> 3874.72 | GN69: =IF(OR(BI69=0,BI69=1),ROUND(O69+X69+Y69+GK69,2),0) -> 0 | GO69: =IF(BI69=2,ROUND(O69+X69+Y69+GK69,2),0) -> 3874.72 | GP69: =IF(BI69=4,ROUND(O69+X69+Y69+GK69,2)+GX69,0) -> 0 | GR69: 0 | GS69: 4 | GT69: 0 | GV69: =ROUND(GT69,2) -> 0 | GW69: 1 | GX69: =ROUND(GV69*GW69*I69,2) -> 0 | HA69: 0 | HB69: 0 | IK69: 0
A70: 17 | B70: 1 | C70: =ROW(SmtRes!A237) -> 237 | D70: =ROW(EtalonRes!A216) -> 216 | E70: 24 | F70: м08-02-472-02 | G70: Заземлитель горизонтальный из стали полосовой сечением 160 мм2 | H70: 100 м | I70: =ROUND(20/100,9) -> 0.2 | J70: 0 | O70: =ROUND(CP70,2) -> 1088.73 | P70: =ROUND(CQ70*I70,2) -> 873.53 | Q70: =ROUND(CR70*I70,2) -> 62.9 | R70: =ROUND(CS70*I70,2) -> 5.39 | S70: =ROUND(CT70*I70,2) -> 152.3 | T70: =ROUND(CU70*I70,2) -> 0 | U70: =CV70*I70 -> 3.32 | V70: =CW70*I70 -> 0.088 | W70: =ROUND(CX70*I70,2) -> 0 | X70: =ROUND(CY70,2) -> 149.81 | Y70: =ROUND(CZ70,2) -> 102.5 | AA70: 39610380 | AB70: =ROUND((AC70+AD70+AF70),2) -> 1115.5 | AC70: =ROUND((ES70),2) -> 895.01 | AD70: =ROUND((((ET70)-(EU70))+AE70),2) -> 64.45 | AE70: =ROUND((EU70),2) -> 5.52 | AF70: =ROUND((EV70),2) -> 156.04 | AG70: =ROUND((AP70),2) -> 0 | AH70: =(EW70) -> 16.6 | AI70: =(EX70) -> 0.44 | AJ70: =ROUND((AS70),2) -> 0 | AK70: 1115.5 | AL70: 895.01 | AM70: 64.45 | AN70: 5.52 | AO70: 156.04 | AP70: 0 | AQ70: 16.6 | AR70: 0.44 | AS70: 0 | AT70: 95 | AU70: 65 | AV70: 1 | AW70: 1 | AZ70: 4.88 | BA70: 4.88 | BB70: 4.88 | BC70: 4.88 | BH70: 0 | BI70: 2 | BJ70: ФЕРм-2001, м08-02-472-02, приказ Минстроя России №1039/пр от 30.12.2016г. | BM70: 108001 | BN70: 0 | BP70: 0 | BQ70: 3 | BR70: 0 | BS70: 4.88 | BT70: 1 | BU70: 1 | BV70: 1 | BW70: 1 | BX70: 1 | BZ70: 95 | CA70: 65 | CF70: 0 | CG70: 0 | CM70: 0 | CO70: 0 | CP70: =(P70+Q70+S70) -> 1088.73 | CQ70: =AC70*BC70 -> 4367.6488 | CR70: =AD70*BB70 -> 314.516 | CS70: =AE70*BS70 -> 26.9376 | CT70: =AF70*BA70 -> 761.4752 | CU70: =AG70 -> 0 | CV70: =AH70 -> 16.6 | CW70: =AI70 -> 0.44 | CX70: =AJ70 -> 0 | CY70: =(((S70+R70)*AT70)/100) -> 149.8055 | CZ70: =(((S70+R70)*AU70)/100) -> 102.4985 | DN70: 0 | DO70: 0 | DP70: 1 | DQ70: 1 | DU70: 1003 | DV70: 100 м | DW70: 100 м | DX70: 100 | EE70: 39174386 | EF70: 3 | EG70: Монтажные работы | EH70: 0 | EJ70: 2 | EK70: 108001 | EL70: Электромонтажные работы , отдел 01-03 : ( на АЭС НР = 110% ) - (работы по упр. авиа.- движением: СП=55% ( {АВИА}=1; обычные работы : СП=65 - {AВИА}=0), при работе на АЭС СП= 68% ) | EM70: мФЕР-08 | EQ70: 0 | ER70: 1115.5 | ES70: 895.01 | ET70: 64.45 | EU70: 5.52 | EV70: 156.04 | EW70: 16.6 | EX70: 0.44 | EY70: 0 | FQ70: 0 | FR70: =ROUND(IF(AND(BH70=3,BI70=3),P70,0),2) -> 0 | FS70: 0 | FX70: 95 | FY70: 65 | GD70: 0 | GF70: -211123153 | GG70: 1 | GH70: 1 | GI70: 4 | GJ70: 0 | GK70: =ROUND(R70*(R12)/100,2) -> 0 | GL70: =ROUND(IF(AND(BH70=3,BI70=3,FS70<>0),P70,0),2) -> 0 | GM70: =ROUND(O70+X70+Y70+GK70,2)+GX70 -> 1341.04 | GN70: =IF(OR(BI70=0,BI70=1),ROUND(O70+X70+Y70+GK70,2),0) -> 0 | GO70: =IF(BI70=2,ROUND(O70+X70+Y70+GK70,2),0) -> 1341.04 | GP70: =IF(BI70=4,ROUND(O70+X70+Y70+GK70,2)+GX70,0) -> 0 | GR70: 0 | GS70: 3 | GT70: 0 | GV70: =ROUND(GT70,2) -> 0 | GW70: 1 | GX70: =ROUND(GV70*GW70*I70,2) -> 0 | HA70: 0 | HB70: 0 | IK70: 0
A71: 18 | B71: 1 | C71: 235 | E71: 24,1 | F71: 08.3.07.01-0041 | G71: Сталь полосовая 40х4 мм | H71: т | I71: =I70*J71 -> 0.098 | J71: 0.49 | O71: =ROUND(CP71,2) -> 2917.26 | P71: =ROUND(CQ71*I71,2) -> 2917.26 | Q71: =ROUND(CR71*I71,2) -> 0 | R71: =ROUND(CS71*I71,2) -> 0 | S71: =ROUND(CT71*I71,2) -> 0 | T71: =ROUND(CU71*I71,2) -> 0 | U71: =CV71*I71 -> 0 | V71: =CW71*I71 -> 0 | W71: =ROUND(CX71*I71,2) -> 0 | X71: =ROUND(CY71,2) -> 0 | Y71: =ROUND(CZ71,2) -> 0 | AA71: 39610380 | AB71: =ROUND((AC71+AD71+AF71),2) -> 6100 | AC71: =ROUND((ES71),2) -> 6100 | AD71: =ROUND((((ET71)-(EU71))+AE71),2) -> 0 | AE71: =ROUND((EU71),2) -> 0 | AF71: =ROUND((EV71),2) -> 0 | AG71: =ROUND((AP71),2) -> 0 | AH71: =(EW71) -> 0 | AI71: =(EX71) -> 0 | AJ71: =ROUND((AS71),2) -> 0 | AK71: 6100 | AL71: 6100 | AM71: 0 | AN71: 0 | AO71: 0 | AP71: 0 | AQ71: 0 | AR71: 0 | AS71: 0 | AT71: 95 | AU71: 65 | AV71: 1 | AW71: 1 | AZ71: 4.88 | BA71: 1 | BB71: 1 | BC71: 4.88 | BH71: 3 | BI71: 2 | BJ71: ФССЦ-2001, 08.3.07.01-0041, приказ Минстроя России №1039/пр от 30.12.2016г. | BM71: 108001 | BN71: 0 | BP71: 0 | BQ71: 3 | BR71: 0 | BS71: 1 | BT71: 1 | BU71: 1 | BV71: 1 | BW71: 1 | BX71: 1 | BZ71: 95 | CA71: 65 | CF71: 0 | CG71: 0 | CM71: 0 | CO71: 0 | CP71: =(P71+Q71+S71) -> 2917.26 | CQ71: =AC71*BC71 -> 29768 | CR71: =AD71*BB71 -> 0 | CS71: =AE71*BS71 -> 0 | CT71: =AF71*BA71 -> 0 | CU71: =AG71 -> 0 | CV71: =AH71 -> 0 | CW71: =AI71 -> 0 | CX71: =AJ71 -> 0 | CY71: =(((S71+R71)*AT71)/100) -> 0 | CZ71: =(((S71+R71)*AU71)/100) -> 0 | DN71: 0 | DO71: 0 | DP71: 1 | DQ71: 1 | DU71: 1009 | DV71: т | DW71: т | DX71: 1000 | EE71: 39174386 | EF71: 3 | EG71: Монтажные работы | EH71: 0 | EJ71: 2 | EK71: 108001 | EL71: Электромонтажные работы , отдел 01-03 : ( на АЭС НР = 110% ) - (работы по упр. авиа.- движением: СП=55% ( {АВИА}=1; обычные работы : СП=65 - {AВИА}=0), при работе на АЭС СП= 68% ) | EM71: мФЕР-08 | EQ71: 0 | ER71: 6100 | ES71: 6100 | ET71: 0 | EU71: 0 | EV71: 0 | EW71: 0 | EX71: 0 | FQ71: 0 | FR71: =ROUND(IF(AND(BH71=3,BI71=3),P71,0),2) -> 0 | FS71: 0 | FX71: 95 | FY71: 65 | GD71: 0 | GF71: -512066668 | GG71: 1 | GH71: 1 | GI71: 4 | GJ71: 0 | GK71: =ROUND(R71*(R12)/100,2) -> 0 | GL71: =ROUND(IF(AND(BH71=3,BI71=3,FS71<>0),P71,0),2) -> 0 | GM71: =ROUND(O71+X71+Y71+GK71,2)+GX71 -> 2917.26 | GN71: =IF(OR(BI71=0,BI71=1),ROUND(O71+X71+Y71+GK71,2),0) -> 0 | GO71: =IF(BI71=2,ROUND(O71+X71+Y71+GK71,2),0) -> 2917.26 | GP71: =IF(BI71=4,ROUND(O71+X71+Y71+GK71,2)+GX71,0) -> 0 | GR71: 0 | GS71: 3 | GT71: 0 | GV71: =ROUND(GT71,2) -> 0 | GW71: 1 | GX71: =ROUND(GV71*GW71*I71,2) -> 0 | HA71: 0 | HB71: 0 | IK71: 0
A72: 17 | B72: 1 | C72: =ROW(SmtRes!A248) -> 248 | D72: =ROW(EtalonRes!A226) -> 226 | E72: 25 | F72: м08-02-412-02 | G72: Затягивание провода в проложенные трубы и металлические рукава первого одножильного или многожильного в общей оплетке, суммарное сечение до 6 мм2 | H72: 100 м | I72: =ROUND(200/100,9) -> 2 | J72: 0 | O72: =ROUND(CP72,2) -> 670.51 | P72: =ROUND(CQ72*I72,2) -> 141.32 | Q72: =ROUND(CR72*I72,2) -> 34.65 | R72: =ROUND(CS72*I72,2) -> 4.88 | S72: =ROUND(CT72*I72,2) -> 494.54 | T72: =ROUND(CU72*I72,2) -> 0 | U72: =CV72*I72 -> 10.78 | V72: =CW72*I72 -> 0.08 | W72: =ROUND(CX72*I72,2) -> 0 | X72: =ROUND(CY72,2) -> 474.45 | Y72: =ROUND(CZ72,2) -> 324.62 | AA72: 39610380 | AB72: =ROUND((AC72+AD72+AF72),2) -> 68.7 | AC72: =ROUND((ES72),2) -> 14.48 | AD72: =ROUND((((ET72)-(EU72))+AE72),2) -> 3.55 | AE72: =ROUND((EU72),2) -> 0.5 | AF72: =ROUND((EV72),2) -> 50.67 | AG72: =ROUND((AP72),2) -> 0 | AH72: =(EW72) -> 5.39 | AI72: =(EX72) -> 0.04 | AJ72: =ROUND((AS72),2) -> 0 | AK72: 68.7 | AL72: 14.48 | AM72: 3.55 | AN72: 0.5 | AO72: 50.67 | AP72: 0 | AQ72: 5.39 | AR72: 0.04 | AS72: 0 | AT72: 95 | AU72: 65 | AV72: 1 | AW72: 1 | AZ72: 4.88 | BA72: 4.88 | BB72: 4.88 | BC72: 4.88 | BH72: 0 | BI72: 2 | BJ72: ФЕРм-2001, м08-02-412-02, приказ Минстроя России №1039/пр от 30.12.2016г. | BM72: 108001 | BN72: 0 | BP72: 0 | BQ72: 3 | BR72: 0 | BS72: 4.88 | BT72: 1 | BU72: 1 | BV72: 1 | BW72: 1 | BX72: 1 | BZ72: 95 | CA72: 65 | CF72: 0 | CG72: 0 | CM72: 0 | CO72: 0 | CP72: =(P72+Q72+S72) -> 670.51 | CQ72: =AC72*BC72 -> 70.6624 | CR72: =AD72*BB72 -> 17.324 | CS72: =AE72*BS72 -> 2.44 | CT72: =AF72*BA72 -> 247.2696 | CU72: =AG72 -> 0 | CV72: =AH72 -> 5.39 | CW72: =AI72 -> 0.04 | CX72: =AJ72 -> 0 | CY72: =(((S72+R72)*AT72)/100) -> 474.449 | CZ72: =(((S72+R72)*AU72)/100) -> 324.623 | DN72: 0 | DO72: 0 | DP72: 1 | DQ72: 1 | DU72: 1003 | DV72: 100 м | DW72: 100 м | DX72: 100 | EE72: 39174386 | EF72: 3 | EG72: Монтажные работы | EH72: 0 | EJ72: 2 | EK72: 108001 | EL72: Электромонтажные работы , отдел 01-03 : ( на АЭС НР = 110% ) - (работы по упр. авиа.- движением: СП=55% ( {АВИА}=1; обычные работы : СП=65 - {AВИА}=0), при работе на АЭС СП= 68% ) | EM72: мФЕР-08 | EQ72: 0 | ER72: 68.7 | ES72: 14.48 | ET72: 3.55 | EU72: 0.5 | EV72: 50.67 | EW72: 5.39 | EX72: 0.04 | EY72: 0 | FQ72: 0 | FR72: =ROUND(IF(AND(BH72=3,BI72=3),P72,0),2) -> 0 | FS72: 0 | FX72: 95 | FY72: 65 | GD72: 0 | GF72: -1215790049 | GG72: 1 | GH72: 1 | GI72: 4 | GJ72: 0 | GK72: =ROUND(R72*(R12)/100,2) -> 0 | GL72: =ROUND(IF(AND(BH72=3,BI72=3,FS72<>0),P72,0),2) -> 0 | GM72: =ROUND(O72+X72+Y72+GK72,2)+GX72 -> 1469.58 | GN72: =IF(OR(BI72=0,BI72=1),ROUND(O72+X72+Y72+GK72,2),0) -> 0 | GO72: =IF(BI72=2,ROUND(O72+X72+Y72+GK72,2),0) -> 1469.58 | GP72: =IF(BI72=4,ROUND(O72+X72+Y72+GK72,2)+GX72,0) -> 0 | GR72: 0 | GS72: 3 | GT72: 0 | GV72: =ROUND(GT72,2) -> 0 | GW72: 1 | GX72: =ROUND(GV72*GW72*I72,2) -> 0 | HA72: 0 | HB72: 0 | IK72: 0
A73: 18 | B73: 1 | C73: 247 | E73: 25,1 | F73: 21.1.06.09-0151 | G73: Кабель силовой с медными жилами с поливинилхлоридной изоляцией и оболочкой, не распространяющий горение, с низким дымо- и газовыделением марки ВВГнг-LS, с числом жил - 3 и сечением 1,5 мм2 | H73: 1000 м | I73: =I72*J73 -> 0.2 | J73: 0.1 | O73: =ROUND(CP73,2) -> 4716.15 | P73: =ROUND(CQ73*I73,2) -> 4716.15 | Q73: =ROUND(CR73*I73,2) -> 0 | R73: =ROUND(CS73*I73,2) -> 0 | S73: =ROUND(CT73*I73,2) -> 0 | T73: =ROUND(CU73*I73,2) -> 0 | U73: =CV73*I73 -> 0 | V73: =CW73*I73 -> 0 | W73: =ROUND(CX73*I73,2) -> 0 | X73: =ROUND(CY73,2) -> 0 | Y73: =ROUND(CZ73,2) -> 0 | AA73: 39610380 | AB73: =ROUND((AC73+AD73+AF73),2) -> 4832.12 | AC73: =ROUND((ES73),2) -> 4832.12 | AD73: =ROUND((((ET73)-(EU73))+AE73),2) -> 0 | AE73: =ROUND((EU73),2) -> 0 | AF73: =ROUND((EV73),2) -> 0 | AG73: =ROUND((AP73),2) -> 0 | AH73: =(EW73) -> 0 | AI73: =(EX73) -> 0 | AJ73: =ROUND((AS73),2) -> 0 | AK73: 4832.12 | AL73: 4832.12 | AM73: 0 | AN73: 0 | AO73: 0 | AP73: 0 | AQ73: 0 | AR73: 0 | AS73: 0 | AT73: 95 | AU73: 65 | AV73: 1 | AW73: 1 | AZ73: 4.88 | BA73: 1 | BB73: 1 | BC73: 4.88 | BH73: 3 | BI73: 2 | BJ73: ФССЦ-2001, 21.1.06.09-0151, приказ Минстроя России №1039/пр от 30.12.2016г. | BM73: 108001 | BN73: 0 | BP73: 0 | BQ73: 3 | BR73: 0 | BS73: 1 | BT73: 1 | BU73: 1 | BV73: 1 | BW73: 1 | BX73: 1 | BZ73: 95 | CA73: 65 | CF73: 0 | CG73: 0 | CM73: 0 | CO73: 0 | CP73: =(P73+Q73+S73) -> 4716.15 | CQ73: =AC73*BC73 -> 23580.746 | CR73: =AD73*BB73 -> 0 | CS73: =AE73*BS73 -> 0 | CT73: =AF73*BA73 -> 0 | CU73: =AG73 -> 0 | CV73: =AH73 -> 0 | CW73: =AI73 -> 0 | CX73: =AJ73 -> 0 | CY73: =(((S73+R73)*AT73)/100) -> 0 | CZ73: =(((S73+R73)*AU73)/100) -> 0 | DN73: 0 | DO73: 0 | DP73: 1 | DQ73: 1 | DU73: 1013 | DV73: 1000 м | DW73: 1000 М | DX73: 1 | EE73: 39174386 | EF73: 3 | EG73: Монтажные работы | EH73: 0 | EJ73: 2 | EK73: 108001 | EL73: Электромонтажные работы , отдел 01-03 : ( на АЭС НР = 110% ) - (работы по упр. авиа.- движением: СП=55% ( {АВИА}=1; обычные работы : СП=65 - {AВИА}=0), при работе на АЭС СП= 68% ) | EM73: мФЕР-08 | EQ73: 0 | ER73: 4832.12 | ES73: 4832.12 | ET73: 0 | EU73: 0 | EV73: 0 | EW73: 0 | EX73: 0 | FQ73: 0 | FR73: =ROUND(IF(AND(BH73=3,BI73=3),P73,0),2) -> 0 | FS73: 0 | FX73: 95 | FY73: 65 | GD73: 0 | GF73: -1479501953 | GG73: 1 | GH73: 1 | GI73: 4 | GJ73: 0 | GK73: =ROUND(R73*(R12)/100,2) -> 0 | GL73: =ROUND(IF(AND(BH73=3,BI73=3,FS73<>0),P73,0),2) -> 0 | GM73: =ROUND(O73+X73+Y73+GK73,2)+GX73 -> 4716.15 | GN73: =IF(OR(BI73=0,BI73=1),ROUND(O73+X73+Y73+GK73,2),0) -> 0 | GO73: =IF(BI73=2,ROUND(O73+X73+Y73+GK73,2),0) -> 4716.15 | GP73: =IF(BI73=4,ROUND(O73+X73+Y73+GK73,2)+GX73,0) -> 0 | GR73: 0 | GS73: 3 | GT73: 0 | GV73: =ROUND(GT73,2) -> 0 | GW73: 1 | GX73: =ROUND(GV73*GW73*I73,2) -> 0 | HA73: 0 | HB73: 0 | IK73: 0
A74: 17 | B74: 1 | C74: =ROW(SmtRes!A253) -> 253 | D74: =ROW(EtalonRes!A231) -> 231 | E74: 26 | F74: м08-02-143-01 | G74: Покрытие кабеля, проложенного в траншее кирпичом одного кабеля | H74: 100 м | I74: =ROUND(1350/100,9) -> 13.5 | J74: 0 | O74: =ROUND(CP74,2) -> 23620.62 | P74: =ROUND(CQ74*I74,2) -> 65.88 | Q74: =ROUND(CR74*I74,2) -> 20252.83 | R74: =ROUND(CS74*I74,2) -> 2861.17 | S74: =ROUND(CT74*I74,2) -> 3301.91 | T74: =ROUND(CU74*I74,2) -> 0 | U74: =CV74*I74 -> 70.335 | V74: =CW74*I74 -> 46.71 | W74: =ROUND(CX74*I74,2) -> 0 | X74: =ROUND(CY74,2) -> 5854.93 | Y74: =ROUND(CZ74,2) -> 4006 | AA74: 39610380 | AB74: =ROUND((AC74+AD74+AF74),2) -> 358.54 | AC74: =ROUND((ES74),2) -> 1 | AD74: =ROUND((((ET74)-(EU74))+AE74),2) -> 307.42 | AE74: =ROUND((EU74),2) -> 43.43 | AF74: =ROUND((EV74),2) -> 50.12 | AG74: =ROUND((AP74),2) -> 0 | AH74: =(EW74) -> 5.21 | AI74: =(EX74) -> 3.46 | AJ74: =ROUND((AS74),2) -> 0 | AK74: 358.54 | AL74: 1 | AM74: 307.42 | AN74: 43.43 | AO74: 50.12 | AP74: 0 | AQ74: 5.21 | AR74: 3.46 | AS74: 0 | AT74: 95 | AU74: 65 | AV74: 1 | AW74: 1 | AZ74: 4.88 | BA74: 4.88 | BB74: 4.88 | BC74: 4.88 | BH74: 0 | BI74: 2 | BJ74: ФЕРм-2001, м08-02-143-01, приказ Минстроя России №1039/пр от 30.12.2016г. | BM74: 108001 | BN74: 0 | BP74: 0 | BQ74: 3 | BR74: 0 | BS74: 4.88 | BT74: 1 | BU74: 1 | BV74: 1 | BW74: 1 | BX74: 1 | BZ74: 95 | CA74: 65 | CF74: 0 | CG74: 0 | CM74: 0 | CO74: 0 | CP74: =(P74+Q74+S74) -> 23620.62 | CQ74: =AC74*BC74 -> 4.88 | CR74: =AD74*BB74 -> 1500.2096 | CS74: =AE74*BS74 -> 211.9384 | CT74: =AF74*BA74 -> 244.5856 | CU74: =AG74 -> 0 | CV74: =AH74 -> 5.21 | CW74: =AI74 -> 3.46 | CX74: =AJ74 -> 0 | CY74: =(((S74+R74)*AT74)/100) -> 5854.926 | CZ74: =(((S74+R74)*AU74)/100) -> 4006.002 | DN74: 0 | DO74: 0 | DP74: 1 | DQ74: 1 | DU74: 1003 | DV74: 100 м | DW74: 100 м | DX74: 100 | EE74: 39174386 | EF74: 3 | EG74: Монтажные работы | EH74: 0 | EJ74: 2 | EK74: 108001 | EL74: Электромонтажные работы , отдел 01-03 : ( на АЭС НР = 110% ) - (работы по упр. авиа.- движением: СП=55% ( {АВИА}=1; обычные работы : СП=65 - {AВИА}=0), при работе на АЭС СП= 68% ) | EM74: мФЕР-08 | EQ74: 0 | ER74: 358.54 | ES74: 1 | ET74: 307.42 | EU74: 43.43 | EV74: 50.12 | EW74: 5.21 | EX74: 3.46 | EY74: 0 | FQ74: 0 | FR74: =ROUND(IF(AND(BH74=3,BI74=3),P74,0),2) -> 0 | FS74: 0 | FX74: 95 | FY74: 65 | GD74: 0 | GF74: -883256235 | GG74: 1 | GH74: 1 | GI74: 4 | GJ74: 0 | GK74: =ROUND(R74*(R12)/100,2) -> 0 | GL74: =ROUND(IF(AND(BH74=3,BI74=3,FS74<>0),P74,0),2) -> 0 | GM74: =ROUND(O74+X74+Y74+GK74,2)+GX74 -> 33481.55 | GN74: =IF(OR(BI74=0,BI74=1),ROUND(O74+X74+Y74+GK74,2),0) -> 0 | GO74: =IF(BI74=2,ROUND(O74+X74+Y74+GK74,2),0) -> 33481.55 | GP74: =IF(BI74=4,ROUND(O74+X74+Y74+GK74,2)+GX74,0) -> 0 | GR74: 0 | GS74: 3 | GT74: 0 | GV74: =ROUND(GT74,2) -> 0 | GW74: 1 | GX74: =ROUND(GV74*GW74*I74,2) -> 0 | HA74: 0 | HB74: 0 | IK74: 0
A75: 17 | B75: 1 | C75: =ROW(SmtRes!A255) -> 255 | D75: =ROW(EtalonRes!A233) -> 233 | E75: 27 | F75: 01-01-033-02 | G75: Засыпка траншей и котлованов с перемещением грунта до 5 м бульдозерами мощностью 59 кВт (80 л.с.), группа грунтов 2 | H75: 1000 м3 | I75: =ROUND(920/1000,9) -> 0.92 | J75: 0 | O75: =ROUND(CP75,2) -> 2368.26 | P75: =ROUND(CQ75*I75,2) -> 0 | Q75: =ROUND(CR75*I75,2) -> 2368.26 | R75: =ROUND(CS75*I75,2) -> 461.93 | S75: =ROUND(CT75*I75,2) -> 0 | T75: =ROUND(CU75*I75,2) -> 0 | U75: =CV75*I75 -> 0 | V75: =CW75*I75 -> 8.1604 | W75: =ROUND(CX75*I75,2) -> 0 | X75: =ROUND(CY75,2) -> 397.26 | Y75: =ROUND(CZ75,2) -> 198.63 | AA75: 39610380 | AB75: =ROUND((AC75+AD75+AF75),2) -> 527.5 | AC75: =ROUND((ES75),2) -> 0 | AD75: =ROUND((((ET75)-(EU75))+AE75),2) -> 527.5 | AE75: =ROUND((EU75),2) -> 102.89 | AF75: =ROUND((EV75),2) -> 0 | AG75: =ROUND((AP75),2) -> 0 | AH75: =(EW75) -> 0 | AI75: =(EX75) -> 8.87 | AJ75: =ROUND((AS75),2) -> 0 | AK75: 527.5 | AL75: 0 | AM75: 527.5 | AN75: 102.89 | AO75: 0 | AP75: 0 | AQ75: 0 | AR75: 8.87 | AS75: 0 | AT75: 86 | AU75: 43 | AV75: 1 | AW75: 1 | AZ75: 4.88 | BA75: 4.88 | BB75: 4.88 | BC75: 4.88 | BH75: 0 | BI75: 1 | BJ75: ФЕР-2001, 01-01-033-02, приказ Минстроя России №1039/пр от 30.12.2016г. | BM75: 1001 | BN75: 0 | BP75: 0 | BQ75: 2 | BR75: 0 | BS75: 4.88 | BT75: 1 | BU75: 1 | BV75: 1 | BW75: 1 | BX75: 1 | BZ75: 95 | CA75: 50 | CF75: 0 | CG75: 0 | CM75: 0 | CO75: 0 | CP75: =(P75+Q75+S75) -> 2368.26 | CQ75: =AC75*BC75 -> 0 | CR75: =AD75*BB75 -> 2574.2 | CS75: =AE75*BS75 -> 502.1032 | CT75: =AF75*BA75 -> 0 | CU75: =AG75 -> 0 | CV75: =AH75 -> 0 | CW75: =AI75 -> 8.87 | CX75: =AJ75 -> 0 | CY75: =(((S75+R75)*AT75)/100) -> 397.2598 | CZ75: =(((S75+R75)*AU75)/100) -> 198.6299 | DN75: 0 | DO75: 0 | DP75: 1 | DQ75: 1 | DU75: 1007 | DV75: 1000 м3 | DW75: 1000 м3 | DX75: 1000 | EE75: 39174477 | EF75: 2 | EG75: Общестроительные работы | EH75: 0 | EJ75: 1 | EK75: 1001 | EL75: Земляные работы, выполняемые механизированным способом | EM75: ФЕР-01 | EQ75: 0 | ER75: 527.5 | ES75: 0 | ET75: 527.5 | EU75: 102.89 | EV75: 0 | EW75: 0 | EX75: 8.87 | EY75: 0 | FQ75: 0 | FR75: =ROUND(IF(AND(BH75=3,BI75=3),P75,0),2) -> 0 | FS75: 0 | FT75: *0,9 | FU75: *0,85 | FX75: 85.5 | FY75: 42.5 | GD75: 0 | GF75: 97447917 | GG75: 1 | GH75: 1 | GI75: 4 | GJ75: 0 | GK75: =ROUND(R75*(R12)/100,2) -> 0 | GL75: =ROUND(IF(AND(BH75=3,BI75=3,FS75<>0),P75,0),2) -> 0 | GM75: =ROUND(O75+X75+Y75+GK75,2)+GX75 -> 2964.15 | GN75: =IF(OR(BI75=0,BI75=1),ROUND(O75+X75+Y75+GK75,2),0) -> 2964.15 | GO75: =IF(BI75=2,ROUND(O75+X75+Y75+GK75,2),0) -> 0 | GP75: =IF(BI75=4,ROUND(O75+X75+Y75+GK75,2)+GX75,0) -> 0 | GR75: 0 | GS75: 3 | GT75: 0 | GV75: =ROUND(GT75,2) -> 0 | GW75: 1 | GX75: =ROUND(GV75*GW75*I75,2) -> 0 | HA75: 0 | HB75: 0 | IK75: 0
A76: 17 | B76: 1 | C76: =ROW(SmtRes!A256) -> 256 | D76: =ROW(EtalonRes!A234) -> 234 | E76: 28 | F76: 01-02-119-03 | G76: Расчистка площадей от кустарника и мелколесья вручную при густой поросли | H76: 100 м2 | I76: =ROUND(430/100,9) -> 4.3 | J76: 0 | O76: =ROUND(CP76,2) -> 1621.64 | P76: =ROUND(CQ76*I76,2) -> 0 | Q76: =ROUND(CR76*I76,2) -> 0 | R76: =ROUND(CS76*I76,2) -> 0 | S76: =ROUND(CT76*I76,2) -> 1621.64 | T76: =ROUND(CU76*I76,2) -> 0 | U76: =CV76*I76 -> 38.958 | V76: =CW76*I76 -> 0 | W76: =ROUND(CX76*I76,2) -> 0 | X76: =ROUND(CY76,2) -> 1167.58 | Y76: =ROUND(CZ76,2) -> 616.22 | AA76: 39610380 | AB76: =ROUND((AC76+AD76+AF76),2) -> 77.28 | AC76: =ROUND((ES76),2) -> 0 | AD76: =ROUND((((ET76)-(EU76))+AE76),2) -> 0 | AE76: =ROUND((EU76),2) -> 0 | AF76: =ROUND((EV76),2) -> 77.28 | AG76: =ROUND((AP76),2) -> 0 | AH76: =(EW76) -> 9.06 | AI76: =(EX76) -> 0 | AJ76: =ROUND((AS76),2) -> 0 | AK76: 77.28 | AL76: 0 | AM76: 0 | AN76: 0 | AO76: 77.28 | AP76: 0 | AQ76: 9.06 | AR76: 0 | AS76: 0 | AT76: 72 | AU76: 38 | AV76: 1 | AW76: 1 | AZ76: 4.88 | BA76: 4.88 | BB76: 4.88 | BC76: 4.88 | BH76: 0 | BI76: 1 | BJ76: ФЕР-2001, 01-02-119-03, приказ Минстроя России №1039/пр от 30.12.2016г. | BM76: 1007 | BN76: 0 | BP76: 0 | BQ76: 2 | BR76: 0 | BS76: 4.88 | BT76: 1 | BU76: 1 | BV76: 1 | BW76: 1 | BX76: 1 | BZ76: 80 | CA76: 45 | CF76: 0 | CG76: 0 | CM76: 0 | CO76: 0 | CP76: =(P76+Q76+S76) -> 1621.64 | CQ76: =AC76*BC76 -> 0 | CR76: =AD76*BB76 -> 0 | CS76: =AE76*BS76 -> 0 | CT76: =AF76*BA76 -> 377.1264 | CU76: =AG76 -> 0 | CV76: =AH76 -> 9.06 | CW76: =AI76 -> 0 | CX76: =AJ76 -> 0 | CY76: =(((S76+R76)*AT76)/100) -> 1167.5808 | CZ76: =(((S76+R76)*AU76)/100) -> 616.2232 | DN76: 0 | DO76: 0 | DP76: 1 | DQ76: 1 | DU76: 1005 | DV76: 100 м2 | DW76: 100 м2 | DX76: 100 | EE76: 39174482 | EF76: 2 | EG76: Общестроительные работы | EH76: 0 | EJ76: 1 | EK76: 1007 | EL76: Земляные работы по другим видам работ ( подготовительные, сопутствующие, укрепительные ) | EM76: ФЕР-01 | EQ76: 0 | ER76: 77.28 | ES76: 0 | ET76: 0 | EU76: 0 | EV76: 77.28 | EW76: 9.06 | EX76: 0 | EY76: 0 | FQ76: 0 | FR76: =ROUND(IF(AND(BH76=3,BI76=3),P76,0),2) -> 0 | FS76: 0 | FT76: *0,9 | FU76: *0,85 | FX76: 72 | FY76: 38.25 | GD76: 0 | GF76: -2142205839 | GG76: 1 | GH76: 1 | GI76: 4 | GJ76: 0 | GK76: =ROUND(R76*(R12)/100,2) -> 0 | GL76: =ROUND(IF(AND(BH76=3,BI76=3,FS76<>0),P76,0),2) -> 0 | GM76: =ROUND(O76+X76+Y76+GK76,2)+GX76 -> 3405.44 | GN76: =IF(OR(BI76=0,BI76=1),ROUND(O76+X76+Y76+GK76,2),0) -> 3405.44 | GO76: =IF(BI76=2,ROUND(O76+X76+Y76+GK76,2),0) -> 0 | GP76: =IF(BI76=4,ROUND(O76+X76+Y76+GK76,2)+GX76,0) -> 0 | GR76: 0 | GS76: 3 | GT76: 0 | GV76: =ROUND(GT76,2) -> 0 | GW76: 1 | GX76: =ROUND(GV76*GW76*I76,2) -> 0 | HA76: 0 | HB76: 0 | IK76: 0
A77: 17 | B77: 1 | C77: =ROW(SmtRes!A258) -> 258 | D77: =ROW(EtalonRes!A236) -> 236 | E77: 29 | F77: п01-11-028-01 | G77: Измерение сопротивления изоляции (на линию) мегаомметром кабельных и других линий напряжением до 1 кВ, предназначенных для передачи электроэнергии к распределительным устройствам, щитам, шкафам, коммутационным аппаратам и электропотребителям | H77: ШТ | I77: 90 | J77: 0 | O77: =ROUND(CP77,2) -> 4194.79 | P77: =ROUND(CQ77*I77,2) -> 0 | Q77: =ROUND(CR77*I77,2) -> 0 | R77: =ROUND(CS77*I77,2) -> 0 | S77: =ROUND(CT77*I77,2) -> 4194.79 | T77: =ROUND(CU77*I77,2) -> 0 | U77: =CV77*I77 -> 23.04 | V77: =CW77*I77 -> 0 | W77: =ROUND(CX77*I77,2) -> 0 | X77: =ROUND(CY77,2) -> 2726.61 | Y77: =ROUND(CZ77,2) -> 1677.92 | AA77: 39610380 | AB77: =ROUND((AC77+AD77+AF77),2) -> 3.28 | AC77: =ROUND((ES77),2) -> 0 | AD77: =ROUND((((ET77)-(EU77))+AE77),2) -> 0 | AE77: =ROUND((EU77),2) -> 0 | AF77: =ROUND(((EV77*0.8)),2) -> 3.28 | AG77: =ROUND((AP77),2) -> 0 | AH77: =((EW77*0.8)) -> 0.256 | AI77: =(EX77) -> 0 | AJ77: =ROUND((AS77),2) -> 0 | AK77: 4.1 | AL77: 0 | AM77: 0 | AN77: 0 | AO77: 4.1 | AP77: 0 | AQ77: 0.32 | AR77: 0 | AS77: 0 | AT77: 65 | AU77: 40 | AV77: 1 | AW77: 1 | AZ77: 14.21 | BA77: 14.21 | BB77: 1 | BC77: 1 | BH77: 0 | BI77: 4 | BJ77: ФЕРп-2001, п01-11-028-01, приказ Минстроя России №1039/пр от 30.12.2016г. | BM77: 200001 | BN77: 0 | BP77: 0 | BQ77: 4 | BR77: 0 | BS77: 1 | BT77: 1 | BU77: 1 | BV77: 1 | BW77: 1 | BX77: 1 | BZ77: 65 | CA77: 40 | CF77: 0 | CG77: 0 | CM77: 0 | CN77: Поправка: п.9.4 Наименование: В случае, если монтажные и пусконаладочные работы по какому-либо оборудованию выполняются одним и тем же звеном (бригадой), | CO77: 0 | CP77: =(P77+Q77+S77) -> 4194.79 | CQ77: =AC77*BC77 -> 0 | CR77: =AD77*BB77 -> 0 | CS77: =AE77*BS77 -> 0 | CT77: =AF77*BA77 -> 46.6088 | CU77: =AG77 -> 0 | CV77: =AH77 -> 0.256 | CW77: =AI77 -> 0 | CX77: =AJ77 -> 0 | CY77: =(((S77+R77)*AT77)/100) -> 2726.6135 | CZ77: =(((S77+R77)*AU77)/100) -> 1677.916 | DG77: )*0,8 | DI77: )*0,8 | DN77: 0 | DO77: 0 | DP77: 1 | DQ77: 1 | DU77: 1013 | DV77: ШТ | DW77: ШТ | DX77: 1 | EE77: 39174428 | EF77: 4 | EG77: Пусконаладочные работы | EH77: 0 | EJ77: 4 | EK77: 200001 | EL77: Пусконаладочные работы : все сборники, отдел 05 ( диагностика лифтов ) и отдел 06 ( техническое освидетельствование ) сборника мрФЕР-01 | EM77: пФЕРп | EO77: Поправка: п.9.4 | EQ77: 0 | ER77: 4.1 | ES77: 0 | ET77: 0 | EU77: 0 | EV77: 4.1 | EW77: 0.32 | EX77: 0 | EY77: 0 | FQ77: 0 | FR77: =ROUND(IF(AND(BH77=3,BI77=3),P77,0),2) -> 0 | FS77: 0 | FX77: 65 | FY77: 40 | GD77: 0 | GF77: -1617765494 | GG77: 1 | GH77: 1 | GI77: 4 | GJ77: 0 | GK77: =ROUND(R77*(R12)/100,2) -> 0 | GL77: =ROUND(IF(AND(BH77=3,BI77=3,FS77<>0),P77,0),2) -> 0 | GM77: =ROUND(O77+X77+Y77+GK77,2)+GX77 -> 8599.32 | GN77: =IF(OR(BI77=0,BI77=1),ROUND(O77+X77+Y77+GK77,2),0) -> 0 | GO77: =IF(BI77=2,ROUND(O77+X77+Y77+GK77,2),0) -> 0 | GP77: =IF(BI77=4,ROUND(O77+X77+Y77+GK77,2)+GX77,0) -> 8599.32 | GR77: 0 | GS77: 3 | GT77: 0 | GV77: =ROUND(GT77,2) -> 0 | GW77: 1 | GX77: =ROUND(GV77*GW77*I77,2) -> 0 | HA77: 0 | HB77: 0 | IK77: 0
A78: 17 | B78: 1 | C78: =ROW(SmtRes!A260) -> 260 | D78: =ROW(EtalonRes!A238) -> 238 | E78: 30 | F78: п01-12-021-01 | G78: Испытание аппарата коммутационного напряжением до 1 кВ (силовых цепей) | H78: испытание | I78: 85 | J78: 0 | O78: =ROUND(CP78,2) -> 18963.25 | P78: =ROUND(CQ78*I78,2) -> 0 | Q78: =ROUND(CR78*I78,2) -> 0 | R78: =ROUND(CS78*I78,2) -> 0 | S78: =ROUND(CT78*I78,2) -> 18963.25 | T78: =ROUND(CU78*I78,2) -> 0 | U78: =CV78*I78 -> 110.16 | V78: =CW78*I78 -> 0 | W78: =ROUND(CX78*I78,2) -> 0 | X78: =ROUND(CY78,2) -> 12326.11 | Y78: =ROUND(CZ78,2) -> 7585.3 | AA78: 39610380 | AB78: =ROUND((AC78+AD78+AF78),2) -> 15.7 | AC78: =ROUND((ES78),2) -> 0 | AD78: =ROUND((((ET78)-(EU78))+AE78),2) -> 0 | AE78: =ROUND((EU78),2) -> 0 | AF78: =ROUND(((EV78*0.8)),2) -> 15.7 | AG78: =ROUND((AP78),2) -> 0 | AH78: =((EW78*0.8)) -> 1.296 | AI78: =(EX78) -> 0 | AJ78: =ROUND((AS78),2) -> 0 | AK78: 19.63 | AL78: 0 | AM78: 0 | AN78: 0 | AO78: 19.63 | AP78: 0 | AQ78: 1.62 | AR78: 0 | AS78: 0 | AT78: 65 | AU78: 40 | AV78: 1 | AW78: 1 | AZ78: 14.21 | BA78: 14.21 | BB78: 1 | BC78: 1 | BH78: 0 | BI78: 4 | BJ78: ФЕРп-2001, п01-12-021-01, приказ Минстроя России №1039/пр от 30.12.2016г. | BM78: 200001 | BN78: 0 | BP78: 0 | BQ78: 4 | BR78: 0 | BS78: 1 | BT78: 1 | BU78: 1 | BV78: 1 | BW78: 1 | BX78: 1 | BZ78: 65 | CA78: 40 | CF78: 0 | CG78: 0 | CM78: 0 | CN78: Поправка: п.9.4 Наименование: В случае, если монтажные и пусконаладочные работы по какому-либо оборудованию выполняются одним и тем же звеном (бригадой), | CO78: 0 | CP78: =(P78+Q78+S78) -> 18963.25 | CQ78: =AC78*BC78 -> 0 | CR78: =AD78*BB78 -> 0 | CS78: =AE78*BS78 -> 0 | CT78: =AF78*BA78 -> 223.097 | CU78: =AG78 -> 0 | CV78: =AH78 -> 1.296 | CW78: =AI78 -> 0 | CX78: =AJ78 -> 0 | CY78: =(((S78+R78)*AT78)/100) -> 12326.112 | CZ78: =(((S78+R78)*AU78)/100) -> 7585.3 | DG78: )*0,8 | DI78: )*0,8 | DN78: 0 | DO78: 0 | DP78: 1 | DQ78: 1 | DU78: 1013 | DV78: испытание | DW78: испытание | DX78: 1 | EE78: 39174428 | EF78: 4 | EG78: Пусконаладочные работы | EH78: 0 | EJ78: 4 | EK78: 200001 | EL78: Пусконаладочные работы : все сборники, отдел 05 ( диагностика лифтов ) и отдел 06 ( техническое освидетельствование ) сборника мрФЕР-01 | EM78: пФЕРп | EO78: Поправка: п.9.4 | EQ78: 0 | ER78: 19.63 | ES78: 0 | ET78: 0 | EU78: 0 | EV78: 19.63 | EW78: 1.62 | EX78: 0 | EY78: 0 | FQ78: 0 | FR78: =ROUND(IF(AND(BH78=3,BI78=3),P78,0),2) -> 0 | FS78: 0 | FX78: 65 | FY78: 40 | GD78: 0 | GF78: -648667348 | GG78: 1 | GH78: 1 | GI78: 4 | GJ78: 0 | GK78: =ROUND(R78*(R12)/100,2) -> 0 | GL78: =ROUND(IF(AND(BH78=3,BI78=3,FS78<>0),P78,0),2) -> 0 | GM78: =ROUND(O78+X78+Y78+GK78,2)+GX78 -> 38874.66 | GN78: =IF(OR(BI78=0,BI78=1),ROUND(O78+X78+Y78+GK78,2),0) -> 0 | GO78: =IF(BI78=2,ROUND(O78+X78+Y78+GK78,2),0) -> 0 | GP78: =IF(BI78=4,ROUND(O78+X78+Y78+GK78,2)+GX78,0) -> 38874.66 | GR78: 0 | GS78: 3 | GT78: 0 | GV78: =ROUND(GT78,2) -> 0 | GW78: 1 | GX78: =ROUND(GV78*GW78*I78,2) -> 0 | HA78: 0 | HB78: 0 | IK78: 0
A79: 17 | B79: 1 | C79: =ROW(SmtRes!A262) -> 262 | D79: =ROW(EtalonRes!A240) -> 240 | E79: 31 | F79: п01-11-013-01 | G79: Замер полного сопротивления цепи "фаза-нуль" | H79: ШТ | I79: 60 | J79: 0 | O79: =ROUND(CP79,2) -> 10657.5 | P79: =ROUND(CQ79*I79,2) -> 0 | Q79: =ROUND(CR79*I79,2) -> 0 | R79: =ROUND(CS79*I79,2) -> 0 | S79: =ROUND(CT79*I79,2) -> 10657.5 | T79: =ROUND(CU79*I79,2) -> 0 | U79: =CV79*I79 -> 58.56 | V79: =CW79*I79 -> 0 | W79: =ROUND(CX79*I79,2) -> 0 | X79: =ROUND(CY79,2) -> 6927.38 | Y79: =ROUND(CZ79,2) -> 4263 | AA79: 39610380 | AB79: =ROUND((AC79+AD79+AF79),2) -> 12.5 | AC79: =ROUND((ES79),2) -> 0 | AD79: =ROUND((((ET79)-(EU79))+AE79),2) -> 0 | AE79: =ROUND((EU79),2) -> 0 | AF79: =ROUND(((EV79*0.8)),2) -> 12.5 | AG79: =ROUND((AP79),2) -> 0 | AH79: =((EW79*0.8)) -> 0.976 | AI79: =(EX79) -> 0 | AJ79: =ROUND((AS79),2) -> 0 | AK79: 15.62 | AL79: 0 | AM79: 0 | AN79: 0 | AO79: 15.62 | AP79: 0 | AQ79: 1.22 | AR79: 0 | AS79: 0 | AT79: 65 | AU79: 40 | AV79: 1 | AW79: 1 | AZ79: 14.21 | BA79: 14.21 | BB79: 1 | BC79: 1 | BH79: 0 | BI79: 4 | BJ79: ФЕРп-2001, п01-11-013-01, приказ Минстроя России №1039/пр от 30.12.2016г. | BM79: 200001 | BN79: 0 | BP79: 0 | BQ79: 4 | BR79: 0 | BS79: 1 | BT79: 1 | BU79: 1 | BV79: 1 | BW79: 1 | BX79: 1 | BZ79: 65 | CA79: 40 | CF79: 0 | CG79: 0 | CM79: 0 | CN79: Поправка: п.9.4 Наименование: В случае, если монтажные и пусконаладочные работы по какому-либо оборудованию выполняются одним и тем же звеном (бригадой), | CO79: 0 | CP79: =(P79+Q79+S79) -> 10657.5 | CQ79: =AC79*BC79 -> 0 | CR79: =AD79*BB79 -> 0 | CS79: =AE79*BS79 -> 0 | CT79: =AF79*BA79 -> 177.625 | CU79: =AG79 -> 0 | CV79: =AH79 -> 0.976 | CW79: =AI79 -> 0 | CX79: =AJ79 -> 0 | CY79: =(((S79+R79)*AT79)/100) -> 6927.375 | CZ79: =(((S79+R79)*AU79)/100) -> 4263 | DG79: )*0,8 | DI79: )*0,8 | DN79: 0 | DO79: 0 | DP79: 1 | DQ79: 1 | DU79: 1013 | DV79: ШТ | DW79: ШТ | DX79: 1 | EE79: 39174428 | EF79: 4 | EG79: Пусконаладочные работы | EH79: 0 | EJ79: 4 | EK79: 200001 | EL79: Пусконаладочные работы : все сборники, отдел 05 ( диагностика лифтов ) и отдел 06 ( техническое освидетельствование ) сборника мрФЕР-01 | EM79: пФЕРп | EO79: Поправка: п.9.4 | EQ79: 0 | ER79: 15.62 | ES79: 0 | ET79: 0 | EU79: 0 | EV79: 15.62 | EW79: 1.22 | EX79: 0 | EY79: 0 | FQ79: 0 | FR79: =ROUND(IF(AND(BH79=3,BI79=3),P79,0),2) -> 0 | FS79: 0 | FX79: 65 | FY79: 40 | GD79: 0 | GF79: -829332442 | GG79: 1 | GH79: 1 | GI79: 4 | GJ79: 0 | GK79: =ROUND(R79*(R12)/100,2) -> 0 | GL79: =ROUND(IF(AND(BH79=3,BI79=3,FS79<>0),P79,0),2) -> 0 | GM79: =ROUND(O79+X79+Y79+GK79,2)+GX79 -> 21847.88 | GN79: =IF(OR(BI79=0,BI79=1),ROUND(O79+X79+Y79+GK79,2),0) -> 0 | GO79: =IF(BI79=2,ROUND(O79+X79+Y79+GK79,2),0) -> 0 | GP79: =IF(BI79=4,ROUND(O79+X79+Y79+GK79,2)+GX79,0) -> 21847.88 | GR79: 0 | GS79: 3 | GT79: 0 | GV79: =ROUND(GT79,2) -> 0 | GW79: 1 | GX79: =ROUND(GV79*GW79*I79,2) -> 0 | HA79: 0 | HB79: 0 | IK79: 0
A81: 51 | B81: =B20 -> 1 | C81: =A20 -> 3 | D81: =ROW(A20) -> 20 | F81: =IF(F20<>"",F20,"") -> Новая локальная смета | G81: =IF(G20<>"",G20,"") -> Новая локальная смета | H81: 0 | O81: =ROUND(AB81,2) -> 2286433.8 | P81: =ROUND(AC81,2) -> 2042191.7 | Q81: =ROUND(AD81,2) -> 102517.07 | R81: =ROUND(AE81,2) -> 12789.79 | S81: =ROUND(AF81,2) -> 141725.07 | T81: =ROUND(AG81,2) -> 0 | U81: =AH81 -> 2722.8475 | V81: =AI81 -> 207.09349 | W81: =ROUND(AJ81,2) -> 0 | X81: =ROUND(AK81,2) -> 120495.06 | Y81: =ROUND(AL81,2) -> 72363.91 | AB81: =ROUND(SUMIF(AA24:AA79,"=39610380",O24:O79),2) -> 2286433.8 | AC81: =ROUND(SUMIF(AA24:AA79,"=39610380",P24:P79),2) -> 2042191.7 | AD81: =ROUND(SUMIF(AA24:AA79,"=39610380",Q24:Q79),2) -> 102517.07 | AE81: =ROUND(SUMIF(AA24:AA79,"=39610380",R24:R79),2) -> 12789.79 | AF81: =ROUND(SUMIF(AA24:AA79,"=39610380",S24:S79),2) -> 141725.07 | AG81: =ROUND(SUMIF(AA24:AA79,"=39610380",T24:T79),2) -> 0 | AH81: =SUMIF(AA24:AA79,"=39610380",U24:U79) -> 2722.8475 | AI81: =SUMIF(AA24:AA79,"=39610380",V24:V79) -> 207.09349 | AJ81: =ROUND(SUMIF(AA24:AA79,"=39610380",W24:W79),2) -> 0 | AK81: =ROUND(SUMIF(AA24:AA79,"=39610380",X24:X79),2) -> 120495.06 | AL81: =ROUND(SUMIF(AA24:AA79,"=39610380",Y24:Y79),2) -> 72363.91 | AO81: =ROUND(BX81,2) -> 0 | AP81: =ROUND(BY81,2) -> 0 | AQ81: =ROUND(BZ81,2) -> 0 | AR81: =ROUND(CA81,2) -> 2479292.8 | AS81: =ROUND(CB81,2) -> 255578.61 | AT81: =ROUND(CC81,2) -> 2154392.3 | AU81: =ROUND(CD81,2) -> 69321.86 | AV81: =ROUND(CE81,2) -> 2042191.7 | ... BC81: =ROUND(CL81,2) -> 0 | BX81: =ROUND(SUMIF(AA24:AA79,"=39610380",FQ24:FQ79),2) -> 0 | BY81: =ROUND(SUMIF(AA24:AA79,"=39610380",FR24:FR79),2) -> 0 | BZ81: =ROUND(SUMIF(AA24:AA79,"=39610380",GL24:GL79),2) -> 0 | CA81: =ROUND(SUMIF(AA24:AA79,"=39610380",GM24:GM79),2) -> 2479292.8 | CB81: =ROUND(SUMIF(AA24:AA79,"=39610380",GN24:GN79),2) -> 255578.61 | CC81: =ROUND(SUMIF(AA24:AA79,"=39610380",GO24:GO79),2) -> 2154392.3 | CD81: =ROUND(SUMIF(AA24:AA79,"=39610380",GP24:GP79),2) -> 69321.86 | CE81: =AC81-BX81 -> 2042191.7 | CF81: =AC81-BY81 -> 2042191.7 | CG81: =BX81-BZ81 -> 0 | CH81: =AC81-BX81-BY81+BZ81 -> 2042191.7 | CI81: =BY81-BZ81 -> 0 | CJ81: =ROUND(SUMIF(AA24:AA79,"=39610380",GX24:GX79),2) -> 0 | CK81: =ROUND(SUMIF(AA24:AA79,"=39610380",GY24:GY79),2) -> 0 | CL81: =ROUND(SUMIF(AA24:AA79,"=39610380",GZ24:GZ79),2) -> 0 | GX81: 0
A83: 50 | B83: 0 | C83: 0 | D83: 1 | E83: 201 | F83: =ROUND(Source!O81,O83) -> 2286433.8 | G83: ПЗ | H83: Прямые затраты | K83: 201 | L83: 1 | M83: 3 | O83: 2
A84: 50 | B84: 0 | C84: 0 | D84: 1 | E84: 202 | F84: =ROUND(Source!P81,O84) -> 2042191.7 | G84: СтМатОб | H84: Стоимость материальных ресурсов (всего) | K84: 202 | L84: 2 | M84: 3 | O84: 2
A85: 50 | B85: 0 | C85: 0 | D85: 1 | E85: 222 | F85: =ROUND(Source!AO81,O85) -> 0 | G85: СтМатОбЗак | H85: Стоимость материалов и оборудования заказчика | K85: 222 | L85: 3 | M85: 3 | O85: 2
A86: 50 | B86: 0 | C86: 0 | D86: 1 | E86: 225 | F86: =ROUND(Source!AV81,O86) -> 2042191.7 | G86: СтМатОбПод | H86: Стоимость материалов и оборудования подрядчика | K86: 225 | L86: 4 | M86: 3 | O86: 2
A87: 50 | B87: 0 | C87: 0 | D87: 1 | E87: 226 | F87: =ROUND(Source!AW81,O87) -> 2042191.7 | G87: СтМат | H87: Стоимость материалов (всего) | K87: 226 | L87: 5 | M87: 3 | O87: 2
A88: 50 | B88: 0 | C88: 0 | D88: 1 | E88: 227 | F88: =ROUND(Source!AX81,O88) -> 0 | G88: СтМатЗак | H88: Стоимость материалов заказчика | K88: 227 | L88: 6 | M88: 3 | O88: 2
A89: 50 | B89: 0 | C89: 0 | D89: 1 | E89: 228 | F89: =ROUND(Source!AY81,O89) -> 2042191.7 | G89: СтМатПод | H89: Стоимость материалов подрядчика | K89: 228 | L89: 7 | M89: 3 | O89: 2
A90: 50 | B90: 0 | C90: 0 | D90: 1 | E90: 216 | F90: =ROUND(Source!AP81,O90) -> 0 | G90: Оборуд | H90: Стоимость оборудования (всего) | K90: 216 | L90: 8 | M90: 3 | O90: 2
A91: 50 | B91: 0 | C91: 0 | D91: 1 | E91: 223 | F91: =ROUND(Source!AQ81,O91) -> 0 | G91: ОборудЗак | H91: Стоимость оборудования заказчика | K91: 223 | L91: 9 | M91: 3 | O91: 2
A92: 50 | B92: 0 | C92: 0 | D92: 1 | E92: 229 | F92: =ROUND(Source!AZ81,O92) -> 0 | G92: ОборудПод | H92: Стоимость оборудования подрядчика | K92: 229 | L92: 10 | M92: 3 | O92: 2
A93: 50 | B93: 0 | C93: 0 | D93: 1 | E93: 203 | F93: =ROUND(Source!Q81,O93) -> 102517.07 | G93: ЭММ | H93: Эксплуатация машин | K93: 203 | L93: 11 | M93: 3 | O93: 2
A94: 50 | B94: 0 | C94: 0 | D94: 1 | E94: 231 | F94: =ROUND(Source!BB81,O94) -> 0 | G94: ЭММсНРиСП | H94: Эксплуатация машин по ТСН-2001.16 | K94: 231 | L94: 12 | M94: 3 | O94: 2
A95: 50 | B95: 0 | C95: 0 | D95: 1 | E95: 204 | F95: =ROUND(Source!R81,O95) -> 12789.79 | G95: ЗПМ | H95: ЗП машинистов | K95: 204 | L95: 13 | M95: 3 | O95: 2
A96: 50 | B96: 0 | C96: 0 | D96: 1 | E96: 205 | F96: =ROUND(Source!S81,O96) -> 141725.07 | G96: ОЗП | H96: Основная ЗП рабочих | K96: 205 | L96: 14 | M96: 3 | O96: 2
A97: 50 | B97: 0 | C97: 0 | D97: 1 | E97: 232 | F97: =ROUND(Source!BC81,O97) -> 0 | G97: ОЗПсНРиСП | H97: Основная ЗП рабочих по ТСН-2001.16 | K97: 232 | L97: 15 | M97: 3 | O97: 2
A98: 50 | B98: 0 | C98: 0 | D98: 1 | E98: 214 | F98: =ROUND(Source!AS81,O98) -> 255578.61 | G98: Строит | H98: Строительные работы с НР и СП | K98: 214 | L98: 16 | M98: 3 | O98: 2
A99: 50 | B99: 0 | C99: 0 | D99: 1 | E99: 215 | F99: =ROUND(Source!AT81,O99) -> 2154392.3 | G99: Монтаж | H99: Монтажные работы с НР и СП | K99: 215 | L99: 17 | M99: 3 | O99: 2
A100: 50 | B100: 0 | C100: 0 | D100: 1 | E100: 217 | F100: =ROUND(Source!AU81,O100) -> 69321.86 | G100: Прочие | H100: Прочие работы с НР и СП | K100: 217 | L100: 18 | M100: 3 | O100: 2
A101: 50 | B101: 0 | C101: 0 | D101: 1 | E101: 230 | F101: =ROUND(Source!BA81,O101) -> 0 | G101: ПрочиеЗатр | H101: Прочие затраты по ТСН-2001.16 | K101: 230 | L101: 19 | M101: 3 | O101: 2
A102: 50 | B102: 0 | C102: 0 | D102: 1 | E102: 206 | F102: =ROUND(Source!T81,O102) -> 0 | G102: ВозврМат | H102: Возврат материалов | K102: 206 | L102: 20 | M102: 3 | O102: 2
A103: 50 | B103: 0 | C103: 0 | D103: 1 | E103: 207 | F103: =Source!U81 -> 2722.8475 | G103: ТрудСтр | H103: Трудозатраты строителей | K103: 207 | L103: 21 | M103: 3 | O103: -1
A104: 50 | B104: 0 | C104: 0 | D104: 1 | E104: 208 | F104: =Source!V81 -> 207.09349 | G104: ТрудМаш | H104: Трудозатраты машинистов | K104: 208 | L104: 22 | M104: 3 | O104: -1
A105: 50 | B105: 0 | C105: 0 | D105: 1 | E105: 209 | F105: =ROUND(Source!W81,O105) -> 0 | G105: ТранспМат | H105: Транспорт материалов | K105: 209 | L105: 23 | M105: 3 | O105: 2
A106: 50 | B106: 0 | C106: 0 | D106: 1 | E106: 210 | F106: =ROUND(Source!X81,O106) -> 120495.06 | G106: НР | H106: Накладные расходы | K106: 210 | L106: 24 | M106: 3 | O106: 2
A107: 50 | B107: 0 | C107: 0 | D107: 1 | E107: 211 | F107: =ROUND(Source!Y81,O107) -> 72363.91 | G107: СмПриб | H107: Сметная прибыль | K107: 211 | L107: 25 | M107: 3 | O107: 2
A108: 50 | B108: 0 | C108: 0 | D108: 1 | E108: 224 | F108: =ROUND(Source!AR81,O108) -> 2479292.8 | G108: Всего | H108: Всего с НР и СП | K108: 224 | L108: 26 | M108: 3 | O108: 2
A109: 50 | B109: 1 | C109: 0 | D109: 2 | E109: 0 | F109: =ROUND(F108,O109) -> 2479292.8 | G109: и1 | H109: Итого | K109: 212 | L109: 27 | M109: 0 | O109: 2
A110: 50 | B110: 1 | C110: 0 | D110: 2 | E110: 0 | F110: =ROUND(F109*0.18,O110) -> 446272.7 | G110: и2 | H110: НДС 18% | K110: 212 | L110: 28 | M110: 0 | O110: 2
A111: 50 | B111: 1 | C111: 0 | D111: 2 | E111: 213 | F111: =ROUND(F109+F110,O111) -> 2925565.5 | G111: и3 | H111: Всего | K111: 212 | L111: 29 | M111: 0 | O111: 2
A113: 51 | B113: =B12 -> 171 | C113: =A12 -> 1 | D113: =ROW(A12) -> 12 | F113: =IF(F12<>"",F12,"") -> Новый объект | G113: =IF(G12<>"",G12,"") -> на капитальный ремонт кабельных трасс и щита распределительной подстанции ТП2 загородного учебно-спортивного комплекса "база отдыха Волга" НИЯУ МИФИ по адресу: Тверская область,Калининский район,п/о Лисицкий бор,деревня Видогощи | H113: 0 | O113: =ROUND(O81,2) -> 2286433.8 | P113: =ROUND(P81,2) -> 2042191.7 | Q113: =ROUND(Q81,2) -> 102517.07 | R113: =ROUND(R81,2) -> 12789.79 | S113: =ROUND(S81,2) -> 141725.07 | T113: =ROUND(T81,2) -> 0 | U113: =U81 -> 2722.8475 | V113: =V81 -> 207.09349 | W113: =ROUND(W81,2) -> 0 | X113: =ROUND(X81,2) -> 120495.06 | Y113: =ROUND(Y81,2) -> 72363.91 | AO113: =ROUND(AO81,2) -> 0 | AP113: =ROUND(AP81,2) -> 0 | AQ113: =ROUND(AQ81,2) -> 0 | AR113: =ROUND(AR81,2) -> 2479292.8 | AS113: =ROUND(AS81,2) -> 255578.61 | AT113: =ROUND(AT81,2) -> 2154392.3 | AU113: =ROUND(AU81,2) -> 69321.86 | AV113: =ROUND(AV81,2) -> 2042191.7 | ... BC113: =ROUND(BC81,2) -> 0 | GX113: 0
A115: 50 | B115: 0 | C115: 0 | D115: 1 | E115: 201 | F115: =ROUND(Source!O113,O115) -> 2286433.8 | G115: ПЗ | H115: Прямые затраты | K115: 201 | L115: 1 | M115: 3 | O115: 2
A116: 50 | B116: 0 | C116: 0 | D116: 1 | E116: 202 | F116: =ROUND(Source!P113,O116) -> 2042191.7 | G116: СтМатОб | H116: Стоимость материальных ресурсов (всего) | K116: 202 | L116: 2 | M116: 3 | O116: 2
A117: 50 | B117: 0 | C117: 0 | D117: 1 | E117: 222 | F117: =ROUND(Source!AO113,O117) -> 0 | G117: СтМатОбЗак | H117: Стоимость материалов и оборудования заказчика | K117: 222 | L117: 3 | M117: 3 | O117: 2
A118: 50 | B118: 0 | C118: 0 | D118: 1 | E118: 225 | F118: =ROUND(Source!AV113,O118) -> 2042191.7 | G118: СтМатОбПод | H118: Стоимость материалов и оборудования подрядчика | K118: 225 | L118: 4 | M118: 3 | O118: 2
A119: 50 | B119: 0 | C119: 0 | D119: 1 | E119: 226 | F119: =ROUND(Source!AW113,O119) -> 2042191.7 | G119: СтМат | H119: Стоимость материалов (всего) | K119: 226 | L119: 5 | M119: 3 | O119: 2
A120: 50 | B120: 0 | C120: 0 | D120: 1 | E120: 227 | F120: =ROUND(Source!AX113,O120) -> 0 | G120: СтМатЗак | H120: Стоимость материалов заказчика | K120: 227 | L120: 6 | M120: 3 | O120: 2
A121: 50 | B121: 0 | C121: 0 | D121: 1 | E121: 228 | F121: =ROUND(Source!AY113,O121) -> 2042191.7 | G121: СтМатПод | H121: Стоимость материалов подрядчика | K121: 228 | L121: 7 | M121: 3 | O121: 2
...

Sheet SourceObSm
A1: 0 | B1: Smeta.RU (495) 974-1589 | D1: _OBSM_ | F1: 0 | G1: 0 | H1: 0 | I1: Smeta.RU | K1: 0 | L1: 13277 | M1: 10
A12: 1 | B12: 50 | C12: 0 | E12: 0 | F12: Новый объект | G12: Волга ЭЛЕКТРИЧЕСТВО | I12: 0 | K12: 0 | O12: 0 | P12: 0 | Q12: 0 | R12: 0 | V12: 0 | BH12: Сметные нормы списания | BI12: Коды ценников | BJ12: 1 | BK12: 1 | BL12: 0 | BM12: 0 | BN12: 1 | BO12: 0 | BP12: 2 | BQ12: 2 | BR12: 1 | BS12: 1 | BT12: 0 | BU12: 0 | BV12: 0 | BW12: 0 | BX12: 0 | BY12: ФЕР-2017 | BZ12: ТР для Версии 10: Центральные регионы (с учетом п-ма 2536-ИП/12/ГС от 22.03.2017 г | CA12: ФЕР-2017 | CB12: ФЕР-2017 | CC12: ФЕР-2017 | CD12: ФЕР-2017 | CE12: Поправки для ГСН 2017 от 31.03.2017 г | CF12: 0 | CG12: 0 | CH12: 524296 | CK12: 4 | EC12: 0
A14: 22 | B14: 0 | C14: 0 | D14: 39610380 | E14: 0 | F14: 3
A16: 3 | B16: 1 | C16: Новая локальная смета | D16: Новая локальная смета | E16: =(Source!F98)/1000 -> 255.57861 | F16: =(Source!F99)/1000 -> 2154.3923 | G16: =(Source!F90)/1000 -> 0 | H16: =(Source!F100)/1000+(Source!F101)/1000 -> 69.32186 | I16: =E16+F16+G16+H16 -> 2479.2928 | J16: =(Source!F96)/1000 -> 141.72507 | AI16: 0 | AJ16: 0 | AN16: 0 | AT16: 2297286 | AU16: 2046555.4 | AV16: 0 | AW16: 0 | AX16: 0 | AY16: 108018.68 | AZ16: 13655.21 | BA16: 142711.9 | BB16: 255578.61 | BC16: 2168208.1 | BD16: 69321.86 | BE16: 0 | BF16: 2743.8675 | BG16: 221.81349 | BH16: 0 | BI16: 122254.69 | BJ16: 73567.87 | BK16: 2493108.6
A18: 51 | E18: =SUMIF(A16:A17,3,E16:E17) -> 255.57861 | F18: =SUMIF(A16:A17,3,F16:F17) -> 2154.3923 | G18: =SUMIF(A16:A17,3,G16:G17) -> 0 | H18: =SUMIF(A16:A17,3,H16:H17) -> 69.32186 | I18: =SUMIF(A16:A17,3,I16:I17) -> 2479.2928 | J18: =SUMIF(A16:A17,3,J16:J17) -> 141.72507
A20: 50 | B20: 0 | C20: 0 | D20: 1 | E20: 201 | F20: 2297286 | G20: ПЗ | H20: Прямые затраты | K20: 201 | L20: 1 | M20: 3 | O20: 2
A21: 50 | B21: 0 | C21: 0 | D21: 1 | E21: 202 | F21: 2046555.4 | G21: СтМатОб | H21: Стоимость материальных ресурсов (всего) | K21: 202 | L21: 2 | M21: 3 | O21: 2
A22: 50 | B22: 0 | C22: 0 | D22: 1 | E22: 222 | F22: 0 | G22: СтМатОбЗак | H22: Стоимость материалов и оборудования заказчика | K22: 222 | L22: 3 | M22: 3 | O22: 2
A23: 50 | B23: 0 | C23: 0 | D23: 1 | E23: 225 | F23: 2046555.4 | G23: СтМатОбПод | H23: Стоимость материалов и оборудования подрядчика | K23: 225 | L23: 4 | M23: 3 | O23: 2
A24: 50 | B24: 0 | C24: 0 | D24: 1 | E24: 226 | F24: 2046555.4 | G24: СтМат | H24: Стоимость материалов (всего) | K24: 226 | L24: 5 | M24: 3 | O24: 2
A25: 50 | B25: 0 | C25: 0 | D25: 1 | E25: 227 | F25: 0 | G25: СтМатЗак | H25: Стоимость материалов заказчика | K25: 227 | L25: 6 | M25: 3 | O25: 2
A26: 50 | B26: 0 | C26: 0 | D26: 1 | E26: 228 | F26: 2046555.4 | G26: СтМатПод | H26: Стоимость материалов подрядчика | K26: 228 | L26: 7 | M26: 3 | O26: 2
A27: 50 | B27: 0 | C27: 0 | D27: 1 | E27: 216 | F27: 0 | G27: Оборуд | H27: Стоимость оборудования (всего) | K27: 216 | L27: 8 | M27: 3 | O27: 2
A28: 50 | B28: 0 | C28: 0 | D28: 1 | E28: 223 | F28: 0 | G28: ОборудЗак | H28: Стоимость оборудования заказчика | K28: 223 | L28: 9 | M28: 3 | O28: 2
A29: 50 | B29: 0 | C29: 0 | D29: 1 | E29: 229 | F29: 0 | G29: ОборудПод | H29: Стоимость оборудования подрядчика | K29: 229 | L29: 10 | M29: 3 | O29: 2
A30: 50 | B30: 0 | C30: 0 | D30: 1 | E30: 203 | F30: 108018.68 | G30: ЭММ | H30: Эксплуатация машин | K30: 203 | L30: 11 | M30: 3 | O30: 2
A31: 50 | B31: 0 | C31: 0 | D31: 1 | E31: 231 | F31: 0 | G31: ЭММсНРиСП | H31: Эксплуатация машин по ТСН-2001.16 | K31: 231 | L31: 12 | M31: 3 | O31: 2
... A45: 50 | B45: 0 | C45: 0 | D45: 1 | E45: 224 | F45: 2493108.6 | G45: Всего | H45: Всего с НР и СП | K45: 224 | L45: 26 | M45: 3 | O45: 2
A47: -1
A50: 75 | B50: Уровень цен | C50: 2018 | D50: 3 | E50: 0 | F50: 0 | G50: 0 | H50: 1 | I50: 0 | J50: 1 | K50: 0 | L50: 0 | M50: 0 | N50: 39610380 | O50: 1
A51: 3 | B51: Индексы за итогом | C51: 4.88 | D51: 1 | E51: 1 | F51: 1 | G51: 1 | H51: 1 | I51: 1 | J51: 1 | K51: 14.21 | L51: 1 | M51: 4.88 | N51: 1 | O51: 1 | P51: 1 | Q51: 14.21 | R51: 1

Sheet SmtRes
A1: =ROW(Source!A24) -> 24 | B1: 39610380 | C1: 39610397 | D1: 37071037 | E1: 1 | F1: 1 | G1: 1 | H1: 1 | I1: 1-100-40 | K1: Рабочий среднего разряда 4 | L1: 1191 | N1: 1013 | O1: чел.-ч. | P1: чел.-ч. | Q1: 1 | W1: 0 | X1: 1069510174 | Y1: 9.42 | AA1: 0 | AB1: 0 | AC1: 0 | AD1: 46.95 | AE1: 0 | AF1: 0 | AG1: 0 | AH1: 9.62 | AI1: 1 | AJ1: 1 | AK1: 1 | AL1: 4.88 | AN1: 0 | AO1: 1 | AP1: 1 | AQ1: 0 | AR1: 0 | AT1: 31.4 | AU1: )*0,3 | AV1: 1 | AW1: 2 | AX1: 39610398 | AY1: 1 | AZ1: 0 | BA1: 1 | BB1: 0 | BC1: 0 | BD1: 0 | BE1: 0 | BF1: 0 | BG1: 0 | BH1: 0 | BI1: 0 | BJ1: 0 | BK1: 0 | BL1: 0 | BM1: 0 | BN1: 0 | BO1: 0 | BP1: 0 | BQ1: 0 | BR1: 0 | BS1: 0 | BT1: 0 | BU1: 0 | BV1: 0 | BW1: 0 | CX1: =Y1*Source!I24 -> 75.36 | CY1: =AD1 -> 46.95 | CZ1: =AH1 -> 9.62 | DA1: =AL1 -> 4.88 | DB1: 0
A2: =ROW(Source!A24) -> 24 | B2: 39610380 | C2: 39610397 | D2: 37064876 | E2: 1 | F2: 1 | G2: 1 | H2: 1 | I2: 4-100-00 | K2: Затраты труда машинистов | L2: 1191 | N2: 1013 | O2: чел.-ч. | P2: чел.-ч. | Q2: 1 | W2: 0 | X2: -1417349443 | Y2: 3.45 | AA2: 0 | AB2: 0 | AC2: 0 | AD2: 0 | AE2: 0 | AF2: 0 | AG2: 0 | AH2: 0 | AI2: 1 | AJ2: 1 | AK2: 4.88 | AL2: 1 | AN2: 0 | AO2: 1 | AP2: 0 | AQ2: 0 | AR2: 0 | AT2: 3.45 | AV2: 2 | AW2: 2 | AX2: 39610399 | AY2: 1 | AZ2: 2048 | BA2: 2 | BB2: 0 | BC2: 0 | BD2: 0 | BE2: 0 | BF2: 0 | BG2: 0 | BH2: 0 | BI2: 0 | BJ2: 0 | BK2: 0 | BL2: 0 | BM2: 0 | BN2: 0 | BO2: 0 | BP2: 0 | BQ2: 0 | BR2: 0 | BS2: 0 | BT2: 0 | BU2: 0 | BV2: 0 | BW2: 0 | CX2: =Y2*Source!I24 -> 27.6 | CY2: =AD2 -> 0 | CZ2: =AH2 -> 0 | DA2: =AL2 -> 1 | DB2: 0
